Workbook
Name APP: 人物卡!$AA$5
Name CON: 人物卡!$U$5
Name DEX: 人物卡!$AA$3
Name EDU: 人物卡!$AG$5
Name INT: 人物卡!$AA$7
Name Luck: 人物卡!$AG$7
Name MP: 人物卡!$W$10
Name POW: 人物卡!$AG$3
Name SIZ: 人物卡!$U$7
Name STR: 人物卡!$U$3

Sheet 人物卡
B1: 电脑推荐使用excel2010及以后版本或WPS打开本卡，使用横轴滚动条可以看见更多东西
B2: 调查员信息 | S2: 年龄补正： | V2: =附表!D37 -> 请和kp商议 | AA2: 属性 | AC2: 已用点数: | AG2: =U3+U5+U7+AA3+AA5+AA7+AG3+AG5+AG7 -> 0 | AL2: 调查员肖像 | AU2: 您的角色可能（只是可能！）
B3: 姓名 | S3: 力量 STR | U3: 0 | W3: =INT(U3/2) -> 0 | Y3: 敏捷 DEX | AA3: 0 | AC3: =INT(AA3/2) -> 0 | AE3: 意志 POW | AG3: 0 | AI3: =INT(AG3/2) -> 0 | AU3: =IF(U3=0,"",IF(U3<=15,"虚弱，孱弱",IF(U3<=40,"力量弱小",IF(U3<=60,"有正常人的力量",IF(U3<=80,"超乎常人的力量",IF(U3<100,"超乎超乎常人的力量")))))) | BC3: =IF(AA3=0,"",IF(AA3<=20,"很不灵活",IF(AA3<=40,"不是很灵活",IF(AA3<=60,"普通人水平",IF(AA3<=80,"是一位运动健将",IF(AA3<100,"高速而灵活,可以达成超凡的技艺")))))) | BK3: =IF(AG3=0,"",IF(AG3<=20,"尔不过玩物",IF(AG3<=40,"痴愚盲目",IF(AG3<=60,"如常人一般会有一定自制力",IF(AG3<=80,"我心如铁，心坚石穿",IF(AG3<100,"泰山崩于面而色不变",IF(AG3<140,"钢铁之心，还能看见鬼","你怕是个假人吧")))))))
B4: 玩家 | J4: 时代 | M4: 1920s | W4: =INT(U3/5) -> 0 | AC4: =INT(AA3/5) -> 0 | AI4: =INT(AG3/5) -> 0
B5: 职业 | J5: 职业序号 | M5: 0 | S5: 体质 CON | U5: 0 | W5: =INT(U5/2) -> 0 | Y5: 外貌 APP | AA5: 0 | AC5: =INT(AA5/2) -> 0 | AE5: 教育 知识 | AG5: 0 | AI5: =INT(AG5/2) -> 0 | AU5: =IF(U5=0,"",IF(U5<=20,"常年患病在身",IF(U5<=40,"体弱多病",IF(U5<=60,"不会生什么大毛病",IF(U5<=80,"健硕，浑身湿透也不会感冒",IF(U5<100,"身体素质极好，精神抖擞")))))) | BC5: =IF(AA5=0,"",IF(AA5<=20,"用脸就能恐惧敌人。。或队友",IF(AA5<=40,"有些难看",IF(AA5<=60,"人群之中谁也不会看你一眼之后就忘不掉你容颜",IF(AA5<=80,"五官端正，仪表堂堂",IF(AA5<100,"沉鱼落雁，闭月羞花")))))) | BK5: =IF(AG5=0,"",IF(AG5<=20,"目不识丁",IF(AG5<=40,"小学毕业",IF(AG5<=60,"高中毕业",IF(AG5<=80,"是重点大学的学生，或是普通大学的研究生",IF(AG5<100,"饱读诗书，满腹经纶"))))))
B6: 年龄 | J6: 性别 | W6: =INT(U5/5) -> 0 | AC6: =INT(AA5/5) -> 0 | AI6: =INT(AG5/5) -> 0
B7: 住地 | J7: 故乡 | M7: （应包含国籍） | S7: 体型 SIZ | U7: 0 | W7: =INT(U7/2) -> 0 | Y7: 智力 灵感 | AA7: 0 | AC7: =INT(AA7/2) -> 0 | AE7: 幸运 Luck | AG7: 0 | AI7: =INT(AG7/2) -> 0 | AU7: =IF(U7=0,"",IF(U7<=20,"孩童，身短体瘦",IF(U7<=40,"乙女身材",IF(U7<=60,"普遍身高155-175",IF(U7<=80,"不是高就是胖",IF(U7<=100,"大号的人",IF(U7<150,"听说你正在申请身高世界记录？",IF(U7<180,"你可能是一头牛",IF(U7<200,"你已经是历史上最重的人类了","过分了喂！"))))))))) | BC7: =IF(INT=0,"",IF(INT<=20,"脑子是个好东西，可惜。。。",IF(INT<=40,"理解知识要耗费比普通人更多的时间",IF(INT<=60,"有着普通人的灵光一现",IF(INT<=80,"可以自主进行发明创造",IF(INT<100,"天才级水准")))))) | BK7: =IF(Luck=0,"",IF(Luck<=20,"克夫克妻",IF(Luck<=40,"霉运连连",IF(Luck<=60,"命格平庸",IF(Luck<=80,"在马路边捡到100块",IF(Luck<100,"被幸运女神所眷顾"))))))
B8: 现时间 | E8: 公元 | J8: 月 | L8: 日 | N8: 0：00 | W8: =INT(U7/5) -> 0 | AC8: =INT(AA7/5) -> 0 | AI8: =INT(AG7/5) -> 0
B9: =IF(F9=0,"","任意特长数：") | F9: =INDEX(本职技能!$A$2:$HX$69,MATCH("任意特长",本职技能!$A$2:$A$75,0),MATCH($M$5,本职技能!$A$1:$HX$1,0)) -> 0 | K9: =INDEX(本职技能!$A$2:$HX$69,MATCH("☆",本职技能!$A$2:$A$75,0),MATCH($M$5,本职技能!$A$1:$HX$1,0)) -> 0 | T9: =INDEX(本职技能!$A$2:$HX$69,MATCH("⊙",本职技能!$A$2:$A$75,0),MATCH($M$5,本职技能!$A$1:$HX$1,0)) -> 0 | AC9: =INDEX(本职技能!$A$2:$HX$69,MATCH("☯",本职技能!$A$2:$A$75,0),MATCH($M$5,本职技能!$A$1:$HX$1,0)) -> 0 | AL9: =INDEX(本职技能!$A$2:$HX$69,MATCH("※",本职技能!$A$2:$A$75,0),MATCH($M$5,本职技能!$A$1:$HX$1,0)) -> 0
B10: 生命值 Hit Points | E10: =G10 -> 0 | G10: =INT((U5+U7)/10) -> 0 | I10: 状态: | K10: 理智 Sanity | N10: =IF(AG3>P10,P10,AG3) -> 0 | P10: =99-R27 -> 99 | R10: 状态: | T10: 魔法 Magic Points | W10: =Y10 -> 0 | Y10: =INT(AG3/5) -> 0 | AA10: 每h恢复 | AC10: 移动力 MOV | AF10: =AI11+8 -> 8 | AI10: 调整值 | AK10: 护甲 Armor | AN10: =IF($AN12=0,"0",VLOOKUP($AN12,'防具表 载具表'!B2:J82,2,FALSE)) -> 无 | AP10: 覆盖部位
I11: 健康 | R11: 清醒 | AA11: =IF(AG3="","",INT(AG3/100+1)) -> 1 | AI11: =附表!C9 -> 0 | AP11: =IF($AN12=0,"",VLOOKUP($AN12,'防具表 载具表'!B2:I101,4,FALSE)) -> ——
B12: 重伤值: | D12: =CEILING(G10/2,1) -> 0 | F12: 临时生命值： | I12: 0 | K12: 今日损失 : | N12: 0 | P12: 剩余： | R12: =N10-N12 -> 0 | T12: 用过的魔法： | AC12: 移动方式 | AE12: 步式 | AG12: 护甲减值 | AI12: 关 | AK12: 护甲类型 : | AN12: 请看【防具表】
B13: =IF(M5=0," ","["&LOOKUP(M5,职业列表!A2:A232,职业列表!B2:B232)&"]的本职技能："&LOOKUP(M5,职业列表!A2:A232,职业列表!G2:G232))
B14: 技能表
B15: 成功标 | D15: 本职 | F15: 技能名称 | J15: 初始 | L15: 成长 | N15: 职业 | P15: 兴趣 | R15: 成功率 普通/困难/极难 | X15: 成功标 | Z15: 本职 | AB15: 技能名称 | AF15: 初始 | AH15: 成长 | AJ15: 职业 | AL15: 兴趣 | AN15: 成功率 普通/困难/极难
A16: 📒 | B16: ☐ | D16: =IF(ISTEXT(_xlfn.IFERROR(VLOOKUP(人物卡!F16,人物卡!BJ18:BR22,1,FALSE),_xlfn.IFERROR(VLOOKUP(人物卡!F16,人物卡!BA18:BC22,1,FALSE),0))),"★",INDEX(本职技能!$A$2:$HX$76,MATCH(人物卡!F16,本职技能!$A$2:$A$75,0),MATCH(人物卡!$M$5,本职技能!$A$1:$HX$1,0))) -> 0 | F16: 会计 | J16: 5 | R16: =SUM(J16:P16) -> 5 | T16: =INT(R16/2) -> 2 | V16: =INT(R16/5) -> 1 | X16: ☐ | Z16: =IF(ISTEXT(_xlfn.IFERROR(VLOOKUP(人物卡!AB16,人物卡!BJ18:BR22,1,FALSE),_xlfn.IFERROR(VLOOKUP(人物卡!AB16,人物卡!BA18:BC22,1,FALSE),0))),"★",INDEX(本职技能!$A$2:$HX$76,MATCH(人物卡!AB16,本职技能!$A$2:$A$75,0),MATCH(人物卡!$M$5,本职技能!$A$1:$HX$1,0))) -> 0 | AB16: 法律 | AF16: 5 | AN16: =SUM(AF16:AL16) -> 5 | AP16: =INT(AN16/2) -> 2 | AR16: =INT(AN16/5) -> 1 | AT16: ⚖️
A17: 👨🏿‍🦲 | B17: ☐ | D17: =IF(ISTEXT(_xlfn.IFERROR(VLOOKUP(人物卡!F17,人物卡!BJ18:BR22,1,FALSE),_xlfn.IFERROR(VLOOKUP(人物卡!F17,人物卡!BA18:BC22,1,FALSE),0))),"★",INDEX(本职技能!$A$2:$HX$76,MATCH(人物卡!F17,本职技能!$A$2:$A$75,0),MATCH(人物卡!$M$5,本职技能!$A$1:$HX$1,0))) -> 0 | F17: 人类学 | J17: 1 | R17: =SUM(J17:P17) -> 1 | T17: =INT(R17/2) -> 0 | V17: =INT(R17/5) -> 0 | X17: ☐ | Z17: =IF(ISTEXT(_xlfn.IFERROR(VLOOKUP(人物卡!AB17,人物卡!BJ18:BR22,1,FALSE),_xlfn.IFERROR(VLOOKUP(人物卡!AB17,人物卡!BA18:BC22,1,FALSE),0))),"★",INDEX(本职技能!$A$2:$HX$76,MATCH(人物卡!AB17,本职技能!$A$2:$A$75,0),MATCH(人物卡!$M$5,本职技能!$A$1:$HX$1,0))) -> 0 | AB17: 图书馆使用 | AF17: 20 | AN17: =SUM(AF17:AL17) -> 20 | AP17: =INT(AN17/2) -> 10 | AR17: =INT(AN17/5) -> 4 | AT17: 📚 | AU17: 你现在有这么多 | BA17: 那么你分配到了哪里?
A18: 💵 | B18: ☐ | D18: =IF(ISTEXT(_xlfn.IFERROR(VLOOKUP(人物卡!F18,人物卡!BJ18:BR22,1,FALSE),_xlfn.IFERROR(VLOOKUP(人物卡!F18,人物卡!BA18:BC22,1,FALSE),0))),"★",INDEX(本职技能!$A$2:$HX$76,MATCH(人物卡!F18,本职技能!$A$2:$A$75,0),MATCH(人物卡!$M$5,本职技能!$A$1:$HX$1,0))) -> 0 | F18: 估价 | J18: 5 | R18: =SUM(J18:P18) -> 5 | T18: =INT(R18/2) -> 2 | V18: =INT(R18/5) -> 1 | X18: ☐ | Z18: =IF(ISTEXT(_xlfn.IFERROR(VLOOKUP(人物卡!AB18,人物卡!BJ18:BR22,1,FALSE),_xlfn.IFERROR(VLOOKUP(人物卡!AB18,人物卡!BA18:BC22,1,FALSE),0))),"★",INDEX(本职技能!$A$2:$HX$76,MATCH(人物卡!AB18,本职技能!$A$2:$A$75,0),MATCH(人物卡!$M$5,本职技能!$A$1:$HX$1,0))) -> 0 | AB18: 聆听 | AF18: 20 | AN18: =SUM(AF18:AL18) -> 20 | AP18: =INT(AN18/2) -> 10 | AR18: =INT(AN18/5) -> 4 | AT18: 👂 | AU18: 任意特长
A19: 🗿 | B19: ☐ | D19: =IF(ISTEXT(_xlfn.IFERROR(VLOOKUP(人物卡!F19,人物卡!BJ18:BR22,1,FALSE),_xlfn.IFERROR(VLOOKUP(人物卡!F19,人物卡!BA18:BC22,1,FALSE),0))),"★",INDEX(本职技能!$A$2:$HX$76,MATCH(人物卡!F19,本职技能!$A$2:$A$75,0),MATCH(人物卡!$M$5,本职技能!$A$1:$HX$1,0))) -> 0 | F19: 考古学 | J19: 1 | R19: =SUM(J19:P19) -> 1 | T19: =INT(R19/2) -> 0 | V19: =INT(R19/5) -> 0 | X19: ☐ | Z19: =IF(ISTEXT(_xlfn.IFERROR(VLOOKUP(人物卡!AB19,人物卡!BJ18:BR22,1,FALSE),_xlfn.IFERROR(VLOOKUP(人物卡!AB19,人物卡!BA18:BC22,1,FALSE),0))),"★",INDEX(本职技能!$A$2:$HX$76,MATCH(人物卡!AB19,本职技能!$A$2:$A$75,0),MATCH(人物卡!$M$5,本职技能!$A$1:$HX$1,0))) -> 0 | AB19: 锁匠 | AF19: 1 | AN19: =SUM(AF19:AL19) -> 1 | AP19: =INT(AN19/2) -> 0 | AR19: =INT(AN19/5) -> 0 | AT19: 🔒 | AU19: =附表!AD25 -> 无
A20: =_xlfn.IFS(H20="表演","🎭",H20="美术","🎨",H20="摄影","📷",H20="伪造","🃏",H20="写作","🖋️",H20="书法","🖌️",H20="乐理","🎼",H20="厨艺","🍱",H20="裁缝","👕",H20="理发","✂️",H20="建筑","🏠",H20="舞蹈","💃",H20="酿酒","🍷",H20="捕鱼","🎣",H20="歌唱","🎤",H20="制陶","🏺",H20="雕塑","🗽",H20="杂技","🤸‍♂️",H20="风水","☯️",H20="技术制图","🗺️",H20="耕作","🌾",H20="打字","📠",H20="速记","📝",H20="木匠","🪵",H20="莫里斯舞蹈","👯‍♂️",H20="歌剧歌唱","🎶",H20="粉刷匠与油漆工","🧩",H20="吹真空管","🎺",H20="","🔅",TRUE,"🎭") -> 🔅 | B20: ☐ | D20: =IF(ISTEXT(_xlfn.IFERROR(VLOOKUP(人物卡!F20,人物卡!BJ18:BR22,1,FALSE),_xlfn.IFERROR(VLOOKUP(人物卡!F20,人物卡!BA18:BC22,1,FALSE),0))),"★",INDEX(本职技能!$A$2:$HX$76,MATCH(人物卡!F20,本职技能!$A$2:$A$75,0),MATCH(人物卡!$M$5,本职技能!$A$1:$HX$1,0))) -> 0 | F20: 技艺① | J20: =IF(ISBLANK(AU26),5,IF(H20=AU26,BA26,5)) -> 5 | R20: =J20+L20+N20+P20 -> 5 | T20: =INT(R20/2) -> 2 | V20: =INT(R20/5) -> 1 | X20: ☐ | Z20: =IF(ISTEXT(_xlfn.IFERROR(VLOOKUP(人物卡!AB20,人物卡!BJ18:BR22,1,FALSE),_xlfn.IFERROR(VLOOKUP(人物卡!AB20,人物卡!BA18:BC22,1,FALSE),0))),"★",INDEX(本职技能!$A$2:$HX$76,MATCH(人物卡!AB20,本职技能!$A$2:$A$75,0),MATCH(人物卡!$M$5,本职技能!$A$1:$HX$1,0))) -> 0 | AB20: 机械维修 | AF20: 10 | AN20: =SUM(AF20:AL20) -> 10 | AP20: =INT(AN20/2) -> 5 | AR20: =INT(AN20/5) -> 2 | AT20: 🛠️
A21: =_xlfn.IFS(H21="表演","🎭",H21="美术","🎨",H21="摄影","📷",H21="伪造","🃏",H21="写作","🖋️",H21="书法","🖌️",H21="乐理","🎼",H21="厨艺","🍱",H21="裁缝","👕",H21="理发","✂️",H21="建筑","🏠",H21="舞蹈","💃",H21="酿酒","🍷",H21="捕鱼","🎣",H21="歌唱","🎤",H21="制陶","🏺",H21="雕塑","🗽",H21="杂技","🤸‍♂️",H21="风水","☯️",H21="技术制图","🗺️",H21="耕作","🌾",H21="打字","📠",H21="速记","📝",H21="木匠","🪵",H21="莫里斯舞蹈","👯‍♂️",H21="歌剧歌唱","🎶",H21="粉刷匠与油漆工","🧩",H21="吹真空管","🎺",H21="","🔅",TRUE,"🎭") -> 🔅 | B21: ☐ | D21: =IF(ISTEXT(_xlfn.IFERROR(VLOOKUP(人物卡!F21,人物卡!BJ18:BR22,1,FALSE),_xlfn.IFERROR(VLOOKUP(人物卡!F21,人物卡!BA18:BC22,1,FALSE),0))),"★",INDEX(本职技能!$A$2:$HX$76,MATCH(人物卡!F21,本职技能!$A$2:$A$75,0),MATCH(人物卡!$M$5,本职技能!$A$1:$HX$1,0))) -> 0 | F21: 技艺② | J21: =IF(ISBLANK(AU26),5,IF(H21=AU26,BA26,5)) -> 5 | R21: =P21+N21+L21+J21 -> 5 | T21: =INT(R21/2) -> 2 | V21: =INT(R21/5) -> 1 | X21: ☐ | Z21: =IF(ISTEXT(_xlfn.IFERROR(VLOOKUP(人物卡!AB21,人物卡!BJ18:BR22,1,FALSE),_xlfn.IFERROR(VLOOKUP(人物卡!AB21,人物卡!BA18:BC22,1,FALSE),0))),"★",INDEX(本职技能!$A$2:$HX$76,MATCH(人物卡!AB21,本职技能!$A$2:$A$75,0),MATCH(人物卡!$M$5,本职技能!$A$1:$HX$1,0))) -> 0 | AB21: 医学 | AF21: 1 | AN21: =SUM(AF21:AL21) -> 1 | AP21: =INT(AN21/2) -> 0 | AR21: =INT(AN21/5) -> 0 | AT21: 💊
A22: =_xlfn.IFS(H22="表演","🎭",H22="美术","🎨",H22="摄影","📷",H22="伪造","🃏",H22="写作","🖋️",H22="书法","🖌️",H22="乐理","🎼",H22="厨艺","🍱",H22="裁缝","👕",H22="理发","✂️",H22="建筑","🏠",H22="舞蹈","💃",H22="酿酒","🍷",H22="捕鱼","🎣",H22="歌唱","🎤",H22="制陶","🏺",H22="雕塑","🗽",H22="杂技","🤸‍♂️",H22="风水","☯️",H22="技术制图","🗺️",H22="耕作","🌾",H22="打字","📠",H22="速记","📝",H22="木匠","🪵",H22="莫里斯舞蹈","👯‍♂️",H22="歌剧歌唱","🎶",H22="粉刷匠与油漆工","🧩",H22="吹真空管","🎺",H22="","🔅",TRUE,"🎭") -> 🔅 | B22: ☐ | D22: =IF(ISTEXT(_xlfn.IFERROR(VLOOKUP(人物卡!F22,人物卡!BJ18:BR22,1,FALSE),_xlfn.IFERROR(VLOOKUP(人物卡!F22,人物卡!BA18:BC22,1,FALSE),0))),"★",INDEX(本职技能!$A$2:$HX$76,MATCH(人物卡!F22,本职技能!$A$2:$A$75,0),MATCH(人物卡!$M$5,本职技能!$A$1:$HX$1,0))) -> 0 | F22: 技艺③ | J22: =IF(ISBLANK(AU26),5,IF(H22=AU26,BA26,5)) -> 5 | R22: =P22+N22+L22+J22 -> 5 | T22: =INT(R22/2) -> 2 | V22: =INT(R22/5) -> 1 | X22: ☐ | Z22: =IF(ISTEXT(_xlfn.IFERROR(VLOOKUP(人物卡!AB22,人物卡!BJ18:BR22,1,FALSE),_xlfn.IFERROR(VLOOKUP(人物卡!AB22,人物卡!BA18:BC22,1,FALSE),0))),"★",INDEX(本职技能!$A$2:$HX$76,MATCH(人物卡!AB22,本职技能!$A$2:$A$75,0),MATCH(人物卡!$M$5,本职技能!$A$1:$HX$1,0))) -> 0 | AB22: 博物学 | AF22: 10 | AN22: =SUM(AF22:AL22) -> 10 | AP22: =INT(AN22/2) -> 5 | AR22: =INT(AN22/5) -> 2 | AT22: 🔬 | AU22: 提示当前职业
A23: 😍 | B23: ☐ | D23: =IF(ISTEXT(_xlfn.IFERROR(VLOOKUP(人物卡!F23,人物卡!BJ18:BR22,1,FALSE),_xlfn.IFERROR(VLOOKUP(人物卡!F23,人物卡!BA18:BC22,1,FALSE),0))),"★",INDEX(本职技能!$A$2:$HX$76,MATCH(人物卡!F23,本职技能!$A$2:$A$75,0),MATCH(人物卡!$M$5,本职技能!$A$1:$HX$1,0))) -> 0 | F23: 取悦 | J23: 15 | R23: =SUM(J23:P23) -> 15 | T23: =INT(R23/2) -> 7 | V23: =INT(R23/5) -> 3 | X23: ☐ | Z23: =IF(ISTEXT(_xlfn.IFERROR(VLOOKUP(人物卡!AB23,人物卡!BJ18:BR22,1,FALSE),_xlfn.IFERROR(VLOOKUP(人物卡!AB23,人物卡!BA18:BC22,1,FALSE),0))),"★",INDEX(本职技能!$A$2:$HX$76,MATCH(人物卡!AB23,本职技能!$A$2:$A$75,0),MATCH(人物卡!$M$5,本职技能!$A$1:$HX$1,0))) -> 0 | AB23: 导航 | AF23: 10 | AN23: =SUM(AF23:AL23) -> 10 | AP23: =INT(AN23/2) -> 5 | AR23: =INT(AN23/5) -> 2 | AT23: 🧭 | AU23: 请将你选择的任意特长写在上方栏内，这样既方便你写卡又方便KP审卡
A24: 🧗‍♂️ | B24: ☐ | D24: =IF(ISTEXT(_xlfn.IFERROR(VLOOKUP(人物卡!F24,人物卡!BJ18:BR22,1,FALSE),_xlfn.IFERROR(VLOOKUP(人物卡!F24,人物卡!BA18:BC22,1,FALSE),0))),"★",INDEX(本职技能!$A$2:$HX$76,MATCH(人物卡!F24,本职技能!$A$2:$A$75,0),MATCH(人物卡!$M$5,本职技能!$A$1:$HX$1,0))) -> 0 | F24: 攀爬 | J24: 20 | R24: =SUM(J24:P24) -> 20 | T24: =INT(R24/2) -> 10 | V24: =INT(R24/5) -> 4 | X24: ☐ | Z24: =IF(ISTEXT(_xlfn.IFERROR(VLOOKUP(人物卡!AB24,人物卡!BJ18:BR22,1,FALSE),_xlfn.IFERROR(VLOOKUP(人物卡!AB24,人物卡!BA18:BC22,1,FALSE),0))),"★",INDEX(本职技能!$A$2:$HX$76,MATCH(人物卡!AB24,本职技能!$A$2:$A$75,0),MATCH(人物卡!$M$5,本职技能!$A$1:$HX$1,0))) -> 0 | AB24: 神秘学 | AF24: 5 | AN24: =SUM(AF24:AL24) -> 5 | AP24: =INT(AN24/2) -> 2 | AR24: =INT(AN24/5) -> 1 | AT24: 🔮 | AU24: 自定义子技能 | BC24: 自定义经历包 | BK24: 自定义状态
A25: 💻 | B25: ☐ | D25: =IF(ISTEXT(_xlfn.IFERROR(VLOOKUP(人物卡!F25,人物卡!BJ18:BR22,1,FALSE),_xlfn.IFERROR(VLOOKUP(人物卡!F25,人物卡!BA18:BC22,1,FALSE),0))),"★",INDEX(本职技能!$A$2:$HX$76,MATCH(人物卡!F25,本职技能!$A$2:$A$75,0),MATCH(人物卡!$M$5,本职技能!$A$1:$HX$1,0))) -> 0 | F25: 计算机使用 Ω | J25: 5 | R25: =SUM(J25:P25) -> 5 | T25: =INT(R25/2) -> 2 | V25: =INT(R25/5) -> 1 | X25: ☐ | Z25: =IF(ISTEXT(_xlfn.IFERROR(VLOOKUP(人物卡!AB25,人物卡!BJ18:BR22,1,FALSE),_xlfn.IFERROR(VLOOKUP(人物卡!AB25,人物卡!BA18:BC22,1,FALSE),0))),"★",INDEX(本职技能!$A$2:$HX$76,MATCH(人物卡!AB25,本职技能!$A$2:$A$75,0),MATCH(人物卡!$M$5,本职技能!$A$1:$HX$1,0))) -> 0 | AB25: 操作重型机械 | AF25: 1 | AN25: =SUM(AF25:AL25) -> 1 | AP25: =INT(AN25/2) -> 0 | AR25: =INT(AN25/5) -> 0 | AT25: 🚜 | AU25: 技艺技能名称 | BA25: 基础值 | BC25: 经历包名称 | BK25: 状态名称(例:生病、精神分裂)
A26: 💳 | B26: —— | D26: ★ | F26: 信用评级 | J26: 0 | R26: =SUM(J26:P26) -> 0 | T26: =INT(R26/2) -> 0 | V26: =INT(R26/5) -> 0 | X26: ☐ | Z26: =IF(ISTEXT(_xlfn.IFERROR(VLOOKUP(人物卡!AB26,人物卡!BJ18:BR22,1,FALSE),_xlfn.IFERROR(VLOOKUP(人物卡!AB26,人物卡!BA18:BC22,1,FALSE),0))),"★",INDEX(本职技能!$A$2:$HX$76,MATCH(人物卡!AB26,本职技能!$A$2:$A$75,0),MATCH(人物卡!$M$5,本职技能!$A$1:$HX$1,0))) -> 0 | AB26: 说服 | AF26: 10 | AN26: =SUM(AF26:AL26) -> 10 | AP26: =INT(AN26/2) -> 5 | AR26: =INT(AN26/5) -> 2 | AT26: 🤓
A27: 🐙 | B27: —— | D27: =IF(ISTEXT(_xlfn.IFERROR(VLOOKUP(F27,人物卡!BJ18:BR22,1,FALSE),_xlfn.IFERROR(VLOOKUP(F27,人物卡!BA18:BC22,1,FALSE),0))),"★",INDEX(本职技能!$A$2:$HX$76,MATCH(F27,本职技能!$A$2:$A$75,0),MATCH(人物卡!$M$5,本职技能!$A$1:$HX$1,0))) -> 0 | F27: 克苏鲁神话 | J27: 0 | N27: —— | P27: —— | R27: =SUM(J27:P27) -> 0 | T27: =INT(R27/2) -> 0 | V27: =INT(R27/5) -> 0 | X27: ☐ | Z27: =IF(ISTEXT(_xlfn.IFERROR(VLOOKUP(人物卡!AB27,人物卡!BJ18:BR22,1,FALSE),_xlfn.IFERROR(VLOOKUP(人物卡!AB27,人物卡!BA18:BC22,1,FALSE),0))),"★",INDEX(本职技能!$A$2:$HX$76,MATCH(人物卡!AB27,本职技能!$A$2:$A$75,0),MATCH(人物卡!$M$5,本职技能!$A$1:$HX$1,0))) -> 0 | AB27: 驾驶： | AF27: =IF(ISBLANK(AU32),1,IF(AD27=AU32,BA32,1)) -> 1 | AN27: =SUM(AF27:AL27) -> 1 | AP27: =INT(AN27/2) -> 0 | AR27: =INT(AN27/5) -> 0 | AT27: =IF(AD27="飞行器","✈️","⛴️") -> ⛴️ | AU27: 格斗技能名称 | BA27: 基础值 | BC27: san值减少 | BG27: 技能增长 | BK27: 身体状态 | BO27: 精神状态
A28: 👩‍🎤 | B28: ☐ | D28: =IF(ISTEXT(_xlfn.IFERROR(VLOOKUP(人物卡!F28,人物卡!BJ18:BR22,1,FALSE),_xlfn.IFERROR(VLOOKUP(人物卡!F28,人物卡!BA18:BC22,1,FALSE),0))),"★",INDEX(本职技能!$A$2:$HX$76,MATCH(人物卡!F28,本职技能!$A$2:$A$75,0),MATCH(人物卡!$M$5,本职技能!$A$1:$HX$1,0))) -> 0 | F28: 乔装 | J28: 5 | R28: =SUM(J28:P28) -> 5 | T28: =INT(R28/2) -> 2 | V28: =INT(R28/5) -> 1 | X28: ☐ | Z28: =IF(ISTEXT(_xlfn.IFERROR(VLOOKUP(人物卡!AB28,人物卡!BJ18:BR22,1,FALSE),_xlfn.IFERROR(VLOOKUP(人物卡!AB28,人物卡!BA18:BC22,1,FALSE),0))),"★",INDEX(本职技能!$A$2:$HX$76,MATCH(人物卡!AB28,本职技能!$A$2:$A$75,0),MATCH(人物卡!$M$5,本职技能!$A$1:$HX$1,0))) -> 0 | AB28: 精神分析 | AF28: 1 | AN28: =SUM(AF28:AL28) -> 1 | AP28: =INT(AN28/2) -> 0 | AR28: =INT(AN28/5) -> 0 | AT28: 💡
A29: 💨 | B29: ☐ | D29: =IF(ISTEXT(_xlfn.IFERROR(VLOOKUP(人物卡!F29,人物卡!BJ18:BR22,1,FALSE),_xlfn.IFERROR(VLOOKUP(人物卡!F29,人物卡!BA18:BC22,1,FALSE),0))),"★",INDEX(本职技能!$A$2:$HX$76,MATCH(人物卡!F29,本职技能!$A$2:$A$75,0),MATCH(人物卡!$M$5,本职技能!$A$1:$HX$1,0))) -> 0 | F29: 闪避 | J29: =INT(DEX/2) -> 0 | R29: =SUM(J29:P29) -> 0 | T29: =INT(R29/2) -> 0 | V29: =INT(R29/5) -> 0 | X29: ☐ | Z29: =IF(ISTEXT(_xlfn.IFERROR(VLOOKUP(人物卡!AB29,人物卡!BJ18:BR22,1,FALSE),_xlfn.IFERROR(VLOOKUP(人物卡!AB29,人物卡!BA18:BC22,1,FALSE),0))),"★",INDEX(本职技能!$A$2:$HX$76,MATCH(人物卡!AB29,本职技能!$A$2:$A$75,0),MATCH(人物卡!$M$5,本职技能!$A$1:$HX$1,0))) -> 0 | AB29: 心理学 | AF29: 10 | AN29: =SUM(AF29:AL29) -> 10 | AP29: =INT(AN29/2) -> 5 | AR29: =INT(AN29/5) -> 2 | AT29: 💓 | AU29: 射击技能名称 | BA29: 基础值 | BC29: 备注
A30: 🚙 | B30: ☐ | D30: =IF(ISTEXT(_xlfn.IFERROR(VLOOKUP(人物卡!F30,人物卡!BJ18:BR22,1,FALSE),_xlfn.IFERROR(VLOOKUP(人物卡!F30,人物卡!BA18:BC22,1,FALSE),0))),"★",INDEX(本职技能!$A$2:$HX$76,MATCH(人物卡!F30,本职技能!$A$2:$A$75,0),MATCH(人物卡!$M$5,本职技能!$A$1:$HX$1,0))) -> 0 | F30: 汽车驾驶 | J30: 20 | R30: =SUM(J30:P30) -> 20 | T30: =INT(R30/2) -> 10 | V30: =INT(R30/5) -> 4 | X30: ☐ | Z30: =IF(ISTEXT(_xlfn.IFERROR(VLOOKUP(人物卡!AB30,人物卡!BJ18:BR22,1,FALSE),_xlfn.IFERROR(VLOOKUP(人物卡!AB30,人物卡!BA18:BC22,1,FALSE),0))),"★",INDEX(本职技能!$A$2:$HX$76,MATCH(人物卡!AB30,本职技能!$A$2:$A$75,0),MATCH(人物卡!$M$5,本职技能!$A$1:$HX$1,0))) -> 0 | AB30: 骑术 | AF30: 5 | AN30: =SUM(AF30:AL30) -> 5 | AP30: =INT(AN30/2) -> 2 | AR30: =INT(AN30/5) -> 1 | AT30: 🐴
A31: ⚒️ | B31: ☐ | D31: =IF(ISTEXT(_xlfn.IFERROR(VLOOKUP(人物卡!F31,人物卡!BJ18:BR22,1,FALSE),_xlfn.IFERROR(VLOOKUP(人物卡!F31,人物卡!BA18:BC22,1,FALSE),0))),"★",INDEX(本职技能!$A$2:$HX$76,MATCH(人物卡!F31,本职技能!$A$2:$A$75,0),MATCH(人物卡!$M$5,本职技能!$A$1:$HX$1,0))) -> 0 | F31: 电气维修 | J31: 10 | R31: =SUM(J31:P31) -> 10 | T31: =INT(R31/2) -> 5 | V31: =INT(R31/5) -> 2 | X31: ☐ | Z31: =IF(ISTEXT(_xlfn.IFERROR(VLOOKUP(人物卡!AB31,人物卡!BJ18:BR22,1,FALSE),_xlfn.IFERROR(VLOOKUP(人物卡!AB31,人物卡!BA18:BC22,1,FALSE),0))),"★",INDEX(本职技能!$A$2:$HX$76,MATCH(人物卡!AB31,本职技能!$A$2:$A$75,0),MATCH(人物卡!$M$5,本职技能!$A$1:$HX$1,0))) -> 0 | AB31: 科学① | AF31: =IF(ISBLANK(AU34),IF(AD31="数学",10,1),IF(AD31=AU34,BA34,1)) -> 1 | AN31: =AF31+AH31+AL31+AJ31 -> 1 | AP31: =INT(AN31/2) -> 0 | AR31: =INT(AN31/5) -> 0 | AT31: =_xlfn.IFS(AD31="地质学","🪨",AD31="化学","🧪",AD31="生物学","🦠",AD31="数学","🧮",AD31="天文学","🔭",AD31="物理学","🌡️",AD31="药学","💊",AD31="植物学","🌲",AD31="动物学","🐤",AD31="密码学","🔢",AD31="工程学","📏",AD31="气象学","🌤️",AD31="司法科学","⚖️",AD31="","🔅",TRUE,"🧬") -> 🔅 | AU31: 驾驶技能名称 | BA31: 基础值
A32: ⚡ | B32: ☐ | D32: =IF(ISTEXT(_xlfn.IFERROR(VLOOKUP(人物卡!F32,人物卡!BJ18:BR22,1,FALSE),_xlfn.IFERROR(VLOOKUP(人物卡!F32,人物卡!BA18:BC22,1,FALSE),0))),"★",INDEX(本职技能!$A$2:$HX$76,MATCH(人物卡!F32,本职技能!$A$2:$A$75,0),MATCH(人物卡!$M$5,本职技能!$A$1:$HX$1,0))) -> 0 | F32: 电子学 Ω | J32: 1 | R32: =SUM(J32:P32) -> 1 | T32: =INT(R32/2) -> 0 | V32: =INT(R32/5) -> 0 | X32: ☐ | Z32: =IF(ISTEXT(_xlfn.IFERROR(VLOOKUP(人物卡!AB32,人物卡!BJ18:BR22,1,FALSE),_xlfn.IFERROR(VLOOKUP(人物卡!AB32,人物卡!BA18:BC22,1,FALSE),0))),"★",INDEX(本职技能!$A$2:$HX$76,MATCH(人物卡!AB32,本职技能!$A$2:$A$75,0),MATCH(人物卡!$M$5,本职技能!$A$1:$HX$1,0))) -> 0 | AB32: 科学② | AF32: =IF(ISBLANK(AU34),IF(AD32="数学",10,1),IF(AD32=AU34,BA34,1)) -> 1 | AN32: =AL32+AJ32+AF32+AH32 -> 1 | AP32: =INT(AN32/2) -> 0 | AR32: =INT(AN32/5) -> 0 | AT32: =_xlfn.IFS(AD32="地质学","🪨",AD32="化学","🧪",AD32="生物学","🦠",AD32="数学","🧮",AD32="天文学","🔭",AD32="物理学","🌡️",AD32="药学","💊",AD32="植物学","🌲",AD32="动物学","🐤",AD32="密码学","🔢",AD32="工程学","📏",AD32="气象学","🌤️",AD32="司法科学","⚖️",AD32="","🔅",TRUE,"🧬") -> 🔅
A33: 🤥 | B33: ☐ | D33: =IF(ISTEXT(_xlfn.IFERROR(VLOOKUP(人物卡!F33,人物卡!BJ18:BR22,1,FALSE),_xlfn.IFERROR(VLOOKUP(人物卡!F33,人物卡!BA18:BC22,1,FALSE),0))),"★",INDEX(本职技能!$A$2:$HX$76,MATCH(人物卡!F33,本职技能!$A$2:$A$75,0),MATCH(人物卡!$M$5,本职技能!$A$1:$HX$1,0))) -> 0 | F33: 话术 | J33: 5 | R33: =SUM(J33:P33) -> 5 | T33: =INT(R33/2) -> 2 | V33: =INT(R33/5) -> 1 | X33: ☐ | Z33: =IF(ISTEXT(_xlfn.IFERROR(VLOOKUP(人物卡!AB33,人物卡!BJ18:BR22,1,FALSE),_xlfn.IFERROR(VLOOKUP(人物卡!AB33,人物卡!BA18:BC22,1,FALSE),0))),"★",INDEX(本职技能!$A$2:$HX$76,MATCH(人物卡!AB33,本职技能!$A$2:$A$75,0),MATCH(人物卡!$M$5,本职技能!$A$1:$HX$1,0))) -> 0 | AB33: 科学③ | AF33: =IF(ISBLANK(AU34),IF(AD33="数学",10,1),IF(AD33=AU34,BA34,1)) -> 1 | AN33: =AF33+AH33+AJ33+AL33 -> 1 | AP33: =INT(AN33/2) -> 0 | AR33: =INT(AN33/5) -> 0 | AT33: =_xlfn.IFS(AD33="地质学","🪨",AD33="化学","🧪",AD33="生物学","🦠",AD33="数学","🧮",AD33="天文学","🔭",AD33="物理学","🌡️",AD33="药学","💊",AD33="植物学","🌲",AD33="动物学","🐤",AD33="密码学","🔢",AD33="工程学","📏",AD33="气象学","🌤️",AD33="司法科学","⚖️",AD33="","🔅",TRUE,"🧬") -> 🔅 | AU33: 科学技能名称 | BA33: 基础值
A34: 🥊 | B34: ☐ | D34: =IF(ISTEXT(_xlfn.IFERROR(VLOOKUP(人物卡!F34,人物卡!BJ18:BR22,1,FALSE),_xlfn.IFERROR(VLOOKUP(人物卡!F34,人物卡!BA18:BC22,1,FALSE),0))),"★",INDEX(本职技能!$A$2:$HX$76,MATCH(人物卡!F34,本职技能!$A$2:$A$75,0),MATCH(人物卡!$M$5,本职技能!$A$1:$HX$1,0))) -> 0 | F34: 格斗： | H34: 斗殴 | J34: 25 | R34: =SUM(J34:P34) -> 25 | T34: =INT(R34/2) -> 12 | V34: =INT(R34/5) -> 5 | X34: ☐ | Z34: =IF(ISTEXT(_xlfn.IFERROR(VLOOKUP(人物卡!AB34,人物卡!BJ18:BR22,1,FALSE),_xlfn.IFERROR(VLOOKUP(人物卡!AB34,人物卡!BA18:BC22,1,FALSE),0))),"★",INDEX(本职技能!$A$2:$HX$76,MATCH(人物卡!AB34,本职技能!$A$2:$A$75,0),MATCH(人物卡!$M$5,本职技能!$A$1:$HX$1,0))) -> 0 | AB34: 妙手 | AF34: 10 | AN34: =SUM(AF34:AL34) -> 10 | AP34: =INT(AN34/2) -> 5 | AR34: =INT(AN34/5) -> 2 | AT34: 👋
A35: =_xlfn.IFS(H35="鞭子","〰️",H35="电锯","⚙️",H35="链枷","💫",H35="绞具","➰",H35="斧","🔨",H35="剑","🗡️",H35="矛","🔱",H35="","🔅",TRUE,"⚔️") -> 🔅 | B35: ☐ | D35: =IF(ISTEXT(_xlfn.IFERROR(VLOOKUP(人物卡!F35,人物卡!BJ18:BR22,1,FALSE),_xlfn.IFERROR(VLOOKUP(人物卡!F35,人物卡!BA18:BC22,1,FALSE),0))),"★",INDEX(本职技能!$A$2:$HX$76,MATCH(人物卡!F35,本职技能!$A$2:$A$75,0),MATCH(人物卡!$M$5,本职技能!$A$1:$HX$1,0))) -> 0 | F35: 格斗① | J35: =附表!C11 -> 0 | R35: =J35+L35+N35+P35 -> 0 | T35: =INT(R35/2) -> 0 | V35: =INT(R35/5) -> 0 | X35: ☐ | Z35: =IF(ISTEXT(_xlfn.IFERROR(VLOOKUP(人物卡!AB35,人物卡!BJ18:BR22,1,FALSE),_xlfn.IFERROR(VLOOKUP(人物卡!AB35,人物卡!BA18:BC22,1,FALSE),0))),"★",INDEX(本职技能!$A$2:$HX$76,MATCH(人物卡!AB35,本职技能!$A$2:$A$75,0),MATCH(人物卡!$M$5,本职技能!$A$1:$HX$1,0))) -> 0 | AB35: 侦查 | AF35: 25 | AN35: =SUM(AF35:AL35) -> 25 | AP35: =INT(AN35/2) -> 12 | AR35: =INT(AN35/5) -> 5 | AT35: 👀 | AU35: 自定义年龄补正 | BK35: 自定义货币
A36: =_xlfn.IFS(H36="鞭子","〰️",H36="电锯","⚙️",H36="链枷","💫",H36="绞具","➰",H36="斧","🔨",H36="剑","🗡️",H36="矛","🔱",H36="","🔅",TRUE,"⚔️") -> 🔅 | B36: ☐ | D36: =IF(ISTEXT(_xlfn.IFERROR(VLOOKUP(F36,人物卡!BJ18:BR22,1,FALSE),_xlfn.IFERROR(VLOOKUP(F36,人物卡!BA18:BC22,1,FALSE),0))),"★",INDEX(本职技能!$A$2:$HX$76,MATCH(F36,本职技能!$A$2:$A$75,0),MATCH(人物卡!$M$5,本职技能!$A$1:$HX$1,0))) -> 0 | F36: 格斗② | J36: =附表!C12 -> 0 | R36: =J36+L36+P36+N36 -> 0 | T36: =INT(R36/2) -> 0 | V36: =INT(R36/5) -> 0 | X36: ☐ | Z36: =IF(ISTEXT(_xlfn.IFERROR(VLOOKUP(人物卡!AB36,人物卡!BJ18:BR22,1,FALSE),_xlfn.IFERROR(VLOOKUP(人物卡!AB36,人物卡!BA18:BC22,1,FALSE),0))),"★",INDEX(本职技能!$A$2:$HX$76,MATCH(人物卡!AB36,本职技能!$A$2:$A$75,0),MATCH(人物卡!$M$5,本职技能!$A$1:$HX$1,0))) -> 0 | AB36: 潜行 | AF36: 20 | AN36: =SUM(AF36:AL36) -> 20 | AP36: =INT(AN36/2) -> 10 | AR36: =INT(AN36/5) -> 4 | AT36: 👣 | AU36: 年龄补正 | BK36: 货币名称 | BO36: 与美元的汇率
A37: =_xlfn.IFS(H37="鞭子","〰️",H37="电锯","⚙️",H37="链枷","💫",H37="绞具","➰",H37="斧","🔨",H37="剑","🗡️",H37="矛","🔱",H37="","🔅",TRUE,"⚔️") -> 🔅 | B37: ☐ | D37: =IF(ISTEXT(_xlfn.IFERROR(VLOOKUP(F37,人物卡!BJ18:BR22,1,FALSE),_xlfn.IFERROR(VLOOKUP(F37,人物卡!BA18:BC22,1,FALSE),0))),"★",INDEX(本职技能!$A$2:$HX$76,MATCH(F37,本职技能!$A$2:$A$75,0),MATCH(人物卡!$M$5,本职技能!$A$1:$HX$1,0))) -> 0 | F37: 格斗③ | J37: =附表!C13 -> 0 | R37: =P37+N37+L37+J37 -> 0 | T37: =INT(R37/2) -> 0 | V37: =INT(R37/5) -> 0 | X37: ☐ | Z37: =IF(ISTEXT(_xlfn.IFERROR(VLOOKUP(人物卡!AB37,人物卡!BJ18:BR22,1,FALSE),_xlfn.IFERROR(VLOOKUP(人物卡!AB37,人物卡!BA18:BC22,1,FALSE),0))),"★",INDEX(本职技能!$A$2:$HX$76,MATCH(人物卡!AB37,本职技能!$A$2:$A$75,0),MATCH(人物卡!$M$5,本职技能!$A$1:$HX$1,0))) -> 0 | AB37: 生存： | AF37: 10 | AN37: =SUM(AF37:AL37) -> 10 | AP37: =INT(AN37/2) -> 5 | AR37: =INT(AN37/5) -> 2 | AT37: ⛺
A38: 🎯 | B38: ☐ | D38: =IF(ISTEXT(_xlfn.IFERROR(VLOOKUP(人物卡!F38,人物卡!BJ18:BR22,1,FALSE),_xlfn.IFERROR(VLOOKUP(人物卡!F38,人物卡!BA18:BC22,1,FALSE),0))),"★",INDEX(本职技能!$A$2:$HX$76,MATCH(人物卡!F38,本职技能!$A$2:$A$75,0),MATCH(人物卡!$M$5,本职技能!$A$1:$HX$1,0))) -> 0 | F38: 射击： | H38: 手枪 | J38: 20 | R38: =SUM(J38:P38) -> 20 | T38: =INT(R38/2) -> 10 | V38: =INT(R38/5) -> 4 | X38: ☐ | Z38: =IF(ISTEXT(_xlfn.IFERROR(VLOOKUP(人物卡!AB38,人物卡!BJ18:BR22,1,FALSE),_xlfn.IFERROR(VLOOKUP(人物卡!AB38,人物卡!BA18:BC22,1,FALSE),0))),"★",INDEX(本职技能!$A$2:$HX$76,MATCH(人物卡!AB38,本职技能!$A$2:$A$75,0),MATCH(人物卡!$M$5,本职技能!$A$1:$HX$1,0))) -> 0 | AB38: 游泳 | AF38: 20 | AN38: =SUM(AF38:AL38) -> 20 | AP38: =INT(AN38/2) -> 10 | AR38: =INT(AN38/5) -> 4 | AT38: 🏊‍♂️ | AU38: 推 荐 关 系 人 | AV38: =IF(M5=0," ",""&LOOKUP(M5,职业列表!A2:A232,职业列表!K2:K232))
A39: =IF(H39="弓术","🏹","🎯") -> 🎯 | B39: ☐ | D39: =IF(ISTEXT(_xlfn.IFERROR(VLOOKUP(人物卡!F39,人物卡!BJ18:BR22,1,FALSE),_xlfn.IFERROR(VLOOKUP(人物卡!F39,人物卡!BA18:BC22,1,FALSE),0))),"★",INDEX(本职技能!$A$2:$HX$76,MATCH(人物卡!F39,本职技能!$A$2:$A$75,0),MATCH(人物卡!$M$5,本职技能!$A$1:$HX$1,0))) -> 0 | F39: 射击① | J39: =附表!E11 -> 0 | R39: =P39+N39+L39+J39 -> 0 | T39: =INT(R39/2) -> 0 | V39: =INT(R39/5) -> 0 | X39: ☐ | Z39: =IF(ISTEXT(_xlfn.IFERROR(VLOOKUP(人物卡!AB39,人物卡!BJ18:BR22,1,FALSE),_xlfn.IFERROR(VLOOKUP(人物卡!AB39,人物卡!BA18:BC22,1,FALSE),0))),"★",INDEX(本职技能!$A$2:$HX$76,MATCH(人物卡!AB39,本职技能!$A$2:$A$75,0),MATCH(人物卡!$M$5,本职技能!$A$1:$HX$1,0))) -> 0 | AB39: 投掷 | AF39: 20 | AN39: =SUM(AF39:AL39) -> 20 | AP39: =INT(AN39/2) -> 10 | AR39: =INT(AN39/5) -> 4 | AT39: 🏀
A40: =IF(H40="弓术","🏹","🎯") -> 🎯 | B40: ☐ | D40: =IF(ISTEXT(_xlfn.IFERROR(VLOOKUP(F40,人物卡!BJ18:BR22,1,FALSE),_xlfn.IFERROR(VLOOKUP(F40,人物卡!BA18:BC22,1,FALSE),0))),"★",INDEX(本职技能!$A$2:$HX$76,MATCH(F40,本职技能!$A$2:$A$75,0),MATCH(人物卡!$M$5,本职技能!$A$1:$HX$1,0))) -> 0 | F40: 射击② | J40: =附表!E12 -> 0 | R40: =P40+N40+L40+J40 -> 0 | T40: =INT(R40/2) -> 0 | V40: =INT(R40/5) -> 0 | X40: ☐ | Z40: =IF(ISTEXT(_xlfn.IFERROR(VLOOKUP(人物卡!AB40,人物卡!BJ18:BR22,1,FALSE),_xlfn.IFERROR(VLOOKUP(人物卡!AB40,人物卡!BA18:BC22,1,FALSE),0))),"★",INDEX(本职技能!$A$2:$HX$76,MATCH(人物卡!AB40,本职技能!$A$2:$A$75,0),MATCH(人物卡!$M$5,本职技能!$A$1:$HX$1,0))) -> 0 | AB40: 追踪 | AF40: 10 | AN40: =SUM(AF40:AL40) -> 10 | AP40: =INT(AN40/2) -> 5 | AR40: =INT(AN40/5) -> 2 | AT40: 🐾
A41: =IF(H41="弓术","🏹","🎯") -> 🎯 | B41: ☐ | D41: =IF(ISTEXT(_xlfn.IFERROR(VLOOKUP(F41,人物卡!BJ18:BR22,1,FALSE),_xlfn.IFERROR(VLOOKUP(F41,人物卡!BA18:BC22,1,FALSE),0))),"★",INDEX(本职技能!$A$2:$HX$76,MATCH(F41,本职技能!$A$2:$A$75,0),MATCH(人物卡!$M$5,本职技能!$A$1:$HX$1,0))) -> 0 | F41: 射击③ | J41: =附表!E13 -> 0 | R41: =P41+N41+L41+J41 -> 0 | T41: =INT(R41/2) -> 0 | V41: =INT(R41/5) -> 0 | X41: ☐ | Z41: =IF(ISTEXT(_xlfn.IFERROR(VLOOKUP(人物卡!AB41,人物卡!BJ18:BR22,1,FALSE),_xlfn.IFERROR(VLOOKUP(人物卡!AB41,人物卡!BA18:BC22,1,FALSE),0))),"★",INDEX(本职技能!$A$2:$HX$76,MATCH(人物卡!AB41,本职技能!$A$2:$A$75,0),MATCH(人物卡!$M$5,本职技能!$A$1:$HX$1,0))) -> 0 | AB41: 动物驯养 | AF41: 5 | AN41: =SUM(AF41:AL41) -> 5 | AP41: =INT(AN41/2) -> 2 | AR41: =INT(AN41/5) -> 1 | AT41: 🐶
A42: 💉 | B42: ☐ | D42: =IF(ISTEXT(_xlfn.IFERROR(VLOOKUP(人物卡!F42,人物卡!BJ18:BR22,1,FALSE),_xlfn.IFERROR(VLOOKUP(人物卡!F42,人物卡!BA18:BC22,1,FALSE),0))),"★",INDEX(本职技能!$A$2:$HX$76,MATCH(人物卡!F42,本职技能!$A$2:$A$75,0),MATCH(人物卡!$M$5,本职技能!$A$1:$HX$1,0))) -> 0 | F42: 急救 | J42: 30 | R42: =SUM(J42:P42) -> 30 | T42: =INT(R42/2) -> 15 | V42: =INT(R42/5) -> 6 | X42: ☐ | Z42: =IF(ISTEXT(_xlfn.IFERROR(VLOOKUP(人物卡!AB42,人物卡!BJ18:BR22,1,FALSE),_xlfn.IFERROR(VLOOKUP(人物卡!AB42,人物卡!BA18:BC22,1,FALSE),0))),"★",INDEX(本职技能!$A$2:$HX$76,MATCH(人物卡!AB42,本职技能!$A$2:$A$75,0),MATCH(人物卡!$M$5,本职技能!$A$1:$HX$1,0))) -> 0 | AB42: 潜水 | AF42: 1 | AN42: =SUM(AF42:AL42) -> 1 | AP42: =INT(AN42/2) -> 0 | AR42: =INT(AN42/5) -> 0 | AT42: 🐠
A43: ⏳ | B43: ☐ | D43: =IF(ISTEXT(_xlfn.IFERROR(VLOOKUP(人物卡!F43,人物卡!BJ18:BR22,1,FALSE),_xlfn.IFERROR(VLOOKUP(人物卡!F43,人物卡!BA18:BC22,1,FALSE),0))),"★",INDEX(本职技能!$A$2:$HX$76,MATCH(人物卡!F43,本职技能!$A$2:$A$75,0),MATCH(人物卡!$M$5,本职技能!$A$1:$HX$1,0))) -> 0 | F43: 历史 | J43: 5 | R43: =SUM(J43:P43) -> 5 | T43: =INT(R43/2) -> 2 | V43: =INT(R43/5) -> 1 | X43: ☐ | Z43: =IF(ISTEXT(_xlfn.IFERROR(VLOOKUP(人物卡!AB43,人物卡!BJ18:BR22,1,FALSE),_xlfn.IFERROR(VLOOKUP(人物卡!AB43,人物卡!BA18:BC22,1,FALSE),0))),"★",INDEX(本职技能!$A$2:$HX$76,MATCH(人物卡!AB43,本职技能!$A$2:$A$75,0),MATCH(人物卡!$M$5,本职技能!$A$1:$HX$1,0))) -> 0 | AB43: 爆破 | AF43: 1 | AN43: =SUM(AF43:AL43) -> 1 | AP43: =INT(AN43/2) -> 0 | AR43: =INT(AN43/5) -> 0 | AT43: 💣 | AU43: 职业介绍
A44: 😱 | B44: ☐ | D44: =IF(ISTEXT(_xlfn.IFERROR(VLOOKUP(人物卡!F44,人物卡!BJ18:BR22,1,FALSE),_xlfn.IFERROR(VLOOKUP(人物卡!F44,人物卡!BA18:BC22,1,FALSE),0))),"★",INDEX(本职技能!$A$2:$HX$76,MATCH(人物卡!F44,本职技能!$A$2:$A$75,0),MATCH(人物卡!$M$5,本职技能!$A$1:$HX$1,0))) -> 0 | F44: 恐吓 | J44: 15 | R44: =SUM(J44:P44) -> 15 | T44: =INT(R44/2) -> 7 | V44: =INT(R44/5) -> 3 | X44: ☐ | Z44: =IF(ISTEXT(_xlfn.IFERROR(VLOOKUP(人物卡!AB44,人物卡!BJ18:BR22,1,FALSE),_xlfn.IFERROR(VLOOKUP(人物卡!AB44,人物卡!BA18:BC22,1,FALSE),0))),"★",INDEX(本职技能!$A$2:$HX$76,MATCH(人物卡!AB44,本职技能!$A$2:$A$75,0),MATCH(人物卡!$M$5,本职技能!$A$1:$HX$1,0))) -> 0 | AB44: 读唇 | AF44: 1 | AN44: =SUM(AF44:AL44) -> 1 | AP44: =INT(AN44/2) -> 0 | AR44: =INT(AN44/5) -> 0 | AT44: 👄 | AU44: =IF(M5=0," ",""&LOOKUP(M5,职业列表!A2:A232,职业列表!M2:M232))
A45: 🐸 | B45: ☐ | D45: =IF(ISTEXT(_xlfn.IFERROR(VLOOKUP(人物卡!F45,人物卡!BJ18:BR22,1,FALSE),_xlfn.IFERROR(VLOOKUP(人物卡!F45,人物卡!BA18:BC22,1,FALSE),0))),"★",INDEX(本职技能!$A$2:$HX$76,MATCH(人物卡!F45,本职技能!$A$2:$A$75,0),MATCH(人物卡!$M$5,本职技能!$A$1:$HX$1,0))) -> 0 | F45: 跳跃 | J45: 20 | R45: =SUM(J45:P45) -> 20 | T45: =INT(R45/2) -> 10 | V45: =INT(R45/5) -> 4 | X45: ☐ | Z45: =IF(ISTEXT(_xlfn.IFERROR(VLOOKUP(人物卡!AB45,人物卡!BJ18:BR22,1,FALSE),_xlfn.IFERROR(VLOOKUP(人物卡!AB45,人物卡!BA18:BC22,1,FALSE),0))),"★",INDEX(本职技能!$A$2:$HX$76,MATCH(人物卡!AB45,本职技能!$A$2:$A$75,0),MATCH(人物卡!$M$5,本职技能!$A$1:$HX$1,0))) -> 0 | AB45: 催眠 | AF45: 1 | AN45: =SUM(AF45:AL45) -> 1 | AP45: =INT(AN45/2) -> 0 | AR45: =INT(AN45/5) -> 0 | AT45: 💤
A46: =_xlfn.IFS(OR(H46="汉语",H46="中文"),"🇨🇳",OR(H46="英语",H46="英文"),"🇬🇧",OR(H46="日语",H46="日文"),"🇯🇵",OR(H46="法语",H46="法文"),"🇫🇷",OR(H46="德语",H46="德文"),"🇩🇪",OR(H46="朝鲜语",H46="朝鲜文"),"🇰🇵",OR(H46="韩语",H46="韩文"),"🇰🇷",OR(H46="俄语",H46="俄文"),"🇷🇺",OR(H46="葡萄牙语",H46="葡萄牙文"),"🇵🇹",OR(H46="西班牙语",H46="西班牙文"),"🇪🇸",OR(H46="阿拉伯语",H46="阿拉伯文"),"🇸🇦",OR(H46="印度语",H46="印度文"),"🇮🇳",H46="","🔅",TRUE,"🇺🇳") -> 🔅 | B46: ☐ | D46: =IF(ISTEXT(_xlfn.IFERROR(VLOOKUP(人物卡!F46,人物卡!BJ18:BR22,1,FALSE),_xlfn.IFERROR(VLOOKUP(人物卡!F46,人物卡!BA18:BC22,1,FALSE),0))),"★",INDEX(本职技能!$A$2:$HX$76,MATCH(人物卡!F46,本职技能!$A$2:$A$75,0),MATCH(人物卡!$M$5,本职技能!$A$1:$HX$1,0))) -> 0 | F46: 外语① | J46: 1 | R46: =SUM(J46:P46) -> 1 | T46: =INT(R46/2) -> 0 | V46: =INT(R46/5) -> 0 | X46: ☐ | Z46: =IF(ISTEXT(_xlfn.IFERROR(VLOOKUP(人物卡!AB46,人物卡!BJ18:BR22,1,FALSE),_xlfn.IFERROR(VLOOKUP(人物卡!AB46,人物卡!BA18:BC22,1,FALSE),0))),"★",INDEX(本职技能!$A$2:$HX$76,MATCH(人物卡!AB46,本职技能!$A$2:$A$75,0),MATCH(人物卡!$M$5,本职技能!$A$1:$HX$1,0))) -> 0 | AB46: 炮术 | AF46: 1 | AN46: =SUM(AF46:AL46) -> 1 | AP46: =INT(AN46/2) -> 0 | AR46: =INT(AN46/5) -> 0 | AT46: ☄️
A47: =_xlfn.IFS(OR(H47="汉语",H47="中文"),"🇨🇳",OR(H47="英语",H47="英文"),"🇬🇧",OR(H47="日语",H47="日文"),"🇯🇵",OR(H47="法语",H47="法文"),"🇫🇷",OR(H47="德语",H47="德文"),"🇩🇪",OR(H47="朝鲜语",H47="朝鲜文"),"🇰🇵",OR(H47="韩语",H47="韩文"),"🇰🇷",OR(H47="俄语",H47="俄文"),"🇷🇺",OR(H47="葡萄牙语",H47="葡萄牙文"),"🇵🇹",OR(H47="西班牙语",H47="西班牙文"),"🇪🇸",OR(H47="阿拉伯语",H47="阿拉伯文"),"🇸🇦",OR(H47="印度语",H47="印度文"),"🇮🇳",H47="","🔅",TRUE,"🇺🇳") -> 🔅 | B47: ☐ | D47: =IF(ISTEXT(_xlfn.IFERROR(VLOOKUP(人物卡!F47,人物卡!BJ18:BR22,1,FALSE),_xlfn.IFERROR(VLOOKUP(人物卡!F47,人物卡!BA18:BC22,1,FALSE),0))),"★",INDEX(本职技能!$A$2:$HX$76,MATCH(人物卡!F47,本职技能!$A$2:$A$75,0),MATCH(人物卡!$M$5,本职技能!$A$1:$HX$1,0))) -> 0 | F47: 外语② | J47: 1 | R47: =SUM(J47:P47) -> 1 | T47: =INT(R47/2) -> 0 | V47: =INT(R47/5) -> 0 | X47: ☐ | Z47: =IF(ISTEXT(_xlfn.IFERROR(VLOOKUP(人物卡!AB47,人物卡!BJ18:BR22,1,FALSE),_xlfn.IFERROR(VLOOKUP(人物卡!AB47,人物卡!BA18:BC22,1,FALSE),0))),"★",INDEX(本职技能!$A$2:$HX$76,MATCH(人物卡!AB47,本职技能!$A$2:$A$75,0),MATCH(人物卡!$M$5,本职技能!$A$1:$HX$1,0))) -> 0 | AB47: 学识： | AF47: 1 | AN47: =SUM(AF47:AL47) -> 1 | AP47: =INT(AN47/2) -> 0 | AR47: =INT(AN47/5) -> 0 | AT47: 👽
A48: =_xlfn.IFS(OR(H48="汉语",H48="中文"),"🇨🇳",OR(H48="英语",H48="英文"),"🇬🇧",OR(H48="日语",H48="日文"),"🇯🇵",OR(H48="法语",H48="法文"),"🇫🇷",OR(H48="德语",H48="德文"),"🇩🇪",OR(H48="朝鲜语",H48="朝鲜文"),"🇰🇵",OR(H48="韩语",H48="韩文"),"🇰🇷",OR(H48="俄语",H48="俄文"),"🇷🇺",OR(H48="葡萄牙语",H48="葡萄牙文"),"🇵🇹",OR(H48="西班牙语",H48="西班牙文"),"🇪🇸",OR(H48="阿拉伯语",H48="阿拉伯文"),"🇸🇦",OR(H48="印度语",H48="印度文"),"🇮🇳",H48="","🔅",TRUE,"🇺🇳") -> 🔅 | B48: ☐ | D48: =IF(ISTEXT(_xlfn.IFERROR(VLOOKUP(F48,人物卡!BJ18:BR22,1,FALSE),_xlfn.IFERROR(VLOOKUP(F48,人物卡!BA18:BC22,1,FALSE),0))),"★",INDEX(本职技能!$A$2:$HX$76,MATCH(F48,本职技能!$A$2:$A$75,0),MATCH(人物卡!$M$5,本职技能!$A$1:$HX$1,0))) -> 0 | F48: 外语③ | J48: 1 | R48: =SUM(J48:P48) -> 1 | T48: =INT(R48/2) -> 0 | V48: =INT(R48/5) -> 0 | X48: ☐ | Z48: =IF(ISTEXT(_xlfn.IFERROR(VLOOKUP(AB48,人物卡!BJ18:BR22,1,FALSE),_xlfn.IFERROR(VLOOKUP(AB48,人物卡!BA18:BC22,1,FALSE),0))),"★",INDEX(本职技能!$A$2:$HX$76,MATCH(AB48,本职技能!$A$2:$A$75,0),MATCH(人物卡!$M$5,本职技能!$A$1:$HX$1,0))) -> 0 | AB48: 自定义技能 | AN48: =SUM(AF48:AL48) -> 0 | AP48: =INT(AN48/2) -> 0 | AR48: =INT(AN48/5) -> 0 | AT48: ❓
A49: =_xlfn.IFS(OR(NOT(ISERROR(FIND("中国",M7,1))),NOT(ISERROR(FIND("香港",M7,1))),NOT(ISERROR(FIND("澳门",M7,1))),NOT(ISERROR(FIND("台湾",M7,1))),NOT(ISERROR(FIND("北京",M7,1))),NOT(ISERROR(FIND("上海",M7,1))),NOT(ISERROR(FIND("南京",M7,1))),NOT(ISERROR(FIND("天津",M7,1))),NOT(ISERROR(FIND("深圳",M7,1))),NOT(ISERROR(FIND("广州",M7,1)))),"🇨🇳",OR(NOT(ISERROR(FIND("英国",M7,1))),NOT(ISERROR(FIND("伦敦",M7,1)))),"🇬🇧",OR(NOT(ISERROR(FIND("美国",M7,1))),NOT(ISERROR(FIND("纽约",M7,1))),NOT(ISERROR(FIND("洛杉矶",M7,1))),NOT(ISERROR(FIND("华盛顿",M7,1)))),"🇺🇸",NOT(ISERROR(FIND("法国",M7,1))),"🇫🇷",NOT(ISERROR(FIND("巴黎",M7,1))),"🇫🇷",NOT(ISERROR(FIND("德国",M7,1))),"🇩🇪",NOT(ISERROR(FIND("柏林",M7,1))),"🇩🇪",NOT(ISERROR(FIND("白俄罗斯",M7,1))),"🇧🇾",NOT(ISERROR(FIND("俄国",M7,1))),"🇷🇺",NOT(ISERROR(FIND("俄罗斯",M7,1))),"🇷🇺",NOT(ISERROR(FIND("莫斯科",M7,1))),"🇷🇺",OR(NOT(ISERROR(FIND("日本",M7,1))),NOT(ISERROR(FIND("东京",M7,1))),NOT(ISERROR(FIND("大阪",M7,1))),NOT(ISERROR(FIND("神户",M7,1))),NOT(ISERROR(FIND("名古屋",M7,1))),NOT(ISERROR(FIND("京都",M7,1)))),"🇯🇵",NOT(ISERROR(FIND("意大利",M7,1))),"🇮🇹",NOT(ISERROR(FIND("越南",M7,1))),"🇻🇳",NOT(ISERROR(FIND("朝鲜",M7,1))),"🇰🇵",NOT(ISERROR(FIND("韩国",M7,1))),"🇰🇷",NOT(ISERROR(FIND("西班牙",M7,1))),"🇪🇸",NOT(ISERROR(FIND("土耳其",M7,1))),"🇹🇷",NOT(ISERROR(FIND("葡萄牙",M7,1))),"🇵🇹",NOT(ISERROR(FIND("匈牙利",M7,1))),"🇭🇺",NOT(ISERROR(FIND("缅甸",M7,1))),"🇲🇲",NOT(ISERROR(FIND("老挝",M7,1))),"🇱🇦",NOT(ISERROR(FIND("泰国",M7,1))),"🇹🇭",NOT(ISERROR(FIND("菲律宾",M7,1))),"🇵🇭",NOT(ISERROR(FIND("新西兰",M7,1))),"🇳🇿",NOT(ISERROR(FIND("澳大利亚",M7,1))),"🇦🇺",NOT(ISERROR(FIND("澳洲",M7,1))),"🇦🇺",NOT(ISERROR(FIND("阿拉伯联合酋长国",M7,1))),"🇦🇪",NOT(ISERROR(FIND("阿联酋",M7,1))),"🇦🇪",NOT(ISERROR(FIND("阿拉伯",M7,1))),"🇸🇦",NOT(ISERROR(FIND("欧洲",M7,1))),"🇪🇺",NOT(ISERROR(FIND("加拿大",M7,1))),"🇨🇦",NOT(ISERROR(FIND("墨西哥",M7,1))),"🇲🇽",NOT(ISERROR(FIND("阿富汗",M7,1))),"🇦🇫",NOT(ISERROR(FIND("以色列",M7,1))),"🇮🇱",NOT(ISERROR(FIND("芬兰",M7,1))),"🇫🇮",NOT(ISERROR(FIND("瑞士",M7,1))),"🇨🇭",NOT(ISERROR(FIND("瑞典",M7,1))),"🇸🇪",NOT(ISERROR(FIND("巴西",M7,1))),"🇧🇷",NOT(ISERROR(FIND("印度",M7,1))),"🇮🇳",NOT(ISERROR(FIND("巴基斯坦",M7,1))),"🇵🇰",NOT(ISERROR(FIND("印度尼西亚",M7,1))),"🇮🇩",NOT(ISERROR(FIND("印尼",M7,1))),"🇮🇩",NOT(ISNONTEXT(A50)),A50,TRUE,"🗣️") -> 🗣️ | B49: ☐ | D49: =IF(ISTEXT(_xlfn.IFERROR(VLOOKUP(人物卡!F49,人物卡!BJ18:BR22,1,FALSE),_xlfn.IFERROR(VLOOKUP(人物卡!F49,人物卡!BA18:BC22,1,FALSE),0))),"★",INDEX(本职技能!$A$2:$HX$76,MATCH(人物卡!F49,本职技能!$A$2:$A$75,0),MATCH(人物卡!$M$5,本职技能!$A$1:$HX$1,0))) -> 0 | F49: 母语 | J49: =AG5 -> 0 | R49: =SUM(J49:P49) -> 0 | T49: =INT(R49/2) -> 0 | V49: =INT(R49/5) -> 0 | X49: ☐ | Z49: =_xlfn.IFNA(IF(ISTEXT(_xlfn.IFERROR(VLOOKUP(AB49,人物卡!BJ18:BR22,1,FALSE),_xlfn.IFERROR(VLOOKUP(AB49,人物卡!BA18:BC22,1,FALSE),0))),"★",INDEX(本职技能!$A$2:$HX$76,MATCH(AB49,本职技能!$A$2:$A$75,0),MATCH(人物卡!$M$5,本职技能!$A$1:$HX$1,0))),"") | AN49: =SUM(AF49:AL49) -> 0 | AP49: =INT(AN49/2) -> 0 | AR49: =INT(AN49/5) -> 0
A50: =_xlfn.IFS(NOT(ISERROR(FIND("乌克兰",M7,1))),"🇺🇦",NOT(ISERROR(FIND("冰岛",M7,1))),"🇮🇸",NOT(ISERROR(FIND("古巴",M7,1))),"🇨🇺",NOT(ISERROR(FIND("黎巴嫩",M7,1))),"🇱🇧",NOT(ISERROR(FIND("智利",M7,1))),"🇨🇱",NOT(ISERROR(FIND("萨尔瓦多",M7,1))),"🇸🇻",NOT(ISERROR(FIND("阿根廷",M7,1))),"🇦🇷",NOT(ISERROR(FIND("叙利亚",M7,1))),"🇸🇾",NOT(ISERROR(FIND("巴拉圭",M7,1))),"🇵🇾",NOT(ISERROR(FIND("波兰",M7,1))),"🇵🇱",NOT(ISERROR(FIND("丹麦",M7,1))),"🇩🇰",NOT(ISERROR(FIND("多米尼加",M7,1))),"🇩🇴",NOT(ISERROR(FIND("海地",M7,1))),"🇭🇹",NOT(ISERROR(FIND("卢森堡",M7,1))),"🇱🇺",NOT(ISERROR(FIND("尼加拉瓜",M7,1))),"🇳🇮",NOT(ISERROR(FIND("伊朗",M7,1))),"🇮🇷",NOT(ISERROR(FIND("希腊",M7,1))),"🇬🇷",NOT(ISERROR(FIND("秘鲁",M7,1))),"🇵🇪",NOT(ISERROR(FIND("利比里亚",M7,1))),"🇱🇷",NOT(ISERROR(FIND("哥斯达黎加",M7,1))),"🇨🇷",NOT(ISERROR(FIND("哥伦比亚",M7,1))),"🇨🇴",NOT(ISERROR(FIND("南非",M7,1))),"🇿🇦",NOT(ISERROR(FIND("埃塞俄比亚",M7,1))),"🇪🇹",NOT(ISERROR(FIND("巴拿马",M7,1))),"🇵🇦",NOT(ISERROR(FIND("玻利维亚",M7,1))),"🇧🇴",NOT(ISNONTEXT(A51)),A51) -> #N/A | B50: =IF(M5=0,"","职业信用范围："&LOOKUP(M5,职业列表!A2:A232,职业列表!D2:D232)) | J50: =IF(M5=0,"","本职属性："&附表!J52&" ")&IF(M5=0,"",IF(AND(附表!J53-SUM(N16:O49,AJ16:AK49)=0,AA7+AA7-SUM(P16:Q49,AL16:AM49)=0),"",("剩余职业点="&附表!J53-SUM(N16:O49,AJ16:AK49))&" 剩余兴趣点="&AA7+AA7-SUM(P16:Q49,AL16:AM49)&IF(F113=附表!B26,""," 剩余经历包点="&IF(ISNUMBER(附表!D34),附表!D34-SUM(L16:M49,AH16:AI49),附表!D34))))
A51: =_xlfn.IFS(NOT(ISERROR(FIND("委内瑞拉",M7,1))),"🇻🇪",NOT(ISERROR(FIND("危地马拉",M7,1))),"🇬🇹",NOT(ISERROR(FIND("挪威",M7,1))),"🇳🇴",NOT(ISERROR(FIND("荷兰",M7,1))),"🇳🇱",NOT(ISERROR(FIND("洪都拉斯",M7,1))),"🇭🇳",NOT(ISERROR(FIND("乌拉圭",M7,1))),"🇺🇾",NOT(ISERROR(FIND("厄瓜多尔",M7,1))),"🇪🇨",NOT(ISERROR(FIND("伊拉克",M7,1))),"🇮🇶",NOT(ISERROR(FIND("比利时",M7,1))),"🇧🇪",NOT(ISERROR(FIND("也门",M7,1))),"🇾🇪",NOT(ISERROR(FIND("阿尔巴尼亚",M7,1))),"🇦🇱",NOT(ISERROR(FIND("爱尔兰",M7,1))),"🇮🇪",NOT(ISERROR(FIND("保加利亚",M7,1))),"🇧🇬",NOT(ISERROR(FIND("尼泊尔",M7,1))),"🇳🇵",NOT(ISERROR(FIND("约旦",M7,1))),"🇯🇴",NOT(ISERROR(FIND("奥地利",M7,1))),"🇦🇹",NOT(ISERROR(FIND("柬埔寨",M7,1))),"🇰🇭",NOT(ISERROR(FIND("利比亚",M7,1))),"🇱🇾",NOT(ISERROR(FIND("罗马尼亚",M7,1))),"🇷🇴",NOT(ISERROR(FIND("斯里兰卡",M7,1))),"🇱🇰",NOT(ISERROR(FIND("摩洛哥",M7,1))),"🇲🇦",NOT(ISERROR(FIND("突尼斯",M7,1))),"🇹🇳",NOT(ISERROR(FIND("南苏丹",M7,1))),"🇸🇸",NOT(ISERROR(FIND("苏丹",M7,1))),"🇸🇩",NOT(ISERROR(FIND("加纳",M7,1))),"🇬🇭",NOT(ISERROR(FIND("马来西亚",M7,1))),"🇲🇾",NOT(ISERROR(FIND("几内亚比绍",M7,1))),"🇬🇼",NOT(ISERROR(FIND("几内亚",M7,1))),"🇬🇳",NOT(ISERROR(FIND("安道尔",M7,1))),"🇦🇩",NOT(ISERROR(FIND("帕劳",M7,1))),"🇵🇼",NOT(ISERROR(FIND("汤加",M7,1))),"🇹🇴",NOT(ISERROR(FIND("基里巴斯",M7,1))),"🇰🇮",NOT(ISERROR(FIND("瑙鲁",M7,1))),"🇳🇷",NOT(ISERROR(FIND("图瓦卢",M7,1))),"🇹🇻",NOT(ISERROR(FIND("塞尔维亚",M7,1))),"🇷🇸",NOT(ISERROR(FIND("东帝汶",M7,1))),"🇹🇱",NOT(ISERROR(FIND("黑山",M7,1))),"🇲🇪",NOT(ISERROR(FIND("梵蒂冈",M7,1))),"🇻🇦",NOT(ISERROR(FIND("科索沃",M7,1))),"🇽🇰",NOT(ISERROR(FIND("西撒哈拉",M7,1))),"🇪🇭",NOT(ISNONTEXT(A52)),A52) -> #N/A | B51: 武器表 | AM51: 格斗
A52: =_xlfn.IFS(NOT(ISERROR(FIND("多哥",M7,1))),"🇹🇬",NOT(ISERROR(FIND("刚果布",M7,1))),"🇨🇬",NOT(ISERROR(FIND("刚果",M7,1))),"🇨🇩",NOT(ISERROR(FIND("加蓬",M7,1))),"🇬🇦",NOT(ISERROR(FIND("喀麦隆",M7,1))),"🇨🇲",NOT(ISERROR(FIND("马达加斯加",M7,1))),"🇲🇬",NOT(ISERROR(FIND("尼日尔",M7,1))),"🇳🇪",NOT(ISERROR(FIND("索马里",M7,1))),"🇸🇴",NOT(ISERROR(FIND("贝宁",M7,1))),"🇧🇯",NOT(ISERROR(FIND("布基纳法索",M7,1))),"🇧🇫",NOT(ISERROR(FIND("科特迪瓦",M7,1))),"🇨🇮",NOT(ISERROR(FIND("塞浦路斯",M7,1))),"🇨🇾",NOT(ISERROR(FIND("乍得",M7,1))),"🇹🇩",NOT(ISERROR(FIND("中非",M7,1))),"🇨🇫",NOT(ISERROR(FIND("塞内加尔",M7,1))),"🇸🇳",NOT(ISERROR(FIND("马里",M7,1))),"🇲🇱",NOT(ISERROR(FIND("尼日利亚",M7,1))),"🇳🇬",NOT(ISERROR(FIND("塞拉利昂",M7,1))),"🇸🇱",NOT(ISERROR(FIND("毛里塔尼亚",M7,1))),"🇲🇷",NOT(ISERROR(FIND("蒙古",M7,1))),"🇲🇳",NOT(ISERROR(FIND("坦桑尼亚",M7,1))),"🇹🇿",NOT(ISERROR(FIND("布隆迪",M7,1))),"🇧🇮",NOT(ISERROR(FIND("卢旺达",M7,1))),"🇷🇼",NOT(ISERROR(FIND("特立尼亚",M7,1))),"🇹🇹",NOT(ISERROR(FIND("多巴哥",M7,1))),"🇹🇹",NOT(ISERROR(FIND("牙买加",M7,1))),"🇯🇲",NOT(ISERROR(FIND("阿尔及利亚",M7,1))),"🇩🇿",NOT(ISERROR(FIND("乌干达",M7,1))),"🇺🇬",NOT(ISERROR(FIND("科威特",M7,1))),"🇰🇼",NOT(ISERROR(FIND("肯尼亚",M7,1))),"🇰🇪",NOT(ISERROR(FIND("马耳他",M7,1))),"🇲🇹",NOT(ISERROR(FIND("赞比亚",M7,1))),"🇿🇲",NOT(ISERROR(FIND("马拉维",M7,1))),"🇲🇼",NOT(ISNONTEXT(A53)),A53) -> #N/A | B52: 武器名称 | G52: 类型 | M52: 使用技能 | Q52: 成功率 | W52: 伤害 | AA52: 基础射程 | AC52: 贯穿 | AE52: 次数 | AG52: 装弹量 | AJ52: 故障值 | AM52: 伤害加值 Damage Bonus | AP52: =附表!P9 -> 0
A53: =_xlfn.IFS(NOT(ISERROR(FIND("新加坡",M7,1))),"🇸🇬",NOT(ISERROR(FIND("冈比亚",M7,1))),"🇬🇲",NOT(ISERROR(FIND("马尔代夫",M7,1))),"🇲🇻",NOT(ISERROR(FIND("圭亚那",M7,1))),"🇬🇾",NOT(ISERROR(FIND("莱索托",M7,1))),"🇱🇸",NOT(ISERROR(FIND("博茨瓦纳",M7,1))),"🇧🇼",NOT(ISERROR(FIND("巴巴多斯",M7,1))),"🇧🇧",NOT(ISERROR(FIND("毛里求斯",M7,1))),"🇲🇺",NOT(ISERROR(FIND("斯威士兰",M7,1))),"🇸🇿",NOT(ISERROR(FIND("赤道几内亚",M7,1))),"🇬🇶",NOT(ISERROR(FIND("斐济",M7,1))),"🇫🇯",NOT(ISERROR(FIND("巴林",M7,1))),"🇧🇭",NOT(ISERROR(FIND("不丹",M7,1))),"🇧🇹",NOT(ISERROR(FIND("卡塔尔",M7,1))),"🇶🇦",NOT(ISERROR(FIND("阿曼",M7,1))),"🇴🇲",NOT(ISERROR(FIND("巴哈马",M7,1))),"🇧🇸",NOT(ISERROR(FIND("孟加拉",M7,1))),"🇧🇩",NOT(ISERROR(FIND("格林纳达",M7,1))),"🇬🇩",NOT(ISERROR(FIND("佛得角",M7,1))),"🇨🇻",NOT(ISERROR(FIND("莫桑比克",M7,1))),"🇲🇿",NOT(ISERROR(FIND("圣多美",M7,1))),"🇸🇹",NOT(ISERROR(FIND("普林西比",M7,1))),"🇸🇹",NOT(ISERROR(FIND("巴布亚新几内亚",M7,1))),"🇵🇬",NOT(ISERROR(FIND("科摩罗",M7,1))),"🇰🇲",NOT(ISERROR(FIND("苏里南",M7,1))),"🇸🇷",NOT(ISERROR(FIND("塞舌尔",M7,1))),"🇸🇨",NOT(ISERROR(FIND("安哥拉",M7,1))),"🇦🇴",NOT(ISNONTEXT(A54)),A54) -> #N/A | B53: 无 | G53: 肉搏 | M53: 斗殴 | Q53: =R34 -> 25 | S53: =INT(Q53/2) -> 12 | U53: =INT(Q53/5) -> 5 | W53: 1D3+DB | AA53: —— | AC53: × | AE53: 1 | AG53: —— | AJ53: ——
A54: =_xlfn.IFS(NOT(ISERROR(FIND("萨摩亚",M7,1))),"🇼🇸",NOT(ISERROR(FIND("吉布提",M7,1))),"🇩🇯",NOT(ISERROR(FIND("所罗门群岛",M7,1))),"🇸🇧",NOT(ISERROR(FIND("多米尼克",M7,1))),"🇩🇲",NOT(ISERROR(FIND("圣卢西亚",M7,1))),"🇱🇨",NOT(ISERROR(FIND("津巴布韦",M7,1))),"🇿🇼",NOT(ISERROR(FIND("圣文森特",M7,1))),"🇻🇨",NOT(ISERROR(FIND("格林纳丁斯",M7,1))),"🇻🇨",NOT(ISERROR(FIND("瓦努阿图",M7,1))),"🇻🇺",NOT(ISERROR(FIND("伯利兹",M7,1))),"🇧🇿",NOT(ISERROR(FIND("安提瓜和",M7,1))),"🇦🇬",NOT(ISERROR(FIND("巴布达",M7,1))),"🇦🇬",NOT(ISERROR(FIND("圣基茨和",M7,1))),"🇰🇳",NOT(ISERROR(FIND("尼维斯",M7,1))),"🇰🇳",NOT(ISERROR(FIND("文莱",M7,1))),"🇧🇳",NOT(ISERROR(FIND("纳米比亚",M7,1))),"🇳🇦",NOT(ISERROR(FIND("列支敦士登",M7,1))),"🇱🇮",NOT(ISERROR(FIND("爱沙尼亚",M7,1))),"🇪🇪",NOT(ISERROR(FIND("拉脱维亚",M7,1))),"🇱🇻",NOT(ISERROR(FIND("立陶宛",M7,1))),"🇱🇹",NOT(ISERROR(FIND("马绍尔群岛",M7,1))),"🇲🇭",NOT(ISERROR(FIND("密克罗尼西亚",M7,1))),"🇫🇲",NOT(ISNONTEXT(A55)),A55) -> #N/A | M54: =IF($G54=0,"←请选择类型",VLOOKUP($G54,'武器列表 战斗'!$B$2:$I$105,2,FALSE)) -> ←请选择类型 | Q54: =附表!AV15 | S54: =IF(Q54="","",INT(Q54/2)) | U54: =IF(Q54="","",INT(Q54/5)) | W54: =IF($G54=0,"",VLOOKUP($G54,'武器列表 战斗'!$B$2:$I$105,3,FALSE)) | AA54: =IF($G54=0,"",VLOOKUP($G54,'武器列表 战斗'!$B$2:$I$105,4,FALSE)) | AC54: =IF($G54=0,"",VLOOKUP($G54,'武器列表 战斗'!$B$2:$I$105,5,FALSE)) | AE54: =IF($G54=0,"",VLOOKUP($G54,'武器列表 战斗'!$B$2:$I$105,6,FALSE)) | AG54: =IF($G54=0,"",VLOOKUP($G54,'武器列表 战斗'!$B$2:$I$105,7,FALSE)) | AJ54: =IF($G54=0,"",VLOOKUP($G54,'武器列表 战斗'!$B$2:$I$105,8,FALSE))
A55: =_xlfn.IFS(NOT(ISERROR(FIND("哈萨克斯坦",M7,1))),"🇰🇿",NOT(ISERROR(FIND("亚美尼亚",M7,1))),"🇦🇲",NOT(ISERROR(FIND("阿塞拜疆",M7,1))),"🇦🇿",NOT(ISERROR(FIND("吉尔吉斯斯坦",M7,1))),"🇰🇬",NOT(ISERROR(FIND("摩尔多瓦",M7,1))),"🇲🇩",NOT(ISERROR(FIND("圣马力诺",M7,1))),"🇸🇲",NOT(ISERROR(FIND("塔吉克斯坦",M7,1))),"🇹🇯",NOT(ISERROR(FIND("土库曼斯坦",M7,1))),"🇹🇲",NOT(ISERROR(FIND("乌兹别克斯坦",M7,1))),"🇺🇿",NOT(ISERROR(FIND("克罗地亚",M7,1))),"🇭🇷",NOT(ISERROR(FIND("波斯尼亚",M7,1))),"🇧🇦",NOT(ISERROR(FIND("黑塞哥维亚",M7,1))),"🇧🇦",NOT(ISERROR(FIND("斯洛文尼亚",M7,1))),"🇸🇮",NOT(ISERROR(FIND("格鲁吉亚",M7,1))),"🇬🇪",NOT(ISERROR(FIND("捷克斯洛伐克",M7,1))),"🇨🇿",NOT(ISERROR(FIND("捷克",M7,1))),"🇨🇿",NOT(ISERROR(FIND("斯洛伐克",M7,1))),"🇸🇰",NOT(ISERROR(FIND("北马其顿",M7,1))),"🇲🇰",NOT(ISERROR(FIND("厄立特里亚",M7,1))),"🇪🇷",NOT(ISERROR(FIND("摩纳哥",M7,1))),"🇲🇨") -> #N/A | M55: =IF($G55=0,IF(M54="←请选择类型","","←请选择类型"),VLOOKUP($G55,'武器列表 战斗'!$B$2:$I$105,2,FALSE)) | Q55: =附表!AV16 | S55: =IF(Q55="","",INT(Q55/2)) | U55: =IF(Q55="","",INT(Q55/5)) | W55: =IF($G55=0,"",VLOOKUP($G55,'武器列表 战斗'!$B$2:$I$105,3,FALSE)) | AA55: =IF($G55=0,"",VLOOKUP($G55,'武器列表 战斗'!$B$2:$I$105,4,FALSE)) | AC55: =IF($G55=0,"",VLOOKUP($G55,'武器列表 战斗'!$B$2:$I$105,5,FALSE)) | AE55: =IF($G55=0,"",VLOOKUP($G55,'武器列表 战斗'!$B$2:$I$105,6,FALSE)) | AG55: =IF($G55=0,"",VLOOKUP($G55,'武器列表 战斗'!$B$2:$I$105,7,FALSE)) | AJ55: =IF($G55=0,"",VLOOKUP($G55,'武器列表 战斗'!$B$2:$I$105,8,FALSE)) | AM55: 体格 Build | AP55: =附表!P7 -> 0
M56: =IF($G56=0,IF(OR(M54="←请选择类型",M55="←请选择类型"),"","←请选择类型"),VLOOKUP($G56,'武器列表 战斗'!$B$2:$I$105,2,FALSE)) | Q56: =附表!AV17 | S56: =IF(Q56="","",INT(Q56/2)) | U56: =IF(Q56="","",INT(Q56/5)) | W56: =IF($G56=0,"",VLOOKUP($G56,'武器列表 战斗'!$B$2:$I$105,3,FALSE)) | AA56: =IF($G56=0,"",VLOOKUP($G56,'武器列表 战斗'!$B$2:$I$105,4,FALSE)) | AC56: =IF($G56=0,"",VLOOKUP($G56,'武器列表 战斗'!$B$2:$I$105,5,FALSE)) | AE56: =IF($G56=0,"",VLOOKUP($G56,'武器列表 战斗'!$B$2:$I$105,6,FALSE)) | AG56: =IF($G56=0,"",VLOOKUP($G56,'武器列表 战斗'!$B$2:$I$105,7,FALSE)) | AJ56: =IF($G56=0,"",VLOOKUP($G56,'武器列表 战斗'!$B$2:$I$105,8,FALSE))
AM57: 闪避 Dodge | AP57: =R29 -> 0 | AR57: =T29 -> 0
AR58: =V29 -> 0
B60: 资产 | W60: 背景故事 | AR60: 关键
B61: 信用评级 | F61: 生活水平 | I61: 消费水平 | L61: 其他资产 | O61: 当前现金($) | S61: 单位 | W61: 形象描述 | AR61: ☐
B62: =附表!Z223 -> 0%/0%/0% | F62: =附表!Z225 -> 身无分文 | I62: =附表!AE240 -> 0.5 | L62: =附表!AG240 -> 没有 | O62: =附表!AF240 -> 0.5 | S62: 美元 | AU62: =IF(附表!AE22="仅显示1890_2012","时代介绍仅显示1890_2012这段时间","时代介绍") -> 时代介绍
B63: =IF(R26<=0,"连贫穷都够不上的人才能够叫做身无分文。住所：大概只有睡大街。旅行：步行，扒车或逃票上火车轮船。",IF(R26<=9,"刚好买得起最廉价的屋顶，每天能够吃到一餐廉价食物。住所：最最最廉价的出租屋或睡袋旅馆。旅行：最便宜的公众运输方式。反正只要赶便宜就对了，与之相伴的是不可靠。",IF(R26<=49,"舒适的生活水平，一日三餐，偶尔下馆子。住所：普通的家或公寓，无论是租赁还是自购。外出住普通的旅馆。旅行：会使用普通的旅行方式，不会用最高级。在现代来看，大概会有一辆自己的小车。",IF(R26<=89,"小康级别已经可以享受奢侈品的舒适了。住所：真材实料的住地，也许会有一些仆人（管家，主妇，清洁工，园丁，等等）。乡下估计还有小别墅。会住昂贵的宾馆。旅行：头等舱。会买高档车或同等的交通工具。",IF(R26<=98,"富裕级别就是享受超级奢侈品的时候了。住所：豪华住所和有着大量仆人的庭院。乡下和别处有着别墅是定番。住总统套房。旅行：头等舱。现代社会估摸还会有很多豪车。",IF(R26=99,"与富裕差不多，但钱已经只是一个代号了。你将是世界上最富有的人。","请正确分配您的技能点！")))))) -> 连贫穷都够不上的人才能够叫做身无分文。住所：大概只有睡大街。旅行：步行，扒车或逃票上火车轮船。 | L63: 请在这里详述你的资产 | W63: 思想与信念 | AR63: ☐ | AU63: 年代 | AZ63: 国际重大历史进程 | BF63: 中国重大历史进程 | BL63: 年代
AU64: =IF(E8="公元","A.C."&G8,"B.C."&G8) -> A.C. | AZ64: =_xlfn.IFNA(附表!AF22,"") | BF64: =_xlfn.IFNA(附表!AI22,"") | BL64: =_xlfn.IFNA(附表!AL22,"")
W65: 重要之人 | AR65: ☐ | AZ65: =_xlfn.IFNA(附表!AG22,"") | BF65: =_xlfn.IFNA(附表!AJ22,"") | BL65: =_xlfn.IFNA(附表!AM22,"")
AZ66: =_xlfn.IFNA(附表!AH22,"") | BF66: =_xlfn.IFNA(附表!AK22,"") | BL66: =_xlfn.IFNA(附表!AN22,"")
W67: 意义非凡之地 | AR67: ☐ | AU67: 新闻
B68: 其他资产表 | AU68: =_xlfn.IFNA(附表!AO22,"")
B69: 交通工具 | F69: 住所 | J69: 奢侈品 | N69: 股票/证券等 | R69: 其他 | W69: 宝贵之物 | AR69: ☐
W71: 特质 | AR71: ☐
W73: 伤口和疤痕 | AR73: ☐
B75: 0 | F75: 0 | J75: 0 | N75: 0 | R75: 0 | W75: 恐惧症和躁狂症 | AR75: ☐
B76: ="资产总和："&SUM(B75:U75) -> 资产总和：0 | N76: ="剩余资产值："&IF(附表!AG230="没有",0-SUM(B75:U75),附表!AG230-SUM(B75:U75)) -> 剩余资产值：0
B77: 随身物品（使用右侧栏位需要背包） | W77: 请务必在此填写背景故事！ 使用Alt+Enter换行
B78: 状态 | D78: 部位 | F78: 物品名称 | N78: 背包格↓
B95: 调查员经历 | W95: 神话相关
B96: 经历模组 | J96: 人物变化描述 | W96: 第三类接触（古籍、咒文、神话知识等）
W97: 遇到了 | AA97: 获得的结果 | AK97: 备注 | AR97: 累计
AU104: 杂项
AU105: =_xlfn.IFNA(附表!AP22,"")
W112: 法术一览
B113: 有故事的调查员经历包： | F113: 无 | J113: ="SAN值减少"&附表!C34&" 备注："&附表!E34 -> SAN值减少 备注： | W113: 编号 | Y113: 法术名称 | AC113: 使用代价 | AH113: 作用
B118: 快速参考规则
B119: 技能和属性检定 成功等级 | F119: 大失败 | L119: 失败 | N119: 成功 | P119: 困难 | R119: 极难 | T119: 大成功
F120: 技能成功率≥50为100 否则为96-100 | L120: >技能 | N120: ≤技能 | P120: 1/2值 | R120: 1/5值 | T120: 1
B122: 孤注一掷：使用孤注一掷来重投上一次检定结果，需要合理的解释重掷原因，战斗和理智检定不能执行孤注一掷。
B124: [急救]回复1点体力 | L124: [医学]回复1D3点体力
B125: 重伤 | D125: 一次受到最大生命值一半的伤害
B126: 昏迷 | D126: HP=0但并未[重伤]
B127: 濒死 | D127: HP=0且受到[重伤]。需要用[急救]摆脱濒死状态，并用[医学]进行后续治疗。
W128: 调查员伙伴 | AU128: 发明/发现/概念
B129: 无重伤下每天自然回复1点体力 | L129: 重伤时每周做1次恢复检定 | W129: 姓名 | AA129: 玩家 | AD129: 注释 | AL129: 造成改变 | AP129: 相遇模组 | AU129: 显示类型： | AZ129: 查找年份发明 | BG129: =IF(AZ129=附表!AT29,"要搜索的年份：","当前年份"&G8&"年") -> 要搜索的年份： | BL129: 1920
B130: 理智参考规则 | AU130: =附表!BA14 -> 广播电台 茶包
B131: 如果在需要SC的时候 | G131: 大失败 | N131: 失败 | R131: 成功
G132: 理智值≥50为100 否则为96-100 | N132: ＞当前san值 | R132: ≤当前san值
B134: 造成的结果 | G134: 减少可能出现的最大数值 | N134: 失败者减面数 较多的san值 | R134: 成功者减面数 较少的san值
B136: 临时疯狂 | E136: 一次损失5点以上的san值，并且智力检定成功
B137: 不定性疯狂 | E137: 一天内损失现有san值的五分之一
B138: 永久疯狂 | E138: san值为0
B139: 临时性疯狂 | H139: 不定性疯狂 | M139: 永久疯狂 | Q139: 出目： | S139: 1
B140: 1D10症状 持续时间1D10轮 与1d10小时的潜在疯狂 | H140: 1D10症状 持续时间1D10轮 之后掉san就进入疯狂 | M140: 这张卡将交给 KP永久控制 | Q140: 疯狂发作 即时症状
...

Sheet 审卡
B2: =人物卡!B2 -> 调查员信息 | S2: =人物卡!S2 -> 年龄补正： | V2: =人物卡!V2 -> 请和kp商议 | AA2: =人物卡!AA2 -> 属性 | AC2: =人物卡!AC2 -> 已用点数: | AG2: =人物卡!AG2 -> 0
B3: =人物卡!B3 -> 姓名 | E3: =IF(人物卡!E3="","",人物卡!E3) | S3: 力量🥊 | U3: =人物卡!U3 -> 0 | W3: =人物卡!W3 -> 0 | Y3: 敏捷⚡ | AA3: =人物卡!AA3 -> 0 | AC3: =人物卡!AC3 -> 0 | AE3: 意志😱 | AG3: =人物卡!AG3 -> 0 | AI3: =人物卡!AI3 -> 0 | AL3: =IF(人物卡!AU3="","",人物卡!AU3) | AT3: =IF(人物卡!BC3="","",人物卡!BC3) | BB3: =IF(人物卡!BK3="","",人物卡!BK3)
B4: =人物卡!B4 -> 玩家 | E4: =IF(人物卡!E4="","",人物卡!E4) | J4: =人物卡!J4 -> 时代 | M4: =人物卡!M4 -> 1920s | S4: STR | W4: =人物卡!W4 -> 0 | Y4: DEX | AC4: =人物卡!AC4 -> 0 | AE4: POW | AI4: =人物卡!AI4 -> 0
B5: =人物卡!B5 -> 职业 | E5: =IF(人物卡!E5="","",人物卡!E5) | J5: =人物卡!J5 -> 职业序号 | M5: =人物卡!M5 -> 0 | S5: 体质💪 | U5: =人物卡!U5 -> 0 | W5: =人物卡!W5 -> 0 | Y5: 外貌💄 | AA5: =人物卡!AA5 -> 0 | AC5: =人物卡!AC5 -> 0 | AE5: 教育🎓 | AG5: =人物卡!AG5 -> 0 | AI5: =人物卡!AI5 -> 0 | AL5: =IF(人物卡!AU5="","",人物卡!AU5) | AT5: =IF(人物卡!BC5="","",人物卡!BC5) | BB5: =IF(人物卡!BK5="","",人物卡!BK5)
B6: =人物卡!B6 -> 年龄 | E6: =IF(人物卡!E6="","",人物卡!E6) | J6: =人物卡!J6 -> 性别 | M6: =IF(人物卡!M6="","",人物卡!M6) | S6: CON | W6: =人物卡!W6 -> 0 | Y6: APP | AC6: =人物卡!AC6 -> 0 | AE6: 知识📚 | AI6: =人物卡!AI6 -> 0
B7: =人物卡!B7 -> 住地 | E7: =IF(人物卡!E7="","",人物卡!E7) | J7: =人物卡!J7 -> 故乡 | M7: =IF(人物卡!M7="","",人物卡!M7) -> （应包含国籍） | S7: 体型🚹 | U7: =人物卡!U7 -> 0 | W7: =人物卡!W7 -> 0 | Y7: 智力🧠 | AA7: =人物卡!AA7 -> 0 | AC7: =人物卡!AC7 -> 0 | AE7: 幸运🍀 | AG7: =人物卡!AG7 -> 0 | AI7: =人物卡!AI7 -> 0 | AL7: =IF(人物卡!AU7="","",人物卡!AU7) | AT7: =IF(人物卡!BC7="","",人物卡!BC7) | BB7: =IF(人物卡!BK7="","",人物卡!BK7)
B8: =人物卡!W61 -> 形象描述 | F8: =IF(人物卡!AA61="","",人物卡!AA61) | S8: SIZ | W8: =人物卡!W8 -> 0 | Y8: 灵感💡 | AC8: =人物卡!AC8 -> 0 | AE8: LUCK | AI8: =人物卡!AI8 -> 0
B10: HP❤️ | E10: =人物卡!E10 -> 0 | G10: =人物卡!G10 -> 0 | K10: SAN🧠 | N10: =人物卡!N10 -> 0 | P10: =人物卡!P10 -> 99 | T10: MP🔯 | W10: =人物卡!W10 -> 0 | Y10: =人物卡!Y10 -> 0 | AA10: =人物卡!AA10 -> 每h恢复 | AC10: MOV🦵 | AF10: =人物卡!AF10 -> 8 | AI10: =人物卡!AI10 -> 调整值 | AK10: 护甲🔰 | AN10: =人物卡!AN10 -> 无 | AP10: =人物卡!AP10 -> 覆盖部位
AA11: =人物卡!AA11 -> 1 | AI11: =人物卡!AI11 -> 0 | AP11: =人物卡!AP11 -> ——
B12: =人物卡!B12 -> 重伤值: | D12: =人物卡!D12 -> 0 | F12: =人物卡!F12 -> 临时生命值： | I12: =人物卡!I12 -> 0 | K12: =人物卡!K12 -> 今日损失 : | N12: =人物卡!N12 -> 0 | P12: =人物卡!P12 -> 剩余： | R12: =人物卡!R12 -> 0 | T12: =人物卡!T12 -> 用过的魔法： | X12: =IF(人物卡!X12="","",人物卡!X12) | AC12: =人物卡!AC12 -> 移动方式 | AE12: =人物卡!AE12 -> 步式 | AG12: =人物卡!AG12 -> 护甲减值 | AI12: =人物卡!AI12 -> 关 | AK12: =人物卡!AK12 -> 护甲类型 : | AN12: =人物卡!AN12 -> 请看【防具表】
B14: 本职最高 | F14: =审卡后台!G40 -> 0 | I14: =审卡后台!I40
B15: 兴趣最高 | F15: =审卡后台!T40 -> 0 | I15: =审卡后台!V40
B16: =IF(人物卡!M5=0,"本职技能（先选择职业）","["&LOOKUP(人物卡!M5,职业列表!A2:A232,职业列表!B2:B232)&"]的本职技能："&LOOKUP(人物卡!M5,职业列表!A2:A232,职业列表!G2:G232)) -> 本职技能（先选择职业）
B17: =IF(人物卡!M5=0,"职业信用范围（先选择职业）","职业信用范围："&LOOKUP(人物卡!M5,职业列表!A2:A232,职业列表!D2:D232)) -> 职业信用范围（先选择职业） | J17: =IF(人物卡!M5=0,"剩余技能点（先选择职业）","本职属性："&附表!J52&" ")&IF(人物卡!M5=0,"",(("剩余职业点="&附表!J53-SUM(人物卡!N16:O49,人物卡!AJ16:AK49))&" 剩余兴趣点="&人物卡!AA7+人物卡!AA7-SUM(人物卡!P16:Q49,人物卡!AL16:AM49)&IF(人物卡!F113=附表!B26,""," 剩余经历包点="&IF(ISNUMBER(附表!D34),附表!D34-SUM(人物卡!L16:M49,人物卡!AH16:AI49),附表!D34)))) -> 剩余技能点（先选择职业）
B18: 成长过或消耗了技能点的技能 | J18: 特长 | M18: =CONCATENATE("剩余:",人物卡!AU19) -> 剩余:无 | P18: 伤害 加值 | R18: =人物卡!AP52 -> 0 | U18: 经历包 | Z18: =IF(人物卡!J113="","",人物卡!J113) -> SAN值减少 备注：
B19: =审卡后台!AI40 | H19: =审卡后台!AK40 | J19: =_xlfn.TEXTJOIN(CHAR(10),TRUE,人物卡!BA18:BI22) | M19: =_xlfn.TEXTJOIN(CHAR(10),TRUE,人物卡!BJ18:BR22) | U19: =IF(人物卡!F113="","",人物卡!F113) -> 无 | AM19: =人物卡!AU43 -> 职业介绍
P20: 体格 | R20: =人物卡!AP55 -> 0 | AM20: =IF(人物卡!AU44="","",人物卡!AU44)
P22: 克苏鲁 神话 | R22: =人物卡!R27 -> 0 | U22: =IF(人物卡!B63="","",人物卡!B63) -> 连贫穷都够不上的人才能够叫做身无分文。住所：大概只有睡大街。旅行：步行，扒车或逃票上火车轮船。
P24: 信用 评级 | R24: =人物卡!R26 -> 0
J26: 随身物品🧺 | V26: 随身武器⚔️🔫
J27: =_xlfn.TEXTJOIN(CHAR(10),TRUE,审卡后台!W136:Y150,审卡后台!W135,审卡后台!O136:V150) | V27: =_xlfn.TEXTJOIN(CHAR(10),TRUE,审卡后台!AM155:AO159) | AI27: =IF(B107="🗣️","🌐",B107) -> 🌐
AI31: =人物卡!W61 -> 形象描述 | AM31: =IF(人物卡!AA61="","",人物卡!AA61) | BD31: =人物卡!AR61 -> ☐
V32: 法术列表🔮
V33: =_xlfn.TEXTJOIN(CHAR(10),TRUE,人物卡!Y114:AB120) | AB33: =_xlfn.TEXTJOIN(CHAR(10),TRUE,人物卡!Y121:AB126) | AI33: =人物卡!W63 -> 思想与信念 | AM33: =IF(人物卡!AA63="","",人物卡!AA63) | BD33: =人物卡!AR63 -> ☐
AI35: =人物卡!W65 -> 重要之人 | AM35: =IF(人物卡!AA65="","",人物卡!AA65) | BD35: =人物卡!AR65 -> ☐
AI37: =人物卡!W67 -> 意义非凡之地 | AM37: =IF(人物卡!AA67="","",人物卡!AA67) | BD37: =人物卡!AR67 -> ☐
AI39: =人物卡!W69 -> 宝贵之物 | AM39: =IF(人物卡!AA69="","",人物卡!AA69) | BD39: =人物卡!AR69 -> ☐
V41: 神话接触🐙 | AI41: =人物卡!W71 -> 特质 | AM41: =IF(人物卡!AA71="","",人物卡!AA71) | BD41: =人物卡!AR71 -> ☐
V42: =_xlfn.TEXTJOIN("、",TRUE,人物卡!W98:Z110)
AI43: =人物卡!W73 -> 伤口和疤痕 | AM43: =IF(人物卡!AA73="","",人物卡!AA73) | BD43: =人物卡!AR73 -> ☐
AI45: =人物卡!W75 -> 恐惧症和躁狂症 | AM45: =IF(人物卡!AA75="","",人物卡!AA75) | BD45: =人物卡!AR75 -> ☐
AI47: =IF(人物卡!W77="","",人物卡!W77) -> 请务必在此填写背景故事！ 使用Alt+Enter换行
J51: 经历模组📜 | V51: 结识调查员🤝
J52: =_xlfn.TEXTJOIN("、",TRUE,人物卡!B97:I112) | V52: =_xlfn.TEXTJOIN("、",TRUE,人物卡!W130:Z144)
J63: =人物卡!B51 -> 武器表
J64: =人物卡!B52 -> 武器名称 | O64: =人物卡!G52 -> 类型 | U64: =人物卡!M52 -> 使用技能 | Y64: =人物卡!Q52 -> 成功率 | AE64: =人物卡!W52 -> 伤害 | AI64: =人物卡!AA52 -> 基础射程 | AK64: =人物卡!AC52 -> 贯穿 | AM64: =人物卡!AE52 -> 次数 | AO64: =人物卡!AG52 -> 装弹量 | AR64: =人物卡!AJ52 -> 故障值
J65: =人物卡!B53 -> 无 | O65: =人物卡!G53 -> 肉搏 | U65: =人物卡!M53 -> 斗殴 | Y65: =人物卡!Q53 -> 25 | AA65: =人物卡!S53 -> 12 | AC65: =人物卡!U53 -> 5 | AE65: =人物卡!W53 -> 1D3+DB | AI65: =人物卡!AA53 -> —— | AK65: =人物卡!AC53 -> × | AM65: =人物卡!AE53 -> 1 | AO65: =人物卡!AG53 -> —— | AR65: =人物卡!AJ53 -> ——
J66: =IF(人物卡!B54="","",人物卡!B54) | O66: =IF(人物卡!G54="","",人物卡!G54) | U66: =IF(人物卡!M54="","",人物卡!M54) -> ←请选择类型 | Y66: =IF(人物卡!Q54="","",人物卡!Q54) | AA66: =IF(人物卡!S54="","",人物卡!S54) | AC66: =IF(人物卡!U54="","",人物卡!U54) | AE66: =IF(人物卡!W54="","",人物卡!W54) | AI66: =IF(人物卡!AA54="","",人物卡!AA54) | AK66: =IF(人物卡!AC54="","",人物卡!AC54) | AM66: =IF(人物卡!AE54="","",人物卡!AE54) | AO66: =IF(人物卡!AG54="","",人物卡!AG54) | AR66: =IF(人物卡!AJ54="","",人物卡!AJ54)
J67: =IF(人物卡!B55="","",人物卡!B55) | O67: =IF(人物卡!G55="","",人物卡!G55) | U67: =IF(人物卡!M55="","",人物卡!M55) | Y67: =IF(人物卡!Q55="","",人物卡!Q55) | AA67: =IF(人物卡!S55="","",人物卡!S55) | AC67: =IF(人物卡!U55="","",人物卡!U55) | AE67: =IF(人物卡!W55="","",人物卡!W55) | AI67: =IF(人物卡!AA55="","",人物卡!AA55) | AK67: =IF(人物卡!AC55="","",人物卡!AC55) | AM67: =IF(人物卡!AE55="","",人物卡!AE55) | AO67: =IF(人物卡!AG55="","",人物卡!AG55) | AR67: =IF(人物卡!AJ55="","",人物卡!AJ55)
J68: =IF(人物卡!B56="","",人物卡!B56) | O68: =IF(人物卡!G56="","",人物卡!G56) | U68: =IF(人物卡!M56="","",人物卡!M56) | Y68: =IF(人物卡!Q56="","",人物卡!Q56) | AA68: =IF(人物卡!S56="","",人物卡!S56) | AC68: =IF(人物卡!U56="","",人物卡!U56) | AE68: =IF(人物卡!W56="","",人物卡!W56) | AI68: =IF(人物卡!AA56="","",人物卡!AA56) | AK68: =IF(人物卡!AC56="","",人物卡!AC56) | AM68: =IF(人物卡!AE56="","",人物卡!AE56) | AO68: =IF(人物卡!AG56="","",人物卡!AG56) | AR68: =IF(人物卡!AJ56="","",人物卡!AJ56)
J69: =IF(人物卡!B57="","",人物卡!B57) | O69: =IF(人物卡!G57="","",人物卡!G57) | U69: =IF(人物卡!M57="","",人物卡!M57) | Y69: =IF(人物卡!Q57="","",人物卡!Q57) | AA69: =IF(人物卡!S57="","",人物卡!S57) | AC69: =IF(人物卡!U57="","",人物卡!U57) | AE69: =IF(人物卡!W57="","",人物卡!W57) | AI69: =IF(人物卡!AA57="","",人物卡!AA57) | AK69: =IF(人物卡!AC57="","",人物卡!AC57) | AM69: =IF(人物卡!AE57="","",人物卡!AE57) | AO69: =IF(人物卡!AG57="","",人物卡!AG57) | AR69: =IF(人物卡!AJ57="","",人物卡!AJ57)
J70: =IF(人物卡!B58="","",人物卡!B58) | O70: =IF(人物卡!G58="","",人物卡!G58) | U70: =IF(人物卡!M58="","",人物卡!M58) | Y70: =IF(人物卡!Q58="","",人物卡!Q58) | AA70: =IF(人物卡!S58="","",人物卡!S58) | AC70: =IF(人物卡!U58="","",人物卡!U58) | AE70: =IF(人物卡!W58="","",人物卡!W58) | AI70: =IF(人物卡!AA58="","",人物卡!AA58) | AK70: =IF(人物卡!AC58="","",人物卡!AC58) | AM70: =IF(人物卡!AE58="","",人物卡!AE58) | AO70: =IF(人物卡!AG58="","",人物卡!AG58) | AR70: =IF(人物卡!AJ58="","",人物卡!AJ58)
B72: =人物卡!$B$14 -> 技能表 | AM72: 原作者：丛雨 改版作者QQ：201165371 改版更新日志： V1.1 修复了初始教育过高导致的过高“母语”技能占用审卡界面“本职最高”和“兴趣最高”的问题。现在不使用技能点增加母语时母语会被忽略 V1.2 彻底修复母语的问题并优化方法，并且预防了其他技能出现类似的问题。 增加了检测是否非法使用本职技能点的功能 V1.3 为属性添加了图标 将审卡界面武器显示的识别点从名称改为类型 修复原人物卡妙手技能注释中的错别字(残害→残骸)
C73: 本职 | E73: 技能名称 | I73: 初始 | K73: 成长 | M73: 职业 | O73: 兴趣 | Q73: 成功率 | U73: 本职 | W73: 技能名称 | AA73: 初始 | AC73: 成长 | AE73: 职业 | AG73: 兴趣 | AI73: 成功率
B74: =人物卡!A16 -> 📒 | C74: =人物卡!D16 -> 0 | E74: =人物卡!F16 -> 会计 | I74: =人物卡!J16 -> 5 | K74: =人物卡!L16 -> 0 | M74: =人物卡!N16 -> 0 | O74: =人物卡!P16 -> 0 | Q74: =人物卡!R16 -> 5 | T74: =人物卡!AT16 -> ⚖️ | U74: =人物卡!Z16 -> 0 | W74: =人物卡!AB16 -> 法律 | AA74: =人物卡!AF16 -> 5 | AC74: =人物卡!AH16 -> 0 | AE74: =人物卡!AJ16 -> 0 | AG74: =人物卡!AL16 -> 0 | AI74: =人物卡!AN16 -> 5
B75: =人物卡!A17 -> 👨🏿‍🦲 | C75: =人物卡!D17 -> 0 | E75: =人物卡!F17 -> 人类学 | I75: =人物卡!J17 -> 1 | K75: =人物卡!L17 -> 0 | M75: =人物卡!N17 -> 0 | O75: =人物卡!P17 -> 0 | Q75: =人物卡!R17 -> 1 | T75: =人物卡!AT17 -> 📚 | U75: =人物卡!Z17 -> 0 | W75: =人物卡!AB17 -> 图书馆使用 | AA75: =人物卡!AF17 -> 20 | AC75: =人物卡!AH17 -> 0 | AE75: =人物卡!AJ17 -> 0 | AG75: =人物卡!AL17 -> 0 | AI75: =人物卡!AN17 -> 20
B76: =人物卡!A18 -> 💵 | C76: =人物卡!D18 -> 0 | E76: =人物卡!F18 -> 估价 | I76: =人物卡!J18 -> 5 | K76: =人物卡!L18 -> 0 | M76: =人物卡!N18 -> 0 | O76: =人物卡!P18 -> 0 | Q76: =人物卡!R18 -> 5 | T76: =人物卡!AT18 -> 👂 | U76: =人物卡!Z18 -> 0 | W76: =人物卡!AB18 -> 聆听 | AA76: =人物卡!AF18 -> 20 | AC76: =人物卡!AH18 -> 0 | AE76: =人物卡!AJ18 -> 0 | AG76: =人物卡!AL18 -> 0 | AI76: =人物卡!AN18 -> 20
B77: =人物卡!A19 -> 🗿 | C77: =人物卡!D19 -> 0 | E77: =人物卡!F19 -> 考古学 | I77: =人物卡!J19 -> 1 | K77: =人物卡!L19 -> 0 | M77: =人物卡!N19 -> 0 | O77: =人物卡!P19 -> 0 | Q77: =人物卡!R19 -> 1 | T77: =人物卡!AT19 -> 🔒 | U77: =人物卡!Z19 -> 0 | W77: =人物卡!AB19 -> 锁匠 | AA77: =人物卡!AF19 -> 1 | AC77: =人物卡!AH19 -> 0 | AE77: =人物卡!AJ19 -> 0 | AG77: =人物卡!AL19 -> 0 | AI77: =人物卡!AN19 -> 1
B78: =人物卡!A20 -> 🔅 | C78: =人物卡!D20 -> 0 | E78: =人物卡!F20 -> 技艺① | I78: =人物卡!J20 -> 5 | K78: =人物卡!L20 -> 0 | M78: =人物卡!N20 -> 0 | O78: =人物卡!P20 -> 0 | Q78: =人物卡!R20 -> 5 | T78: =人物卡!AT20 -> 🛠️ | U78: =人物卡!Z20 -> 0 | W78: =人物卡!AB20 -> 机械维修 | AA78: =人物卡!AF20 -> 10 | AC78: =人物卡!AH20 -> 0 | AE78: =人物卡!AJ20 -> 0 | AG78: =人物卡!AL20 -> 0 | AI78: =人物卡!AN20 -> 10
B79: =人物卡!A21 -> 🔅 | C79: =人物卡!D21 -> 0 | E79: =人物卡!F21 -> 技艺② | I79: =人物卡!J21 -> 5 | K79: =人物卡!L21 -> 0 | M79: =人物卡!N21 -> 0 | O79: =人物卡!P21 -> 0 | Q79: =人物卡!R21 -> 5 | T79: =人物卡!AT21 -> 💊 | U79: =人物卡!Z21 -> 0 | W79: =人物卡!AB21 -> 医学 | AA79: =人物卡!AF21 -> 1 | AC79: =人物卡!AH21 -> 0 | AE79: =人物卡!AJ21 -> 0 | AG79: =人物卡!AL21 -> 0 | AI79: =人物卡!AN21 -> 1
B80: =人物卡!A22 -> 🔅 | C80: =人物卡!D22 -> 0 | E80: =人物卡!F22 -> 技艺③ | I80: =人物卡!J22 -> 5 | K80: =人物卡!L22 -> 0 | M80: =人物卡!N22 -> 0 | O80: =人物卡!P22 -> 0 | Q80: =人物卡!R22 -> 5 | T80: =人物卡!AT22 -> 🔬 | U80: =人物卡!Z22 -> 0 | W80: =人物卡!AB22 -> 博物学 | AA80: =人物卡!AF22 -> 10 | AC80: =人物卡!AH22 -> 0 | AE80: =人物卡!AJ22 -> 0 | AG80: =人物卡!AL22 -> 0 | AI80: =人物卡!AN22 -> 10
B81: =人物卡!A23 -> 😍 | C81: =人物卡!D23 -> 0 | E81: =人物卡!F23 -> 取悦 | I81: =人物卡!J23 -> 15 | K81: =人物卡!L23 -> 0 | M81: =人物卡!N23 -> 0 | O81: =人物卡!P23 -> 0 | Q81: =人物卡!R23 -> 15 | T81: =人物卡!AT23 -> 🧭 | U81: =人物卡!Z23 -> 0 | W81: =人物卡!AB23 -> 导航 | AA81: =人物卡!AF23 -> 10 | AC81: =人物卡!AH23 -> 0 | AE81: =人物卡!AJ23 -> 0 | AG81: =人物卡!AL23 -> 0 | AI81: =人物卡!AN23 -> 10
B82: =人物卡!A24 -> 🧗‍♂️ | C82: =人物卡!D24 -> 0 | E82: =人物卡!F24 -> 攀爬 | I82: =人物卡!J24 -> 20 | K82: =人物卡!L24 -> 0 | M82: =人物卡!N24 -> 0 | O82: =人物卡!P24 -> 0 | Q82: =人物卡!R24 -> 20 | T82: =人物卡!AT24 -> 🔮 | U82: =人物卡!Z24 -> 0 | W82: =人物卡!AB24 -> 神秘学 | AA82: =人物卡!AF24 -> 5 | AC82: =人物卡!AH24 -> 0 | AE82: =人物卡!AJ24 -> 0 | AG82: =人物卡!AL24 -> 0 | AI82: =人物卡!AN24 -> 5
B83: =人物卡!A25 -> 💻 | C83: =人物卡!D25 -> 0 | E83: =人物卡!F25 -> 计算机使用 Ω | I83: =人物卡!J25 -> 5 | K83: =人物卡!L25 -> 0 | M83: =人物卡!N25 -> 0 | O83: =人物卡!P25 -> 0 | Q83: =人物卡!R25 -> 5 | T83: =人物卡!AT25 -> 🚜 | U83: =人物卡!Z25 -> 0 | W83: =人物卡!AB25 -> 操作重型机械 | AA83: =人物卡!AF25 -> 1 | AC83: =人物卡!AH25 -> 0 | AE83: =人物卡!AJ25 -> 0 | AG83: =人物卡!AL25 -> 0 | AI83: =人物卡!AN25 -> 1
B84: =人物卡!A26 -> 💳 | C84: =人物卡!D26 -> ★ | E84: =人物卡!F26 -> 信用评级 | I84: =人物卡!J26 -> 0 | K84: =人物卡!L26 -> 0 | M84: =人物卡!N26 -> 0 | O84: =人物卡!P26 -> 0 | Q84: =人物卡!R26 -> 0 | T84: =人物卡!AT26 -> 🤓 | U84: =人物卡!Z26 -> 0 | W84: =人物卡!AB26 -> 说服 | AA84: =人物卡!AF26 -> 10 | AC84: =人物卡!AH26 -> 0 | AE84: =人物卡!AJ26 -> 0 | AG84: =人物卡!AL26 -> 0 | AI84: =人物卡!AN26 -> 10
B85: =人物卡!A27 -> 🐙 | C85: =人物卡!D27 -> 0 | E85: =人物卡!F27 -> 克苏鲁神话 | I85: =人物卡!J27 -> 0 | K85: =人物卡!L27 -> 0 | M85: =人物卡!N27 -> —— | O85: =人物卡!P27 -> —— | Q85: =人物卡!R27 -> 0 | T85: =人物卡!AT27 -> ⛴️ | U85: =人物卡!Z27 -> 0 | W85: =人物卡!AB27 -> 驾驶： | Y85: =人物卡!AD27 -> 0 | AA85: =人物卡!AF27 -> 1 | AC85: =人物卡!AH27 -> 0 | AE85: =人物卡!AJ27 -> 0 | AG85: =人物卡!AL27 -> 0 | AI85: =人物卡!AN27 -> 1
B86: =人物卡!A28 -> 👩‍🎤 | C86: =人物卡!D28 -> 0 | E86: =人物卡!F28 -> 乔装 | I86: =人物卡!J28 -> 5 | K86: =人物卡!L28 -> 0 | M86: =人物卡!N28 -> 0 | O86: =人物卡!P28 -> 0 | Q86: =人物卡!R28 -> 5 | T86: =人物卡!AT28 -> 💡 | U86: =人物卡!Z28 -> 0 | W86: =人物卡!AB28 -> 精神分析 | AA86: =人物卡!AF28 -> 1 | AC86: =人物卡!AH28 -> 0 | AE86: =人物卡!AJ28 -> 0 | AG86: =人物卡!AL28 -> 0 | AI86: =人物卡!AN28 -> 1
B87: =人物卡!A29 -> 💨 | C87: =人物卡!D29 -> 0 | E87: =人物卡!F29 -> 闪避 | I87: =人物卡!J29 -> 0 | K87: =人物卡!L29 -> 0 | M87: =人物卡!N29 -> 0 | O87: =人物卡!P29 -> 0 | Q87: =人物卡!R29 -> 0 | T87: =人物卡!AT29 -> 💓 | U87: =人物卡!Z29 -> 0 | W87: =人物卡!AB29 -> 心理学 | AA87: =人物卡!AF29 -> 10 | AC87: =人物卡!AH29 -> 0 | AE87: =人物卡!AJ29 -> 0 | AG87: =人物卡!AL29 -> 0 | AI87: =人物卡!AN29 -> 10
B88: =人物卡!A30 -> 🚙 | C88: =人物卡!D30 -> 0 | E88: =人物卡!F30 -> 汽车驾驶 | I88: =人物卡!J30 -> 20 | K88: =人物卡!L30 -> 0 | M88: =人物卡!N30 -> 0 | O88: =人物卡!P30 -> 0 | Q88: =人物卡!R30 -> 20 | T88: =人物卡!AT30 -> 🐴 | U88: =人物卡!Z30 -> 0 | W88: =人物卡!AB30 -> 骑术 | AA88: =人物卡!AF30 -> 5 | AC88: =人物卡!AH30 -> 0 | AE88: =人物卡!AJ30 -> 0 | AG88: =人物卡!AL30 -> 0 | AI88: =人物卡!AN30 -> 5
B89: =人物卡!A31 -> ⚒️ | C89: =人物卡!D31 -> 0 | E89: =人物卡!F31 -> 电气维修 | I89: =人物卡!J31 -> 10 | K89: =人物卡!L31 -> 0 | M89: =人物卡!N31 -> 0 | O89: =人物卡!P31 -> 0 | Q89: =人物卡!R31 -> 10 | T89: =人物卡!AT31 -> 🔅 | U89: =人物卡!Z31 -> 0 | W89: =人物卡!AB31 -> 科学① | Y89: =人物卡!AD31 -> 0 | AA89: =人物卡!AF31 -> 1 | AC89: =人物卡!AH31 -> 0 | AE89: =人物卡!AJ31 -> 0 | AG89: =人物卡!AL31 -> 0 | AI89: =人物卡!AN31 -> 1
B90: =人物卡!A32 -> ⚡ | C90: =人物卡!D32 -> 0 | E90: =人物卡!F32 -> 电子学 Ω | I90: =人物卡!J32 -> 1 | K90: =人物卡!L32 -> 0 | M90: =人物卡!N32 -> 0 | O90: =人物卡!P32 -> 0 | Q90: =人物卡!R32 -> 1 | T90: =人物卡!AT32 -> 🔅 | U90: =人物卡!Z32 -> 0 | W90: =人物卡!AB32 -> 科学② | Y90: =人物卡!AD32 -> 0 | AA90: =人物卡!AF32 -> 1 | AC90: =人物卡!AH32 -> 0 | AE90: =人物卡!AJ32 -> 0 | AG90: =人物卡!AL32 -> 0 | AI90: =人物卡!AN32 -> 1
B91: =人物卡!A33 -> 🤥 | C91: =人物卡!D33 -> 0 | E91: =人物卡!F33 -> 话术 | I91: =人物卡!J33 -> 5 | K91: =人物卡!L33 -> 0 | M91: =人物卡!N33 -> 0 | O91: =人物卡!P33 -> 0 | Q91: =人物卡!R33 -> 5 | T91: =人物卡!AT33 -> 🔅 | U91: =人物卡!Z33 -> 0 | W91: =人物卡!AB33 -> 科学③ | Y91: =人物卡!AD33 -> 0 | AA91: =人物卡!AF33 -> 1 | AC91: =人物卡!AH33 -> 0 | AE91: =人物卡!AJ33 -> 0 | AG91: =人物卡!AL33 -> 0 | AI91: =人物卡!AN33 -> 1
B92: =人物卡!A34 -> 🥊 | C92: =人物卡!D34 -> 0 | E92: =人物卡!F34 -> 格斗： | G92: =人物卡!H34 -> 斗殴 | I92: =人物卡!J34 -> 25 | K92: =人物卡!L34 -> 0 | M92: =人物卡!N34 -> 0 | O92: =人物卡!P34 -> 0 | Q92: =人物卡!R34 -> 25 | T92: =人物卡!AT34 -> 👋 | U92: =人物卡!Z34 -> 0 | W92: =人物卡!AB34 -> 妙手 | AA92: =人物卡!AF34 -> 10 | AC92: =人物卡!AH34 -> 0 | AE92: =人物卡!AJ34 -> 0 | AG92: =人物卡!AL34 -> 0 | AI92: =人物卡!AN34 -> 10
B93: =人物卡!A35 -> 🔅 | C93: =人物卡!D35 -> 0 | E93: =人物卡!F35 -> 格斗① | G93: =人物卡!H35 -> 0 | I93: =人物卡!J35 -> 0 | K93: =人物卡!L35 -> 0 | M93: =人物卡!N35 -> 0 | O93: =人物卡!P35 -> 0 | Q93: =人物卡!R35 -> 0 | T93: =人物卡!AT35 -> 👀 | U93: =人物卡!Z35 -> 0 | W93: =人物卡!AB35 -> 侦查 | AA93: =人物卡!AF35 -> 25 | AC93: =人物卡!AH35 -> 0 | AE93: =人物卡!AJ35 -> 0 | AG93: =人物卡!AL35 -> 0 | AI93: =人物卡!AN35 -> 25
B94: =人物卡!A36 -> 🔅 | C94: =人物卡!D36 -> 0 | E94: =人物卡!F36 -> 格斗② | G94: =人物卡!H36 -> 0 | I94: =人物卡!J36 -> 0 | K94: =人物卡!L36 -> 0 | M94: =人物卡!N36 -> 0 | O94: =人物卡!P36 -> 0 | Q94: =人物卡!R36 -> 0 | T94: =人物卡!AT36 -> 👣 | U94: =人物卡!Z36 -> 0 | W94: =人物卡!AB36 -> 潜行 | AA94: =人物卡!AF36 -> 20 | AC94: =人物卡!AH36 -> 0 | AE94: =人物卡!AJ36 -> 0 | AG94: =人物卡!AL36 -> 0 | AI94: =人物卡!AN36 -> 20
B95: =人物卡!A37 -> 🔅 | C95: =人物卡!D37 -> 0 | E95: =人物卡!F37 -> 格斗③ | G95: =人物卡!H37 -> 0 | I95: =人物卡!J37 -> 0 | K95: =人物卡!L37 -> 0 | M95: =人物卡!N37 -> 0 | O95: =人物卡!P37 -> 0 | Q95: =人物卡!R37 -> 0 | T95: =人物卡!AT37 -> ⛺ | U95: =人物卡!Z37 -> 0 | W95: =人物卡!AB37 -> 生存： | Y95: =人物卡!AD37 -> 0 | AA95: =人物卡!AF37 -> 10 | AC95: =人物卡!AH37 -> 0 | AE95: =人物卡!AJ37 -> 0 | AG95: =人物卡!AL37 -> 0 | AI95: =人物卡!AN37 -> 10
B96: =人物卡!A38 -> 🎯 | C96: =人物卡!D38 -> 0 | E96: =人物卡!F38 -> 射击： | G96: =人物卡!H38 -> 手枪 | I96: =人物卡!J38 -> 20 | K96: =人物卡!L38 -> 0 | M96: =人物卡!N38 -> 0 | O96: =人物卡!P38 -> 0 | Q96: =人物卡!R38 -> 20 | T96: =人物卡!AT38 -> 🏊‍♂️ | U96: =人物卡!Z38 -> 0 | W96: =人物卡!AB38 -> 游泳 | AA96: =人物卡!AF38 -> 20 | AC96: =人物卡!AH38 -> 0 | AE96: =人物卡!AJ38 -> 0 | AG96: =人物卡!AL38 -> 0 | AI96: =人物卡!AN38 -> 20
B97: =人物卡!A39 -> 🎯 | C97: =人物卡!D39 -> 0 | E97: =人物卡!F39 -> 射击① | G97: =人物卡!H39 -> 0 | I97: =人物卡!J39 -> 0 | K97: =人物卡!L39 -> 0 | M97: =人物卡!N39 -> 0 | O97: =人物卡!P39 -> 0 | Q97: =人物卡!R39 -> 0 | T97: =人物卡!AT39 -> 🏀 | U97: =人物卡!Z39 -> 0 | W97: =人物卡!AB39 -> 投掷 | AA97: =人物卡!AF39 -> 20 | AC97: =人物卡!AH39 -> 0 | AE97: =人物卡!AJ39 -> 0 | AG97: =人物卡!AL39 -> 0 | AI97: =人物卡!AN39 -> 20
B98: =人物卡!A40 -> 🎯 | C98: =人物卡!D40 -> 0 | E98: =人物卡!F40 -> 射击② | G98: =人物卡!H40 -> 0 | I98: =人物卡!J40 -> 0 | K98: =人物卡!L40 -> 0 | M98: =人物卡!N40 -> 0 | O98: =人物卡!P40 -> 0 | Q98: =人物卡!R40 -> 0 | T98: =人物卡!AT40 -> 🐾 | U98: =人物卡!Z40 -> 0 | W98: =人物卡!AB40 -> 追踪 | AA98: =人物卡!AF40 -> 10 | AC98: =人物卡!AH40 -> 0 | AE98: =人物卡!AJ40 -> 0 | AG98: =人物卡!AL40 -> 0 | AI98: =人物卡!AN40 -> 10
B99: =人物卡!A41 -> 🎯 | C99: =人物卡!D41 -> 0 | E99: =人物卡!F41 -> 射击③ | G99: =人物卡!H41 -> 0 | I99: =人物卡!J41 -> 0 | K99: =人物卡!L41 -> 0 | M99: =人物卡!N41 -> 0 | O99: =人物卡!P41 -> 0 | Q99: =人物卡!R41 -> 0 | T99: =人物卡!AT41 -> 🐶 | U99: =人物卡!Z41 -> 0 | W99: =人物卡!AB41 -> 动物驯养 | AA99: =人物卡!AF41 -> 5 | AC99: =人物卡!AH41 -> 0 | AE99: =人物卡!AJ41 -> 0 | AG99: =人物卡!AL41 -> 0 | AI99: =人物卡!AN41 -> 5
B100: =人物卡!A42 -> 💉 | C100: =人物卡!D42 -> 0 | E100: =人物卡!F42 -> 急救 | I100: =人物卡!J42 -> 30 | K100: =人物卡!L42 -> 0 | M100: =人物卡!N42 -> 0 | O100: =人物卡!P42 -> 0 | Q100: =人物卡!R42 -> 30 | T100: =人物卡!AT42 -> 🐠 | U100: =人物卡!Z42 -> 0 | W100: =人物卡!AB42 -> 潜水 | AA100: =人物卡!AF42 -> 1 | AC100: =人物卡!AH42 -> 0 | AE100: =人物卡!AJ42 -> 0 | AG100: =人物卡!AL42 -> 0 | AI100: =人物卡!AN42 -> 1
B101: =人物卡!A43 -> ⏳ | C101: =人物卡!D43 -> 0 | E101: =人物卡!F43 -> 历史 | I101: =人物卡!J43 -> 5 | K101: =人物卡!L43 -> 0 | M101: =人物卡!N43 -> 0 | O101: =人物卡!P43 -> 0 | Q101: =人物卡!R43 -> 5 | T101: =人物卡!AT43 -> 💣 | U101: =人物卡!Z43 -> 0 | W101: =人物卡!AB43 -> 爆破 | AA101: =人物卡!AF43 -> 1 | AC101: =人物卡!AH43 -> 0 | AE101: =人物卡!AJ43 -> 0 | AG101: =人物卡!AL43 -> 0 | AI101: =人物卡!AN43 -> 1
B102: =人物卡!A44 -> 😱 | C102: =人物卡!D44 -> 0 | E102: =人物卡!F44 -> 恐吓 | I102: =人物卡!J44 -> 15 | K102: =人物卡!L44 -> 0 | M102: =人物卡!N44 -> 0 | O102: =人物卡!P44 -> 0 | Q102: =人物卡!R44 -> 15 | T102: =人物卡!AT44 -> 👄 | U102: =人物卡!Z44 -> 0 | W102: =人物卡!AB44 -> 读唇 | AA102: =人物卡!AF44 -> 1 | AC102: =人物卡!AH44 -> 0 | AE102: =人物卡!AJ44 -> 0 | AG102: =人物卡!AL44 -> 0 | AI102: =人物卡!AN44 -> 1
B103: =人物卡!A45 -> 🐸 | C103: =人物卡!D45 -> 0 | E103: =人物卡!F45 -> 跳跃 | I103: =人物卡!J45 -> 20 | K103: =人物卡!L45 -> 0 | M103: =人物卡!N45 -> 0 | O103: =人物卡!P45 -> 0 | Q103: =人物卡!R45 -> 20 | T103: =人物卡!AT45 -> 💤 | U103: =人物卡!Z45 -> 0 | W103: =人物卡!AB45 -> 催眠 | AA103: =人物卡!AF45 -> 1 | AC103: =人物卡!AH45 -> 0 | AE103: =人物卡!AJ45 -> 0 | AG103: =人物卡!AL45 -> 0 | AI103: =人物卡!AN45 -> 1
B104: =人物卡!A46 -> 🔅 | C104: =人物卡!D46 -> 0 | E104: =人物卡!F46 -> 外语① | G104: =人物卡!H46 -> 0 | I104: =人物卡!J46 -> 1 | K104: =人物卡!L46 -> 0 | M104: =人物卡!N46 -> 0 | O104: =人物卡!P46 -> 0 | Q104: =人物卡!R46 -> 1 | T104: =人物卡!AT46 -> ☄️ | U104: =人物卡!Z46 -> 0 | W104: =人物卡!AB46 -> 炮术 | AA104: =人物卡!AF46 -> 1 | AC104: =人物卡!AH46 -> 0 | AE104: =人物卡!AJ46 -> 0 | AG104: =人物卡!AL46 -> 0 | AI104: =人物卡!AN46 -> 1
B105: =人物卡!A47 -> 🔅 | C105: =人物卡!D47 -> 0 | E105: =人物卡!F47 -> 外语② | G105: =人物卡!H47 -> 0 | I105: =人物卡!J47 -> 1 | K105: =人物卡!L47 -> 0 | M105: =人物卡!N47 -> 0 | O105: =人物卡!P47 -> 0 | Q105: =人物卡!R47 -> 1 | T105: =人物卡!AT47 -> 👽 | U105: =人物卡!Z47 -> 0 | W105: =人物卡!AB47 -> 学识： | Y105: =人物卡!AD47 -> 0 | AA105: =人物卡!AF47 -> 1 | AC105: =人物卡!AH47 -> 0 | AE105: =人物卡!AJ47 -> 0 | AG105: =人物卡!AL47 -> 0 | AI105: =人物卡!AN47 -> 1
B106: =人物卡!A48 -> 🔅 | C106: =人物卡!D48 -> 0 | E106: =人物卡!F48 -> 外语③ | G106: =人物卡!H48 -> 0 | I106: =人物卡!J48 -> 1 | K106: =人物卡!L48 -> 0 | M106: =人物卡!N48 -> 0 | O106: =人物卡!P48 -> 0 | Q106: =人物卡!R48 -> 1 | T106: =人物卡!AT48 -> ❓ | U106: =人物卡!Z48 -> 0 | W106: =人物卡!AB48 -> 自定义技能 | AA106: =人物卡!AF48 -> 0 | AC106: =人物卡!AH48 -> 0 | AE106: =人物卡!AJ48 -> 0 | AG106: =人物卡!AL48 -> 0 | AI106: =人物卡!AN48 -> 0
B107: =人物卡!A49 -> 🗣️ | C107: =人物卡!D49 -> 0 | E107: =人物卡!F49 -> 母语 | G107: =人物卡!H49 -> 0 | I107: =人物卡!J49 -> 0 | K107: =人物卡!L49 -> 0 | M107: =人物卡!N49 -> 0 | O107: =人物卡!P49 -> 0 | Q107: =人物卡!R49 -> 0 | T107: =人物卡!AT49 -> 0 | U107: =人物卡!Z49 | W107: =人物卡!AB49 -> 0 | AA107: =人物卡!AF49 -> 0 | AC107: =人物卡!AH49 -> 0 | AE107: =人物卡!AJ49 -> 0 | AG107: =人物卡!AL49 -> 0 | AI107: =人物卡!AN49 -> 0

Sheet 审卡后台
C3: 技能表
D4: =人物卡!D15 -> 本职 | F4: =人物卡!F15 -> 技能名称 | J4: =人物卡!J15 -> 初始 | L4: =人物卡!L15 -> 成长 | N4: =人物卡!N15 -> 职业 | P4: =人物卡!P15 -> 兴趣 | R4: =人物卡!R15 -> 成功率 普通/困难/极难 | X4: =人物卡!Z15 -> 本职 | Z4: =人物卡!AB15 -> 技能名称 | AD4: =人物卡!AF15 -> 初始 | AF4: =人物卡!AH15 -> 成长 | AH4: =人物卡!AJ15 -> 职业 | AJ4: =人物卡!AL15 -> 兴趣 | AL4: =人物卡!AN15 -> 成功率 普通/困难/极难
C5: =IF(人物卡!A16="","",人物卡!A16) -> 📒 | D5: =人物卡!D16 -> 0 | F5: =人物卡!F16 -> 会计 | J5: =人物卡!J16 -> 5 | L5: =人物卡!L16 -> 0 | N5: =人物卡!N16 -> 0 | P5: =人物卡!P16 -> 0 | R5: =人物卡!R16 -> 5 | T5: =人物卡!T16 -> 2 | V5: =人物卡!V16 -> 1 | X5: =人物卡!Z16 -> 0 | Z5: =人物卡!AB16 -> 法律 | AD5: =人物卡!AF16 -> 5 | AF5: =人物卡!AH16 -> 0 | AH5: =人物卡!AJ16 -> 0 | AJ5: =人物卡!AL16 -> 0 | AL5: =人物卡!AN16 -> 5 | AN5: =人物卡!AP16 -> 2 | AP5: =人物卡!AR16 -> 1 | AR5: =IF(人物卡!AT16="","",人物卡!AT16) -> ⚖️
C6: =IF(人物卡!A17="","",人物卡!A17) -> 👨🏿‍🦲 | D6: =人物卡!D17 -> 0 | F6: =人物卡!F17 -> 人类学 | J6: =人物卡!J17 -> 1 | L6: =人物卡!L17 -> 0 | N6: =人物卡!N17 -> 0 | P6: =人物卡!P17 -> 0 | R6: =人物卡!R17 -> 1 | T6: =人物卡!T17 -> 0 | V6: =人物卡!V17 -> 0 | X6: =人物卡!Z17 -> 0 | Z6: =人物卡!AB17 -> 图书馆使用 | AD6: =人物卡!AF17 -> 20 | AF6: =人物卡!AH17 -> 0 | AH6: =人物卡!AJ17 -> 0 | AJ6: =人物卡!AL17 -> 0 | AL6: =人物卡!AN17 -> 20 | AN6: =人物卡!AP17 -> 10 | AP6: =人物卡!AR17 -> 4 | AR6: =IF(人物卡!AT17="","",人物卡!AT17) -> 📚
C7: =IF(人物卡!A18="","",人物卡!A18) -> 💵 | D7: =人物卡!D18 -> 0 | F7: =人物卡!F18 -> 估价 | J7: =人物卡!J18 -> 5 | L7: =人物卡!L18 -> 0 | N7: =人物卡!N18 -> 0 | P7: =人物卡!P18 -> 0 | R7: =人物卡!R18 -> 5 | T7: =人物卡!T18 -> 2 | V7: =人物卡!V18 -> 1 | X7: =人物卡!Z18 -> 0 | Z7: =人物卡!AB18 -> 聆听 | AD7: =人物卡!AF18 -> 20 | AF7: =人物卡!AH18 -> 0 | AH7: =人物卡!AJ18 -> 0 | AJ7: =人物卡!AL18 -> 0 | AL7: =人物卡!AN18 -> 20 | AN7: =人物卡!AP18 -> 10 | AP7: =人物卡!AR18 -> 4 | AR7: =IF(人物卡!AT18="","",人物卡!AT18) -> 👂
C8: =IF(人物卡!A19="","",人物卡!A19) -> 🗿 | D8: =人物卡!D19 -> 0 | F8: =人物卡!F19 -> 考古学 | J8: =人物卡!J19 -> 1 | L8: =人物卡!L19 -> 0 | N8: =人物卡!N19 -> 0 | P8: =人物卡!P19 -> 0 | R8: =人物卡!R19 -> 1 | T8: =人物卡!T19 -> 0 | V8: =人物卡!V19 -> 0 | X8: =人物卡!Z19 -> 0 | Z8: =人物卡!AB19 -> 锁匠 | AD8: =人物卡!AF19 -> 1 | AF8: =人物卡!AH19 -> 0 | AH8: =人物卡!AJ19 -> 0 | AJ8: =人物卡!AL19 -> 0 | AL8: =人物卡!AN19 -> 1 | AN8: =人物卡!AP19 -> 0 | AP8: =人物卡!AR19 -> 0 | AR8: =IF(人物卡!AT19="","",人物卡!AT19) -> 🔒
C9: =IF(人物卡!A20="","",人物卡!A20) -> 🔅 | D9: =人物卡!D20 -> 0 | F9: =人物卡!F20 -> 技艺① | H9: =IF(人物卡!H20="","",人物卡!H20) | J9: =人物卡!J20 -> 5 | L9: =人物卡!L20 -> 0 | N9: =人物卡!N20 -> 0 | P9: =人物卡!P20 -> 0 | R9: =人物卡!R20 -> 5 | T9: =人物卡!T20 -> 2 | V9: =人物卡!V20 -> 1 | X9: =人物卡!Z20 -> 0 | Z9: =人物卡!AB20 -> 机械维修 | AD9: =人物卡!AF20 -> 10 | AF9: =人物卡!AH20 -> 0 | AH9: =人物卡!AJ20 -> 0 | AJ9: =人物卡!AL20 -> 0 | AL9: =人物卡!AN20 -> 10 | AN9: =人物卡!AP20 -> 5 | AP9: =人物卡!AR20 -> 2 | AR9: =IF(人物卡!AT20="","",人物卡!AT20) -> 🛠️
C10: =IF(人物卡!A21="","",人物卡!A21) -> 🔅 | D10: =人物卡!D21 -> 0 | F10: =人物卡!F21 -> 技艺② | H10: =IF(人物卡!H21="","",人物卡!H21) | J10: =人物卡!J21 -> 5 | L10: =人物卡!L21 -> 0 | N10: =人物卡!N21 -> 0 | P10: =人物卡!P21 -> 0 | R10: =人物卡!R21 -> 5 | T10: =人物卡!T21 -> 2 | V10: =人物卡!V21 -> 1 | X10: =人物卡!Z21 -> 0 | Z10: =人物卡!AB21 -> 医学 | AD10: =人物卡!AF21 -> 1 | AF10: =人物卡!AH21 -> 0 | AH10: =人物卡!AJ21 -> 0 | AJ10: =人物卡!AL21 -> 0 | AL10: =人物卡!AN21 -> 1 | AN10: =人物卡!AP21 -> 0 | AP10: =人物卡!AR21 -> 0 | AR10: =IF(人物卡!AT21="","",人物卡!AT21) -> 💊
C11: =IF(人物卡!A22="","",人物卡!A22) -> 🔅 | D11: =人物卡!D22 -> 0 | F11: =人物卡!F22 -> 技艺③ | H11: =IF(人物卡!H22="","",人物卡!H22) | J11: =人物卡!J22 -> 5 | L11: =人物卡!L22 -> 0 | N11: =人物卡!N22 -> 0 | P11: =人物卡!P22 -> 0 | R11: =人物卡!R22 -> 5 | T11: =人物卡!T22 -> 2 | V11: =人物卡!V22 -> 1 | X11: =人物卡!Z22 -> 0 | Z11: =人物卡!AB22 -> 博物学 | AD11: =人物卡!AF22 -> 10 | AF11: =人物卡!AH22 -> 0 | AH11: =人物卡!AJ22 -> 0 | AJ11: =人物卡!AL22 -> 0 | AL11: =人物卡!AN22 -> 10 | AN11: =人物卡!AP22 -> 5 | AP11: =人物卡!AR22 -> 2 | AR11: =IF(人物卡!AT22="","",人物卡!AT22) -> 🔬
C12: =IF(人物卡!A23="","",人物卡!A23) -> 😍 | D12: =人物卡!D23 -> 0 | F12: =人物卡!F23 -> 取悦 | J12: =人物卡!J23 -> 15 | L12: =人物卡!L23 -> 0 | N12: =人物卡!N23 -> 0 | P12: =人物卡!P23 -> 0 | R12: =人物卡!R23 -> 15 | T12: =人物卡!T23 -> 7 | V12: =人物卡!V23 -> 3 | X12: =人物卡!Z23 -> 0 | Z12: =人物卡!AB23 -> 导航 | AD12: =人物卡!AF23 -> 10 | AF12: =人物卡!AH23 -> 0 | AH12: =人物卡!AJ23 -> 0 | AJ12: =人物卡!AL23 -> 0 | AL12: =人物卡!AN23 -> 10 | AN12: =人物卡!AP23 -> 5 | AP12: =人物卡!AR23 -> 2 | AR12: =IF(人物卡!AT23="","",人物卡!AT23) -> 🧭
C13: =IF(人物卡!A24="","",人物卡!A24) -> 🧗‍♂️ | D13: =人物卡!D24 -> 0 | F13: =人物卡!F24 -> 攀爬 | J13: =人物卡!J24 -> 20 | L13: =人物卡!L24 -> 0 | N13: =人物卡!N24 -> 0 | P13: =人物卡!P24 -> 0 | R13: =人物卡!R24 -> 20 | T13: =人物卡!T24 -> 10 | V13: =人物卡!V24 -> 4 | X13: =人物卡!Z24 -> 0 | Z13: =人物卡!AB24 -> 神秘学 | AD13: =人物卡!AF24 -> 5 | AF13: =人物卡!AH24 -> 0 | AH13: =人物卡!AJ24 -> 0 | AJ13: =人物卡!AL24 -> 0 | AL13: =人物卡!AN24 -> 5 | AN13: =人物卡!AP24 -> 2 | AP13: =人物卡!AR24 -> 1 | AR13: =IF(人物卡!AT24="","",人物卡!AT24) -> 🔮
C14: =IF(人物卡!A25="","",人物卡!A25) -> 💻 | D14: =人物卡!D25 -> 0 | F14: =人物卡!F25 -> 计算机使用 Ω | J14: =人物卡!J25 -> 5 | L14: =人物卡!L25 -> 0 | N14: =人物卡!N25 -> 0 | P14: =人物卡!P25 -> 0 | R14: =人物卡!R25 -> 5 | T14: =人物卡!T25 -> 2 | V14: =人物卡!V25 -> 1 | X14: =人物卡!Z25 -> 0 | Z14: =人物卡!AB25 -> 操作重型机械 | AD14: =人物卡!AF25 -> 1 | AF14: =人物卡!AH25 -> 0 | AH14: =人物卡!AJ25 -> 0 | AJ14: =人物卡!AL25 -> 0 | AL14: =人物卡!AN25 -> 1 | AN14: =人物卡!AP25 -> 0 | AP14: =人物卡!AR25 -> 0 | AR14: =IF(人物卡!AT25="","",人物卡!AT25) -> 🚜
C15: =IF(人物卡!A26="","",人物卡!A26) -> 💳 | D15: =人物卡!D26 -> ★ | F15: =人物卡!F26 -> 信用评级 | J15: =人物卡!J26 -> 0 | L15: =人物卡!L26 -> 0 | N15: =人物卡!N26 -> 0 | P15: =人物卡!P26 -> 0 | R15: =人物卡!R26 -> 0 | T15: =人物卡!T26 -> 0 | V15: =人物卡!V26 -> 0 | X15: =人物卡!Z26 -> 0 | Z15: =人物卡!AB26 -> 说服 | AD15: =人物卡!AF26 -> 10 | AF15: =人物卡!AH26 -> 0 | AH15: =人物卡!AJ26 -> 0 | AJ15: =人物卡!AL26 -> 0 | AL15: =人物卡!AN26 -> 10 | AN15: =人物卡!AP26 -> 5 | AP15: =人物卡!AR26 -> 2 | AR15: =IF(人物卡!AT26="","",人物卡!AT26) -> 🤓
C16: =IF(人物卡!A27="","",人物卡!A27) -> 🐙 | D16: =人物卡!D27 -> 0 | F16: =人物卡!F27 -> 克苏鲁神话 | J16: =人物卡!J27 -> 0 | L16: =人物卡!L27 -> 0 | N16: =人物卡!N27 -> —— | P16: =人物卡!P27 -> —— | R16: =人物卡!R27 -> 0 | T16: =人物卡!T27 -> 0 | V16: =人物卡!V27 -> 0 | X16: =人物卡!Z27 -> 0 | Z16: =人物卡!AB27 -> 驾驶： | AB16: =IF(人物卡!AD27="","",人物卡!AD27) | AD16: =人物卡!AF27 -> 1 | AF16: =人物卡!AH27 -> 0 | AH16: =人物卡!AJ27 -> 0 | AJ16: =人物卡!AL27 -> 0 | AL16: =人物卡!AN27 -> 1 | AN16: =人物卡!AP27 -> 0 | AP16: =人物卡!AR27 -> 0 | AR16: =IF(人物卡!AT27="","",人物卡!AT27) -> ⛴️
C17: =IF(人物卡!A28="","",人物卡!A28) -> 👩‍🎤 | D17: =人物卡!D28 -> 0 | F17: =人物卡!F28 -> 乔装 | J17: =人物卡!J28 -> 5 | L17: =人物卡!L28 -> 0 | N17: =人物卡!N28 -> 0 | P17: =人物卡!P28 -> 0 | R17: =人物卡!R28 -> 5 | T17: =人物卡!T28 -> 2 | V17: =人物卡!V28 -> 1 | X17: =人物卡!Z28 -> 0 | Z17: =人物卡!AB28 -> 精神分析 | AD17: =人物卡!AF28 -> 1 | AF17: =人物卡!AH28 -> 0 | AH17: =人物卡!AJ28 -> 0 | AJ17: =人物卡!AL28 -> 0 | AL17: =人物卡!AN28 -> 1 | AN17: =人物卡!AP28 -> 0 | AP17: =人物卡!AR28 -> 0 | AR17: =IF(人物卡!AT28="","",人物卡!AT28) -> 💡
C18: =IF(人物卡!A29="","",人物卡!A29) -> 💨 | D18: =人物卡!D29 -> 0 | F18: =人物卡!F29 -> 闪避 | J18: =人物卡!J29 -> 0 | L18: =人物卡!L29 -> 0 | N18: =人物卡!N29 -> 0 | P18: =人物卡!P29 -> 0 | R18: =人物卡!R29 -> 0 | T18: =人物卡!T29 -> 0 | V18: =人物卡!V29 -> 0 | X18: =人物卡!Z29 -> 0 | Z18: =人物卡!AB29 -> 心理学 | AD18: =人物卡!AF29 -> 10 | AF18: =人物卡!AH29 -> 0 | AH18: =人物卡!AJ29 -> 0 | AJ18: =人物卡!AL29 -> 0 | AL18: =人物卡!AN29 -> 10 | AN18: =人物卡!AP29 -> 5 | AP18: =人物卡!AR29 -> 2 | AR18: =IF(人物卡!AT29="","",人物卡!AT29) -> 💓
C19: =IF(人物卡!A30="","",人物卡!A30) -> 🚙 | D19: =人物卡!D30 -> 0 | F19: =人物卡!F30 -> 汽车驾驶 | J19: =人物卡!J30 -> 20 | L19: =人物卡!L30 -> 0 | N19: =人物卡!N30 -> 0 | P19: =人物卡!P30 -> 0 | R19: =人物卡!R30 -> 20 | T19: =人物卡!T30 -> 10 | V19: =人物卡!V30 -> 4 | X19: =人物卡!Z30 -> 0 | Z19: =人物卡!AB30 -> 骑术 | AD19: =人物卡!AF30 -> 5 | AF19: =人物卡!AH30 -> 0 | AH19: =人物卡!AJ30 -> 0 | AJ19: =人物卡!AL30 -> 0 | AL19: =人物卡!AN30 -> 5 | AN19: =人物卡!AP30 -> 2 | AP19: =人物卡!AR30 -> 1 | AR19: =IF(人物卡!AT30="","",人物卡!AT30) -> 🐴
C20: =IF(人物卡!A31="","",人物卡!A31) -> ⚒️ | D20: =人物卡!D31 -> 0 | F20: =人物卡!F31 -> 电气维修 | J20: =人物卡!J31 -> 10 | L20: =人物卡!L31 -> 0 | N20: =人物卡!N31 -> 0 | P20: =人物卡!P31 -> 0 | R20: =人物卡!R31 -> 10 | T20: =人物卡!T31 -> 5 | V20: =人物卡!V31 -> 2 | X20: =人物卡!Z31 -> 0 | Z20: =人物卡!AB31 -> 科学① | AB20: =IF(人物卡!AD31="","",人物卡!AD31) | AD20: =人物卡!AF31 -> 1 | AF20: =人物卡!AH31 -> 0 | AH20: =人物卡!AJ31 -> 0 | AJ20: =人物卡!AL31 -> 0 | AL20: =人物卡!AN31 -> 1 | AN20: =人物卡!AP31 -> 0 | AP20: =人物卡!AR31 -> 0 | AR20: =IF(人物卡!AT31="","",人物卡!AT31) -> 🔅
C21: =IF(人物卡!A32="","",人物卡!A32) -> ⚡ | D21: =人物卡!D32 -> 0 | F21: =人物卡!F32 -> 电子学 Ω | J21: =人物卡!J32 -> 1 | L21: =人物卡!L32 -> 0 | N21: =人物卡!N32 -> 0 | P21: =人物卡!P32 -> 0 | R21: =人物卡!R32 -> 1 | T21: =人物卡!T32 -> 0 | V21: =人物卡!V32 -> 0 | X21: =人物卡!Z32 -> 0 | Z21: =人物卡!AB32 -> 科学② | AB21: =IF(人物卡!AD32="","",人物卡!AD32) | AD21: =人物卡!AF32 -> 1 | AF21: =人物卡!AH32 -> 0 | AH21: =人物卡!AJ32 -> 0 | AJ21: =人物卡!AL32 -> 0 | AL21: =人物卡!AN32 -> 1 | AN21: =人物卡!AP32 -> 0 | AP21: =人物卡!AR32 -> 0 | AR21: =IF(人物卡!AT32="","",人物卡!AT32) -> 🔅
C22: =IF(人物卡!A33="","",人物卡!A33) -> 🤥 | D22: =人物卡!D33 -> 0 | F22: =人物卡!F33 -> 话术 | J22: =人物卡!J33 -> 5 | L22: =人物卡!L33 -> 0 | N22: =人物卡!N33 -> 0 | P22: =人物卡!P33 -> 0 | R22: =人物卡!R33 -> 5 | T22: =人物卡!T33 -> 2 | V22: =人物卡!V33 -> 1 | X22: =人物卡!Z33 -> 0 | Z22: =人物卡!AB33 -> 科学③ | AB22: =IF(人物卡!AD33="","",人物卡!AD33) | AD22: =人物卡!AF33 -> 1 | AF22: =人物卡!AH33 -> 0 | AH22: =人物卡!AJ33 -> 0 | AJ22: =人物卡!AL33 -> 0 | AL22: =人物卡!AN33 -> 1 | AN22: =人物卡!AP33 -> 0 | AP22: =人物卡!AR33 -> 0 | AR22: =IF(人物卡!AT33="","",人物卡!AT33) -> 🔅
C23: =IF(人物卡!A34="","",人物卡!A34) -> 🥊 | D23: =人物卡!D34 -> 0 | F23: =人物卡!F34 -> 格斗： | H23: =IF(人物卡!H34="","",人物卡!H34) -> 斗殴 | J23: =人物卡!J34 -> 25 | L23: =人物卡!L34 -> 0 | N23: =人物卡!N34 -> 0 | P23: =人物卡!P34 -> 0 | R23: =人物卡!R34 -> 25 | T23: =人物卡!T34 -> 12 | V23: =人物卡!V34 -> 5 | X23: =人物卡!Z34 -> 0 | Z23: =人物卡!AB34 -> 妙手 | AD23: =人物卡!AF34 -> 10 | AF23: =人物卡!AH34 -> 0 | AH23: =人物卡!AJ34 -> 0 | AJ23: =人物卡!AL34 -> 0 | AL23: =人物卡!AN34 -> 10 | AN23: =人物卡!AP34 -> 5 | AP23: =人物卡!AR34 -> 2 | AR23: =IF(人物卡!AT34="","",人物卡!AT34) -> 👋
C24: =IF(人物卡!A35="","",人物卡!A35) -> 🔅 | D24: =人物卡!D35 -> 0 | F24: =人物卡!F35 -> 格斗① | H24: =IF(人物卡!H35="","",人物卡!H35) | J24: =人物卡!J35 -> 0 | L24: =人物卡!L35 -> 0 | N24: =人物卡!N35 -> 0 | P24: =人物卡!P35 -> 0 | R24: =人物卡!R35 -> 0 | T24: =人物卡!T35 -> 0 | V24: =人物卡!V35 -> 0 | X24: =人物卡!Z35 -> 0 | Z24: =人物卡!AB35 -> 侦查 | AD24: =人物卡!AF35 -> 25 | AF24: =人物卡!AH35 -> 0 | AH24: =人物卡!AJ35 -> 0 | AJ24: =人物卡!AL35 -> 0 | AL24: =人物卡!AN35 -> 25 | AN24: =人物卡!AP35 -> 12 | AP24: =人物卡!AR35 -> 5 | AR24: =IF(人物卡!AT35="","",人物卡!AT35) -> 👀
C25: =IF(人物卡!A36="","",人物卡!A36) -> 🔅 | D25: =人物卡!D36 -> 0 | F25: =人物卡!F36 -> 格斗② | H25: =IF(人物卡!H36="","",人物卡!H36) | J25: =人物卡!J36 -> 0 | L25: =人物卡!L36 -> 0 | N25: =人物卡!N36 -> 0 | P25: =人物卡!P36 -> 0 | R25: =人物卡!R36 -> 0 | T25: =人物卡!T36 -> 0 | V25: =人物卡!V36 -> 0 | X25: =人物卡!Z36 -> 0 | Z25: =人物卡!AB36 -> 潜行 | AD25: =人物卡!AF36 -> 20 | AF25: =人物卡!AH36 -> 0 | AH25: =人物卡!AJ36 -> 0 | AJ25: =人物卡!AL36 -> 0 | AL25: =人物卡!AN36 -> 20 | AN25: =人物卡!AP36 -> 10 | AP25: =人物卡!AR36 -> 4 | AR25: =IF(人物卡!AT36="","",人物卡!AT36) -> 👣
C26: =IF(人物卡!A37="","",人物卡!A37) -> 🔅 | D26: =人物卡!D37 -> 0 | F26: =人物卡!F37 -> 格斗③ | H26: =IF(人物卡!H37="","",人物卡!H37) | J26: =人物卡!J37 -> 0 | L26: =人物卡!L37 -> 0 | N26: =人物卡!N37 -> 0 | P26: =人物卡!P37 -> 0 | R26: =人物卡!R37 -> 0 | T26: =人物卡!T37 -> 0 | V26: =人物卡!V37 -> 0 | X26: =人物卡!Z37 -> 0 | Z26: =人物卡!AB37 -> 生存： | AB26: =IF(人物卡!AD37="","",人物卡!AD37) | AD26: =人物卡!AF37 -> 10 | AF26: =人物卡!AH37 -> 0 | AH26: =人物卡!AJ37 -> 0 | AJ26: =人物卡!AL37 -> 0 | AL26: =人物卡!AN37 -> 10 | AN26: =人物卡!AP37 -> 5 | AP26: =人物卡!AR37 -> 2 | AR26: =IF(人物卡!AT37="","",人物卡!AT37) -> ⛺
C27: =IF(人物卡!A38="","",人物卡!A38) -> 🎯 | D27: =人物卡!D38 -> 0 | F27: =人物卡!F38 -> 射击： | H27: =IF(人物卡!H38="","",人物卡!H38) -> 手枪 | J27: =人物卡!J38 -> 20 | L27: =人物卡!L38 -> 0 | N27: =人物卡!N38 -> 0 | P27: =人物卡!P38 -> 0 | R27: =人物卡!R38 -> 20 | T27: =人物卡!T38 -> 10 | V27: =人物卡!V38 -> 4 | X27: =人物卡!Z38 -> 0 | Z27: =人物卡!AB38 -> 游泳 | AD27: =人物卡!AF38 -> 20 | AF27: =人物卡!AH38 -> 0 | AH27: =人物卡!AJ38 -> 0 | AJ27: =人物卡!AL38 -> 0 | AL27: =人物卡!AN38 -> 20 | AN27: =人物卡!AP38 -> 10 | AP27: =人物卡!AR38 -> 4 | AR27: =IF(人物卡!AT38="","",人物卡!AT38) -> 🏊‍♂️
C28: =IF(人物卡!A39="","",人物卡!A39) -> 🎯 | D28: =人物卡!D39 -> 0 | F28: =人物卡!F39 -> 射击① | H28: =IF(人物卡!H39="","",人物卡!H39) | J28: =人物卡!J39 -> 0 | L28: =人物卡!L39 -> 0 | N28: =人物卡!N39 -> 0 | P28: =人物卡!P39 -> 0 | R28: =人物卡!R39 -> 0 | T28: =人物卡!T39 -> 0 | V28: =人物卡!V39 -> 0 | X28: =人物卡!Z39 -> 0 | Z28: =人物卡!AB39 -> 投掷 | AD28: =人物卡!AF39 -> 20 | AF28: =人物卡!AH39 -> 0 | AH28: =人物卡!AJ39 -> 0 | AJ28: =人物卡!AL39 -> 0 | AL28: =人物卡!AN39 -> 20 | AN28: =人物卡!AP39 -> 10 | AP28: =人物卡!AR39 -> 4 | AR28: =IF(人物卡!AT39="","",人物卡!AT39) -> 🏀
C29: =IF(人物卡!A40="","",人物卡!A40) -> 🎯 | D29: =人物卡!D40 -> 0 | F29: =人物卡!F40 -> 射击② | H29: =IF(人物卡!H40="","",人物卡!H40) | J29: =人物卡!J40 -> 0 | L29: =人物卡!L40 -> 0 | N29: =人物卡!N40 -> 0 | P29: =人物卡!P40 -> 0 | R29: =人物卡!R40 -> 0 | T29: =人物卡!T40 -> 0 | V29: =人物卡!V40 -> 0 | X29: =人物卡!Z40 -> 0 | Z29: =人物卡!AB40 -> 追踪 | AD29: =人物卡!AF40 -> 10 | AF29: =人物卡!AH40 -> 0 | AH29: =人物卡!AJ40 -> 0 | AJ29: =人物卡!AL40 -> 0 | AL29: =人物卡!AN40 -> 10 | AN29: =人物卡!AP40 -> 5 | AP29: =人物卡!AR40 -> 2 | AR29: =IF(人物卡!AT40="","",人物卡!AT40) -> 🐾
C30: =IF(人物卡!A41="","",人物卡!A41) -> 🎯 | D30: =人物卡!D41 -> 0 | F30: =人物卡!F41 -> 射击③ | H30: =IF(人物卡!H41="","",人物卡!H41) | J30: =人物卡!J41 -> 0 | L30: =人物卡!L41 -> 0 | N30: =人物卡!N41 -> 0 | P30: =人物卡!P41 -> 0 | R30: =人物卡!R41 -> 0 | T30: =人物卡!T41 -> 0 | V30: =人物卡!V41 -> 0 | X30: =人物卡!Z41 -> 0 | Z30: =人物卡!AB41 -> 动物驯养 | AD30: =人物卡!AF41 -> 5 | AF30: =人物卡!AH41 -> 0 | AH30: =人物卡!AJ41 -> 0 | AJ30: =人物卡!AL41 -> 0 | AL30: =人物卡!AN41 -> 5 | AN30: =人物卡!AP41 -> 2 | AP30: =人物卡!AR41 -> 1 | AR30: =IF(人物卡!AT41="","",人物卡!AT41) -> 🐶
C31: =IF(人物卡!A42="","",人物卡!A42) -> 💉 | D31: =人物卡!D42 -> 0 | F31: =人物卡!F42 -> 急救 | J31: =人物卡!J42 -> 30 | L31: =人物卡!L42 -> 0 | N31: =人物卡!N42 -> 0 | P31: =人物卡!P42 -> 0 | R31: =人物卡!R42 -> 30 | T31: =人物卡!T42 -> 15 | V31: =人物卡!V42 -> 6 | X31: =人物卡!Z42 -> 0 | Z31: =人物卡!AB42 -> 潜水 | AD31: =人物卡!AF42 -> 1 | AF31: =人物卡!AH42 -> 0 | AH31: =人物卡!AJ42 -> 0 | AJ31: =人物卡!AL42 -> 0 | AL31: =人物卡!AN42 -> 1 | AN31: =人物卡!AP42 -> 0 | AP31: =人物卡!AR42 -> 0 | AR31: =IF(人物卡!AT42="","",人物卡!AT42) -> 🐠
C32: =IF(人物卡!A43="","",人物卡!A43) -> ⏳ | D32: =人物卡!D43 -> 0 | F32: =人物卡!F43 -> 历史 | J32: =人物卡!J43 -> 5 | L32: =人物卡!L43 -> 0 | N32: =人物卡!N43 -> 0 | P32: =人物卡!P43 -> 0 | R32: =人物卡!R43 -> 5 | T32: =人物卡!T43 -> 2 | V32: =人物卡!V43 -> 1 | X32: =人物卡!Z43 -> 0 | Z32: =人物卡!AB43 -> 爆破 | AD32: =人物卡!AF43 -> 1 | AF32: =人物卡!AH43 -> 0 | AH32: =人物卡!AJ43 -> 0 | AJ32: =人物卡!AL43 -> 0 | AL32: =人物卡!AN43 -> 1 | AN32: =人物卡!AP43 -> 0 | AP32: =人物卡!AR43 -> 0 | AR32: =IF(人物卡!AT43="","",人物卡!AT43) -> 💣
C33: =IF(人物卡!A44="","",人物卡!A44) -> 😱 | D33: =人物卡!D44 -> 0 | F33: =人物卡!F44 -> 恐吓 | J33: =人物卡!J44 -> 15 | L33: =人物卡!L44 -> 0 | N33: =人物卡!N44 -> 0 | P33: =人物卡!P44 -> 0 | R33: =人物卡!R44 -> 15 | T33: =人物卡!T44 -> 7 | V33: =人物卡!V44 -> 3 | X33: =人物卡!Z44 -> 0 | Z33: =人物卡!AB44 -> 读唇 | AD33: =人物卡!AF44 -> 1 | AF33: =人物卡!AH44 -> 0 | AH33: =人物卡!AJ44 -> 0 | AJ33: =人物卡!AL44 -> 0 | AL33: =人物卡!AN44 -> 1 | AN33: =人物卡!AP44 -> 0 | AP33: =人物卡!AR44 -> 0 | AR33: =IF(人物卡!AT44="","",人物卡!AT44) -> 👄
C34: =IF(人物卡!A45="","",人物卡!A45) -> 🐸 | D34: =人物卡!D45 -> 0 | F34: =人物卡!F45 -> 跳跃 | J34: =人物卡!J45 -> 20 | L34: =人物卡!L45 -> 0 | N34: =人物卡!N45 -> 0 | P34: =人物卡!P45 -> 0 | R34: =人物卡!R45 -> 20 | T34: =人物卡!T45 -> 10 | V34: =人物卡!V45 -> 4 | X34: =人物卡!Z45 -> 0 | Z34: =人物卡!AB45 -> 催眠 | AD34: =人物卡!AF45 -> 1 | AF34: =人物卡!AH45 -> 0 | AH34: =人物卡!AJ45 -> 0 | AJ34: =人物卡!AL45 -> 0 | AL34: =人物卡!AN45 -> 1 | AN34: =人物卡!AP45 -> 0 | AP34: =人物卡!AR45 -> 0 | AR34: =IF(人物卡!AT45="","",人物卡!AT45) -> 💤
C35: =IF(人物卡!A46="","",人物卡!A46) -> 🔅 | D35: =人物卡!D46 -> 0 | F35: =人物卡!F46 -> 外语① | H35: =IF(人物卡!H46="","",人物卡!H46) | J35: =人物卡!J46 -> 1 | L35: =人物卡!L46 -> 0 | N35: =人物卡!N46 -> 0 | P35: =人物卡!P46 -> 0 | R35: =人物卡!R46 -> 1 | T35: =人物卡!T46 -> 0 | V35: =人物卡!V46 -> 0 | X35: =人物卡!Z46 -> 0 | Z35: =人物卡!AB46 -> 炮术 | AD35: =人物卡!AF46 -> 1 | AF35: =人物卡!AH46 -> 0 | AH35: =人物卡!AJ46 -> 0 | AJ35: =人物卡!AL46 -> 0 | AL35: =人物卡!AN46 -> 1 | AN35: =人物卡!AP46 -> 0 | AP35: =人物卡!AR46 -> 0 | AR35: =IF(人物卡!AT46="","",人物卡!AT46) -> ☄️
C36: =IF(人物卡!A47="","",人物卡!A47) -> 🔅 | D36: =人物卡!D47 -> 0 | F36: =人物卡!F47 -> 外语② | H36: =IF(人物卡!H47="","",人物卡!H47) | J36: =人物卡!J47 -> 1 | L36: =人物卡!L47 -> 0 | N36: =人物卡!N47 -> 0 | P36: =人物卡!P47 -> 0 | R36: =人物卡!R47 -> 1 | T36: =人物卡!T47 -> 0 | V36: =人物卡!V47 -> 0 | X36: =人物卡!Z47 -> 0 | Z36: =人物卡!AB47 -> 学识： | AB36: =IF(人物卡!AD47="","",人物卡!AD47) | AD36: =人物卡!AF47 -> 1 | AF36: =人物卡!AH47 -> 0 | AH36: =人物卡!AJ47 -> 0 | AJ36: =人物卡!AL47 -> 0 | AL36: =人物卡!AN47 -> 1 | AN36: =人物卡!AP47 -> 0 | AP36: =人物卡!AR47 -> 0 | AR36: =IF(人物卡!AT47="","",人物卡!AT47) -> 👽
C37: =IF(人物卡!A48="","",人物卡!A48) -> 🔅 | D37: =人物卡!D48 -> 0 | F37: =人物卡!F48 -> 外语③ | H37: =IF(人物卡!H48="","",人物卡!H48) | J37: =人物卡!J48 -> 1 | L37: =人物卡!L48 -> 0 | N37: =人物卡!N48 -> 0 | P37: =人物卡!P48 -> 0 | R37: =人物卡!R48 -> 1 | T37: =人物卡!T48 -> 0 | V37: =人物卡!V48 -> 0 | X37: =人物卡!Z48 -> 0 | Z37: =人物卡!AB48 -> 自定义技能 | AD37: =人物卡!AF48 -> 0 | AF37: =人物卡!AH48 -> 0 | AH37: =人物卡!AJ48 -> 0 | AJ37: =人物卡!AL48 -> 0 | AL37: =人物卡!AN48 -> 0 | AN37: =人物卡!AP48 -> 0 | AP37: =人物卡!AR48 -> 0 | AR37: =IF(人物卡!AT48="","",人物卡!AT48) -> ❓
C38: =IF(人物卡!A49="","",人物卡!A49) -> 🗣️ | D38: =人物卡!D49 -> 0 | F38: =人物卡!F49 -> 母语 | H38: =IF(人物卡!H49="","",人物卡!H49) | J38: =人物卡!J49 -> 0 | L38: =人物卡!L49 -> 0 | N38: =人物卡!N49 -> 0 | P38: =人物卡!P49 -> 0 | R38: =人物卡!R49 -> 0 | T38: =人物卡!T49 -> 0 | V38: =人物卡!V49 -> 0 | X38: =人物卡!Z49 | Z38: =人物卡!AB49 -> 0 | AD38: =人物卡!AF49 -> 0 | AF38: =人物卡!AH49 -> 0 | AH38: =人物卡!AJ49 -> 0 | AJ38: =人物卡!AL49 -> 0 | AL38: =人物卡!AN49 -> 0 | AN38: =人物卡!AP49 -> 0 | AP38: =人物卡!AR49 -> 0 | AR38: =IF(人物卡!AT49="","",人物卡!AT49)
C40: 本职统计 | G40: =MAX(G41:H107) -> 0 | I40: =IF(M40=1,"错误：使用本职技能点提高了非本职技能！",_xlfn.TEXTJOIN("、",TRUE,I41:L107)) | M40: =SUM(M41:M107) -> 0 | P40: 兴趣统计 | T40: =MAX(T41:U107) -> 0 | V40: =_xlfn.TEXTJOIN("、",TRUE,V41:Y107) | AC40: 全技能统计 | AI40: =_xlfn.TEXTJOIN(CHAR(10),TRUE,AM109:KT109) | AK40: =_xlfn.TEXTJOIN(CHAR(10),TRUE,AM110:KT110) | AM40: 1 | AQ40: 2 | AU40: 3 | AY40: 4 | BC40: 5 | BG40: 6 | BK40: 7 | BO40: 8 | BS40: 9 | BW40: 10 | CA40: 11 | CE40: 12 | CI40: 13 | CM40: 14 | CQ40: 15 | CU40: 16 | CY40: 17 | DC40: 18 | DG40: 19 | DK40: 20 | DO40: 21 | DS40: 22 | DW40: 23 | EA40: 24 | EE40: 25 | EI40: 26 | EM40: 27 | EQ40: 28 | EU40: 29 | EY40: 30 | FC40: 31 | FG40: 32 | FK40: 33 | FO40: 34 | FS40: 35 | FW40: 36 | GA40: 37 | GE40: 38 | GI40: 39 | GM40: 40 | GQ40: 41 | GU40: 42 | GY40: 43 | HC40: 44 | HG40: 45 | HK40: 46 | HO40: 47 | HS40: 48 | HW40: 49 | IA40: 50 | IE40: 51 | II40: 52 | IM40: 53 | IQ40: 54 | IU40: 55 | IY40: 56 | JC40: 57 | JG40: 58 | JK40: 59 | JO40: 60 | JS40: 61 | JW40: 62 | KA40: 63 | KE40: 64 | KI40: 65 | KM40: 66 | KQ40: 67
C41: =IF(F5="","",CONCATENATE(" ",C5,F5,H5)) -> 📒会计 | G41: =IF(AND(L5=0,N5=0),"",IF(ISNONTEXT(D5),"",R5)) | I41: =IF(G41=$G$40,C41,"") | M41: =IF(AND(NOT(N5=0),ISNONTEXT(D5)),1,0) -> 0 | P41: =IF(F5="","",CONCATENATE(" ",C5,F5,H5)) -> 📒会计 | T41: =IF(AND(L5=0,P5=0),"",IF(ISNONTEXT(D5),R5,"")) | V41: =IF(T41=$T$40,P41,"") | AC41: =IF(F5="","",CONCATENATE(C5,F5,H5)) -> 📒会计 | AG41: =R5 -> 5 | AI41: =IF(AND(OR(ISNUMBER(L5),ISNUMBER(N5),ISNUMBER(P5)),OR(L5>0,N5>0,P5>0)),TRUE,FALSE) -> FALSE | AM41: =IF($AI41,IF(LARGE($AG$41:$AH$107,AM$40)=$AG41,$AC41,""),"") | AQ41: =IF($AI41,IF(LARGE($AG$41:$AH$107,AQ$40)=$AG41,$AC41,""),"") | AU41: =IF($AI41,IF(LARGE($AG$41:$AH$107,AU$40)=$AG41,$AC41,""),"") | AY41: =IF($AI41,IF(LARGE($AG$41:$AH$107,AY$40)=$AG41,$AC41,""),"") | BC41: =IF($AI41,IF(LARGE($AG$41:$AH$107,BC$40)=$AG41,$AC41,""),"") | BG41: =IF($AI41,IF(LARGE($AG$41:$AH$107,BG$40)=$AG41,$AC41,""),"") | BK41: =IF($AI41,IF(LARGE($AG$41:$AH$107,BK$40)=$AG41,$AC41,""),"") | BO41: =IF($AI41,IF(LARGE($AG$41:$AH$107,BO$40)=$AG41,$AC41,""),"") | BS41: =IF($AI41,IF(LARGE($AG$41:$AH$107,BS$40)=$AG41,$AC41,""),"") | BW41: =IF($AI41,IF(LARGE($AG$41:$AH$107,BW$40)=$AG41,$AC41,""),"") | CA41: =IF($AI41,IF(LARGE($AG$41:$AH$107,CA$40)=$AG41,$AC41,""),"") | CE41: =IF($AI41,IF(LARGE($AG$41:$AH$107,CE$40)=$AG41,$AC41,""),"") | CI41: =IF($AI41,IF(LARGE($AG$41:$AH$107,CI$40)=$AG41,$AC41,""),"") | CM41: =IF($AI41,IF(LARGE($AG$41:$AH$107,CM$40)=$AG41,$AC41,""),"") | CQ41: =IF($AI41,IF(LARGE($AG$41:$AH$107,CQ$40)=$AG41,$AC41,""),"") | CU41: =IF($AI41,IF(LARGE($AG$41:$AH$107,CU$40)=$AG41,$AC41,""),"") | CY41: =IF($AI41,IF(LARGE($AG$41:$AH$107,CY$40)=$AG41,$AC41,""),"") | DC41: =IF($AI41,IF(LARGE($AG$41:$AH$107,DC$40)=$AG41,$AC41,""),"") | DG41: =IF($AI41,IF(LARGE($AG$41:$AH$107,DG$40)=$AG41,$AC41,""),"") | DK41: =IF($AI41,IF(LARGE($AG$41:$AH$107,DK$40)=$AG41,$AC41,""),"") | DO41: =IF($AI41,IF(LARGE($AG$41:$AH$107,DO$40)=$AG41,$AC41,""),"") | DS41: =IF($AI41,IF(LARGE($AG$41:$AH$107,DS$40)=$AG41,$AC41,""),"") | DW41: =IF($AI41,IF(LARGE($AG$41:$AH$107,DW$40)=$AG41,$AC41,""),"") | EA41: =IF($AI41,IF(LARGE($AG$41:$AH$107,EA$40)=$AG41,$AC41,""),"") | EE41: =IF($AI41,IF(LARGE($AG$41:$AH$107,EE$40)=$AG41,$AC41,""),"") | EI41: =IF($AI41,IF(LARGE($AG$41:$AH$107,EI$40)=$AG41,$AC41,""),"") | EM41: =IF($AI41,IF(LARGE($AG$41:$AH$107,EM$40)=$AG41,$AC41,""),"") | EQ41: =IF($AI41,IF(LARGE($AG$41:$AH$107,EQ$40)=$AG41,$AC41,""),"") | EU41: =IF($AI41,IF(LARGE($AG$41:$AH$107,EU$40)=$AG41,$AC41,""),"") | EY41: =IF($AI41,IF(LARGE($AG$41:$AH$107,EY$40)=$AG41,$AC41,""),"") | FC41: =IF($AI41,IF(LARGE($AG$41:$AH$107,FC$40)=$AG41,$AC41,""),"") | FG41: =IF($AI41,IF(LARGE($AG$41:$AH$107,FG$40)=$AG41,$AC41,""),"") | FK41: =IF($AI41,IF(LARGE($AG$41:$AH$107,FK$40)=$AG41,$AC41,""),"") | FO41: =IF($AI41,IF(LARGE($AG$41:$AH$107,FO$40)=$AG41,$AC41,""),"") | FS41: =IF($AI41,IF(LARGE($AG$41:$AH$107,FS$40)=$AG41,$AC41,""),"") | FW41: =IF($AI41,IF(LARGE($AG$41:$AH$107,FW$40)=$AG41,$AC41,""),"") | GA41: =IF($AI41,IF(LARGE($AG$41:$AH$107,GA$40)=$AG41,$AC41,""),"") | GE41: =IF($AI41,IF(LARGE($AG$41:$AH$107,GE$40)=$AG41,$AC41,""),"") | GI41: =IF($AI41,IF(LARGE($AG$41:$AH$107,GI$40)=$AG41,$AC41,""),"") | GM41: =IF($AI41,IF(LARGE($AG$41:$AH$107,GM$40)=$AG41,$AC41,""),"") | GQ41: =IF($AI41,IF(LARGE($AG$41:$AH$107,GQ$40)=$AG41,$AC41,""),"") | GU41: =IF($AI41,IF(LARGE($AG$41:$AH$107,GU$40)=$AG41,$AC41,""),"") | GY41: =IF($AI41,IF(LARGE($AG$41:$AH$107,GY$40)=$AG41,$AC41,""),"") | HC41: =IF($AI41,IF(LARGE($AG$41:$AH$107,HC$40)=$AG41,$AC41,""),"") | HG41: =IF($AI41,IF(LARGE($AG$41:$AH$107,HG$40)=$AG41,$AC41,""),"") | HK41: =IF($AI41,IF(LARGE($AG$41:$AH$107,HK$40)=$AG41,$AC41,""),"") | HO41: =IF($AI41,IF(LARGE($AG$41:$AH$107,HO$40)=$AG41,$AC41,""),"") | HS41: =IF($AI41,IF(LARGE($AG$41:$AH$107,HS$40)=$AG41,$AC41,""),"") | HW41: =IF($AI41,IF(LARGE($AG$41:$AH$107,HW$40)=$AG41,$AC41,""),"") | IA41: =IF($AI41,IF(LARGE($AG$41:$AH$107,IA$40)=$AG41,$AC41,""),"") | IE41: =IF($AI41,IF(LARGE($AG$41:$AH$107,IE$40)=$AG41,$AC41,""),"") | II41: =IF($AI41,IF(LARGE($AG$41:$AH$107,II$40)=$AG41,$AC41,""),"") | IM41: =IF($AI41,IF(LARGE($AG$41:$AH$107,IM$40)=$AG41,$AC41,""),"") | IQ41: =IF($AI41,IF(LARGE($AG$41:$AH$107,IQ$40)=$AG41,$AC41,""),"") | IU41: =IF($AI41,IF(LARGE($AG$41:$AH$107,IU$40)=$AG41,$AC41,""),"") | IY41: =IF($AI41,IF(LARGE($AG$41:$AH$107,IY$40)=$AG41,$AC41,""),"") | JC41: =IF($AI41,IF(LARGE($AG$41:$AH$107,JC$40)=$AG41,$AC41,""),"") | JG41: =IF($AI41,IF(LARGE($AG$41:$AH$107,JG$40)=$AG41,$AC41,""),"") | JK41: =IF($AI41,IF(LARGE($AG$41:$AH$107,JK$40)=$AG41,$AC41,""),"") | JO41: =IF($AI41,IF(LARGE($AG$41:$AH$107,JO$40)=$AG41,$AC41,""),"") | JS41: =IF($AI41,IF(LARGE($AG$41:$AH$107,JS$40)=$AG41,$AC41,""),"") | JW41: =IF($AI41,IF(LARGE($AG$41:$AH$107,JW$40)=$AG41,$AC41,""),"") | KA41: =IF($AI41,IF(LARGE($AG$41:$AH$107,KA$40)=$AG41,$AC41,""),"") | KE41: =IF($AI41,IF(LARGE($AG$41:$AH$107,KE$40)=$AG41,$AC41,""),"") | KI41: =IF($AI41,IF(LARGE($AG$41:$AH$107,KI$40)=$AG41,$AC41,""),"") | KM41: =IF($AI41,IF(LARGE($AG$41:$AH$107,KM$40)=$AG41,$AC41,""),"") | KQ41: =IF($AI41,IF(LARGE($AG$41:$AH$107,KQ$40)=$AG41,$AC41,""),"")
C42: =IF(F6="","",CONCATENATE(" ",C6,F6,H6)) -> 👨🏿‍🦲人类学 | G42: =IF(AND(L6=0,N6=0),"",IF(ISNONTEXT(D6),"",R6)) | I42: =IF(G42=$G$40,C42,"") | M42: =IF(AND(NOT(N6=0),ISNONTEXT(D6)),1,0) -> 0 | P42: =IF(F6="","",CONCATENATE(" ",C6,F6,H6)) -> 👨🏿‍🦲人类学 | T42: =IF(AND(L6=0,P6=0),"",IF(ISNONTEXT(D6),R6,"")) | V42: =IF(T42=$T$40,P42,"") | AC42: =IF(F6="","",CONCATENATE(C6,F6,H6)) -> 👨🏿‍🦲人类学 | AG42: =R6 -> 1 | AI42: =IF(AND(OR(ISNUMBER(L6),ISNUMBER(N6),ISNUMBER(P6)),OR(L6>0,N6>0,P6>0)),TRUE,FALSE) -> FALSE | AM42: =IF($AI42,IF(LARGE($AG$41:$AH$107,AM$40)=$AG42,$AC42,""),"") | AQ42: =IF($AI42,IF(LARGE($AG$41:$AH$107,AQ$40)=$AG42,$AC42,""),"") | AU42: =IF($AI42,IF(LARGE($AG$41:$AH$107,AU$40)=$AG42,$AC42,""),"") | AY42: =IF($AI42,IF(LARGE($AG$41:$AH$107,AY$40)=$AG42,$AC42,""),"") | BC42: =IF($AI42,IF(LARGE($AG$41:$AH$107,BC$40)=$AG42,$AC42,""),"") | BG42: =IF($AI42,IF(LARGE($AG$41:$AH$107,BG$40)=$AG42,$AC42,""),"") | BK42: =IF($AI42,IF(LARGE($AG$41:$AH$107,BK$40)=$AG42,$AC42,""),"") | BO42: =IF($AI42,IF(LARGE($AG$41:$AH$107,BO$40)=$AG42,$AC42,""),"") | BS42: =IF($AI42,IF(LARGE($AG$41:$AH$107,BS$40)=$AG42,$AC42,""),"") | BW42: =IF($AI42,IF(LARGE($AG$41:$AH$107,BW$40)=$AG42,$AC42,""),"") | CA42: =IF($AI42,IF(LARGE($AG$41:$AH$107,CA$40)=$AG42,$AC42,""),"") | CE42: =IF($AI42,IF(LARGE($AG$41:$AH$107,CE$40)=$AG42,$AC42,""),"") | CI42: =IF($AI42,IF(LARGE($AG$41:$AH$107,CI$40)=$AG42,$AC42,""),"") | CM42: =IF($AI42,IF(LARGE($AG$41:$AH$107,CM$40)=$AG42,$AC42,""),"") | CQ42: =IF($AI42,IF(LARGE($AG$41:$AH$107,CQ$40)=$AG42,$AC42,""),"") | CU42: =IF($AI42,IF(LARGE($AG$41:$AH$107,CU$40)=$AG42,$AC42,""),"") | CY42: =IF($AI42,IF(LARGE($AG$41:$AH$107,CY$40)=$AG42,$AC42,""),"") | DC42: =IF($AI42,IF(LARGE($AG$41:$AH$107,DC$40)=$AG42,$AC42,""),"") | DG42: =IF($AI42,IF(LARGE($AG$41:$AH$107,DG$40)=$AG42,$AC42,""),"") | DK42: =IF($AI42,IF(LARGE($AG$41:$AH$107,DK$40)=$AG42,$AC42,""),"") | DO42: =IF($AI42,IF(LARGE($AG$41:$AH$107,DO$40)=$AG42,$AC42,""),"") | DS42: =IF($AI42,IF(LARGE($AG$41:$AH$107,DS$40)=$AG42,$AC42,""),"") | DW42: =IF($AI42,IF(LARGE($AG$41:$AH$107,DW$40)=$AG42,$AC42,""),"") | EA42: =IF($AI42,IF(LARGE($AG$41:$AH$107,EA$40)=$AG42,$AC42,""),"") | EE42: =IF($AI42,IF(LARGE($AG$41:$AH$107,EE$40)=$AG42,$AC42,""),"") | EI42: =IF($AI42,IF(LARGE($AG$41:$AH$107,EI$40)=$AG42,$AC42,""),"") | EM42: =IF($AI42,IF(LARGE($AG$41:$AH$107,EM$40)=$AG42,$AC42,""),"") | EQ42: =IF($AI42,IF(LARGE($AG$41:$AH$107,EQ$40)=$AG42,$AC42,""),"") | EU42: =IF($AI42,IF(LARGE($AG$41:$AH$107,EU$40)=$AG42,$AC42,""),"") | EY42: =IF($AI42,IF(LARGE($AG$41:$AH$107,EY$40)=$AG42,$AC42,""),"") | FC42: =IF($AI42,IF(LARGE($AG$41:$AH$107,FC$40)=$AG42,$AC42,""),"") | FG42: =IF($AI42,IF(LARGE($AG$41:$AH$107,FG$40)=$AG42,$AC42,""),"") | FK42: =IF($AI42,IF(LARGE($AG$41:$AH$107,FK$40)=$AG42,$AC42,""),"") | FO42: =IF($AI42,IF(LARGE($AG$41:$AH$107,FO$40)=$AG42,$AC42,""),"") | FS42: =IF($AI42,IF(LARGE($AG$41:$AH$107,FS$40)=$AG42,$AC42,""),"") | FW42: =IF($AI42,IF(LARGE($AG$41:$AH$107,FW$40)=$AG42,$AC42,""),"") | GA42: =IF($AI42,IF(LARGE($AG$41:$AH$107,GA$40)=$AG42,$AC42,""),"") | GE42: =IF($AI42,IF(LARGE($AG$41:$AH$107,GE$40)=$AG42,$AC42,""),"") | GI42: =IF($AI42,IF(LARGE($AG$41:$AH$107,GI$40)=$AG42,$AC42,""),"") | GM42: =IF($AI42,IF(LARGE($AG$41:$AH$107,GM$40)=$AG42,$AC42,""),"") | GQ42: =IF($AI42,IF(LARGE($AG$41:$AH$107,GQ$40)=$AG42,$AC42,""),"") | GU42: =IF($AI42,IF(LARGE($AG$41:$AH$107,GU$40)=$AG42,$AC42,""),"") | GY42: =IF($AI42,IF(LARGE($AG$41:$AH$107,GY$40)=$AG42,$AC42,""),"") | HC42: =IF($AI42,IF(LARGE($AG$41:$AH$107,HC$40)=$AG42,$AC42,""),"") | HG42: =IF($AI42,IF(LARGE($AG$41:$AH$107,HG$40)=$AG42,$AC42,""),"") | HK42: =IF($AI42,IF(LARGE($AG$41:$AH$107,HK$40)=$AG42,$AC42,""),"") | HO42: =IF($AI42,IF(LARGE($AG$41:$AH$107,HO$40)=$AG42,$AC42,""),"") | HS42: =IF($AI42,IF(LARGE($AG$41:$AH$107,HS$40)=$AG42,$AC42,""),"") | HW42: =IF($AI42,IF(LARGE($AG$41:$AH$107,HW$40)=$AG42,$AC42,""),"") | IA42: =IF($AI42,IF(LARGE($AG$41:$AH$107,IA$40)=$AG42,$AC42,""),"") | IE42: =IF($AI42,IF(LARGE($AG$41:$AH$107,IE$40)=$AG42,$AC42,""),"") | II42: =IF($AI42,IF(LARGE($AG$41:$AH$107,II$40)=$AG42,$AC42,""),"") | IM42: =IF($AI42,IF(LARGE($AG$41:$AH$107,IM$40)=$AG42,$AC42,""),"") | IQ42: =IF($AI42,IF(LARGE($AG$41:$AH$107,IQ$40)=$AG42,$AC42,""),"") | IU42: =IF($AI42,IF(LARGE($AG$41:$AH$107,IU$40)=$AG42,$AC42,""),"") | IY42: =IF($AI42,IF(LARGE($AG$41:$AH$107,IY$40)=$AG42,$AC42,""),"") | JC42: =IF($AI42,IF(LARGE($AG$41:$AH$107,JC$40)=$AG42,$AC42,""),"") | JG42: =IF($AI42,IF(LARGE($AG$41:$AH$107,JG$40)=$AG42,$AC42,""),"") | JK42: =IF($AI42,IF(LARGE($AG$41:$AH$107,JK$40)=$AG42,$AC42,""),"") | JO42: =IF($AI42,IF(LARGE($AG$41:$AH$107,JO$40)=$AG42,$AC42,""),"") | JS42: =IF($AI42,IF(LARGE($AG$41:$AH$107,JS$40)=$AG42,$AC42,""),"") | JW42: =IF($AI42,IF(LARGE($AG$41:$AH$107,JW$40)=$AG42,$AC42,""),"") | KA42: =IF($AI42,IF(LARGE($AG$41:$AH$107,KA$40)=$AG42,$AC42,""),"") | KE42: =IF($AI42,IF(LARGE($AG$41:$AH$107,KE$40)=$AG42,$AC42,""),"") | KI42: =IF($AI42,IF(LARGE($AG$41:$AH$107,KI$40)=$AG42,$AC42,""),"") | KM42: =IF($AI42,IF(LARGE($AG$41:$AH$107,KM$40)=$AG42,$AC42,""),"") | KQ42: =IF($AI42,IF(LARGE($AG$41:$AH$107,KQ$40)=$AG42,$AC42,""),"")
C43: =IF(F7="","",CONCATENATE(" ",C7,F7,H7)) -> 💵估价 | G43: =IF(AND(L7=0,N7=0),"",IF(ISNONTEXT(D7),"",R7)) | I43: =IF(G43=$G$40,C43,"") | M43: =IF(AND(NOT(N7=0),ISNONTEXT(D7)),1,0) -> 0 | P43: =IF(F7="","",CONCATENATE(" ",C7,F7,H7)) -> 💵估价 | T43: =IF(AND(L7=0,P7=0),"",IF(ISNONTEXT(D7),R7,"")) | V43: =IF(T43=$T$40,P43,"") | AC43: =IF(F7="","",CONCATENATE(C7,F7,H7)) -> 💵估价 | AG43: =R7 -> 5 | AI43: =IF(AND(OR(ISNUMBER(L7),ISNUMBER(N7),ISNUMBER(P7)),OR(L7>0,N7>0,P7>0)),TRUE,FALSE) -> FALSE | AM43: =IF($AI43,IF(LARGE($AG$41:$AH$107,AM$40)=$AG43,$AC43,""),"") | AQ43: =IF($AI43,IF(LARGE($AG$41:$AH$107,AQ$40)=$AG43,$AC43,""),"") | AU43: =IF($AI43,IF(LARGE($AG$41:$AH$107,AU$40)=$AG43,$AC43,""),"") | AY43: =IF($AI43,IF(LARGE($AG$41:$AH$107,AY$40)=$AG43,$AC43,""),"") | BC43: =IF($AI43,IF(LARGE($AG$41:$AH$107,BC$40)=$AG43,$AC43,""),"") | BG43: =IF($AI43,IF(LARGE($AG$41:$AH$107,BG$40)=$AG43,$AC43,""),"") | BK43: =IF($AI43,IF(LARGE($AG$41:$AH$107,BK$40)=$AG43,$AC43,""),"") | BO43: =IF($AI43,IF(LARGE($AG$41:$AH$107,BO$40)=$AG43,$AC43,""),"") | BS43: =IF($AI43,IF(LARGE($AG$41:$AH$107,BS$40)=$AG43,$AC43,""),"") | BW43: =IF($AI43,IF(LARGE($AG$41:$AH$107,BW$40)=$AG43,$AC43,""),"") | CA43: =IF($AI43,IF(LARGE($AG$41:$AH$107,CA$40)=$AG43,$AC43,""),"") | CE43: =IF($AI43,IF(LARGE($AG$41:$AH$107,CE$40)=$AG43,$AC43,""),"") | CI43: =IF($AI43,IF(LARGE($AG$41:$AH$107,CI$40)=$AG43,$AC43,""),"") | CM43: =IF($AI43,IF(LARGE($AG$41:$AH$107,CM$40)=$AG43,$AC43,""),"") | CQ43: =IF($AI43,IF(LARGE($AG$41:$AH$107,CQ$40)=$AG43,$AC43,""),"") | CU43: =IF($AI43,IF(LARGE($AG$41:$AH$107,CU$40)=$AG43,$AC43,""),"") | CY43: =IF($AI43,IF(LARGE($AG$41:$AH$107,CY$40)=$AG43,$AC43,""),"") | DC43: =IF($AI43,IF(LARGE($AG$41:$AH$107,DC$40)=$AG43,$AC43,""),"") | DG43: =IF($AI43,IF(LARGE($AG$41:$AH$107,DG$40)=$AG43,$AC43,""),"") | DK43: =IF($AI43,IF(LARGE($AG$41:$AH$107,DK$40)=$AG43,$AC43,""),"") | DO43: =IF($AI43,IF(LARGE($AG$41:$AH$107,DO$40)=$AG43,$AC43,""),"") | DS43: =IF($AI43,IF(LARGE($AG$41:$AH$107,DS$40)=$AG43,$AC43,""),"") | DW43: =IF($AI43,IF(LARGE($AG$41:$AH$107,DW$40)=$AG43,$AC43,""),"") | EA43: =IF($AI43,IF(LARGE($AG$41:$AH$107,EA$40)=$AG43,$AC43,""),"") | EE43: =IF($AI43,IF(LARGE($AG$41:$AH$107,EE$40)=$AG43,$AC43,""),"") | EI43: =IF($AI43,IF(LARGE($AG$41:$AH$107,EI$40)=$AG43,$AC43,""),"") | EM43: =IF($AI43,IF(LARGE($AG$41:$AH$107,EM$40)=$AG43,$AC43,""),"") | EQ43: =IF($AI43,IF(LARGE($AG$41:$AH$107,EQ$40)=$AG43,$AC43,""),"") | EU43: =IF($AI43,IF(LARGE($AG$41:$AH$107,EU$40)=$AG43,$AC43,""),"") | EY43: =IF($AI43,IF(LARGE($AG$41:$AH$107,EY$40)=$AG43,$AC43,""),"") | FC43: =IF($AI43,IF(LARGE($AG$41:$AH$107,FC$40)=$AG43,$AC43,""),"") | FG43: =IF($AI43,IF(LARGE($AG$41:$AH$107,FG$40)=$AG43,$AC43,""),"") | FK43: =IF($AI43,IF(LARGE($AG$41:$AH$107,FK$40)=$AG43,$AC43,""),"") | FO43: =IF($AI43,IF(LARGE($AG$41:$AH$107,FO$40)=$AG43,$AC43,""),"") | FS43: =IF($AI43,IF(LARGE($AG$41:$AH$107,FS$40)=$AG43,$AC43,""),"") | FW43: =IF($AI43,IF(LARGE($AG$41:$AH$107,FW$40)=$AG43,$AC43,""),"") | GA43: =IF($AI43,IF(LARGE($AG$41:$AH$107,GA$40)=$AG43,$AC43,""),"") | GE43: =IF($AI43,IF(LARGE($AG$41:$AH$107,GE$40)=$AG43,$AC43,""),"") | GI43: =IF($AI43,IF(LARGE($AG$41:$AH$107,GI$40)=$AG43,$AC43,""),"") | GM43: =IF($AI43,IF(LARGE($AG$41:$AH$107,GM$40)=$AG43,$AC43,""),"") | GQ43: =IF($AI43,IF(LARGE($AG$41:$AH$107,GQ$40)=$AG43,$AC43,""),"") | GU43: =IF($AI43,IF(LARGE($AG$41:$AH$107,GU$40)=$AG43,$AC43,""),"") | GY43: =IF($AI43,IF(LARGE($AG$41:$AH$107,GY$40)=$AG43,$AC43,""),"") | HC43: =IF($AI43,IF(LARGE($AG$41:$AH$107,HC$40)=$AG43,$AC43,""),"") | HG43: =IF($AI43,IF(LARGE($AG$41:$AH$107,HG$40)=$AG43,$AC43,""),"") | HK43: =IF($AI43,IF(LARGE($AG$41:$AH$107,HK$40)=$AG43,$AC43,""),"") | HO43: =IF($AI43,IF(LARGE($AG$41:$AH$107,HO$40)=$AG43,$AC43,""),"") | HS43: =IF($AI43,IF(LARGE($AG$41:$AH$107,HS$40)=$AG43,$AC43,""),"") | HW43: =IF($AI43,IF(LARGE($AG$41:$AH$107,HW$40)=$AG43,$AC43,""),"") | IA43: =IF($AI43,IF(LARGE($AG$41:$AH$107,IA$40)=$AG43,$AC43,""),"") | IE43: =IF($AI43,IF(LARGE($AG$41:$AH$107,IE$40)=$AG43,$AC43,""),"") | II43: =IF($AI43,IF(LARGE($AG$41:$AH$107,II$40)=$AG43,$AC43,""),"") | IM43: =IF($AI43,IF(LARGE($AG$41:$AH$107,IM$40)=$AG43,$AC43,""),"") | IQ43: =IF($AI43,IF(LARGE($AG$41:$AH$107,IQ$40)=$AG43,$AC43,""),"") | IU43: =IF($AI43,IF(LARGE($AG$41:$AH$107,IU$40)=$AG43,$AC43,""),"") | IY43: =IF($AI43,IF(LARGE($AG$41:$AH$107,IY$40)=$AG43,$AC43,""),"") | JC43: =IF($AI43,IF(LARGE($AG$41:$AH$107,JC$40)=$AG43,$AC43,""),"") | JG43: =IF($AI43,IF(LARGE($AG$41:$AH$107,JG$40)=$AG43,$AC43,""),"") | JK43: =IF($AI43,IF(LARGE($AG$41:$AH$107,JK$40)=$AG43,$AC43,""),"") | JO43: =IF($AI43,IF(LARGE($AG$41:$AH$107,JO$40)=$AG43,$AC43,""),"") | JS43: =IF($AI43,IF(LARGE($AG$41:$AH$107,JS$40)=$AG43,$AC43,""),"") | JW43: =IF($AI43,IF(LARGE($AG$41:$AH$107,JW$40)=$AG43,$AC43,""),"") | KA43: =IF($AI43,IF(LARGE($AG$41:$AH$107,KA$40)=$AG43,$AC43,""),"") | KE43: =IF($AI43,IF(LARGE($AG$41:$AH$107,KE$40)=$AG43,$AC43,""),"") | KI43: =IF($AI43,IF(LARGE($AG$41:$AH$107,KI$40)=$AG43,$AC43,""),"") | KM43: =IF($AI43,IF(LARGE($AG$41:$AH$107,KM$40)=$AG43,$AC43,""),"") | KQ43: =IF($AI43,IF(LARGE($AG$41:$AH$107,KQ$40)=$AG43,$AC43,""),"")
C44: =IF(F8="","",CONCATENATE(" ",C8,F8,H8)) -> 🗿考古学 | G44: =IF(AND(L8=0,N8=0),"",IF(ISNONTEXT(D8),"",R8)) | I44: =IF(G44=$G$40,C44,"") | M44: =IF(AND(NOT(N8=0),ISNONTEXT(D8)),1,0) -> 0 | P44: =IF(F8="","",CONCATENATE(" ",C8,F8,H8)) -> 🗿考古学 | T44: =IF(AND(L8=0,P8=0),"",IF(ISNONTEXT(D8),R8,"")) | V44: =IF(T44=$T$40,P44,"") | AC44: =IF(F8="","",CONCATENATE(C8,F8,H8)) -> 🗿考古学 | AG44: =R8 -> 1 | AI44: =IF(AND(OR(ISNUMBER(L8),ISNUMBER(N8),ISNUMBER(P8)),OR(L8>0,N8>0,P8>0)),TRUE,FALSE) -> FALSE | AM44: =IF($AI44,IF(LARGE($AG$41:$AH$107,AM$40)=$AG44,$AC44,""),"") | AQ44: =IF($AI44,IF(LARGE($AG$41:$AH$107,AQ$40)=$AG44,$AC44,""),"") | AU44: =IF($AI44,IF(LARGE($AG$41:$AH$107,AU$40)=$AG44,$AC44,""),"") | AY44: =IF($AI44,IF(LARGE($AG$41:$AH$107,AY$40)=$AG44,$AC44,""),"") | BC44: =IF($AI44,IF(LARGE($AG$41:$AH$107,BC$40)=$AG44,$AC44,""),"") | BG44: =IF($AI44,IF(LARGE($AG$41:$AH$107,BG$40)=$AG44,$AC44,""),"") | BK44: =IF($AI44,IF(LARGE($AG$41:$AH$107,BK$40)=$AG44,$AC44,""),"") | BO44: =IF($AI44,IF(LARGE($AG$41:$AH$107,BO$40)=$AG44,$AC44,""),"") | BS44: =IF($AI44,IF(LARGE($AG$41:$AH$107,BS$40)=$AG44,$AC44,""),"") | BW44: =IF($AI44,IF(LARGE($AG$41:$AH$107,BW$40)=$AG44,$AC44,""),"") | CA44: =IF($AI44,IF(LARGE($AG$41:$AH$107,CA$40)=$AG44,$AC44,""),"") | CE44: =IF($AI44,IF(LARGE($AG$41:$AH$107,CE$40)=$AG44,$AC44,""),"") | CI44: =IF($AI44,IF(LARGE($AG$41:$AH$107,CI$40)=$AG44,$AC44,""),"") | CM44: =IF($AI44,IF(LARGE($AG$41:$AH$107,CM$40)=$AG44,$AC44,""),"") | CQ44: =IF($AI44,IF(LARGE($AG$41:$AH$107,CQ$40)=$AG44,$AC44,""),"") | CU44: =IF($AI44,IF(LARGE($AG$41:$AH$107,CU$40)=$AG44,$AC44,""),"") | CY44: =IF($AI44,IF(LARGE($AG$41:$AH$107,CY$40)=$AG44,$AC44,""),"") | DC44: =IF($AI44,IF(LARGE($AG$41:$AH$107,DC$40)=$AG44,$AC44,""),"") | DG44: =IF($AI44,IF(LARGE($AG$41:$AH$107,DG$40)=$AG44,$AC44,""),"") | DK44: =IF($AI44,IF(LARGE($AG$41:$AH$107,DK$40)=$AG44,$AC44,""),"") | DO44: =IF($AI44,IF(LARGE($AG$41:$AH$107,DO$40)=$AG44,$AC44,""),"") | DS44: =IF($AI44,IF(LARGE($AG$41:$AH$107,DS$40)=$AG44,$AC44,""),"") | DW44: =IF($AI44,IF(LARGE($AG$41:$AH$107,DW$40)=$AG44,$AC44,""),"") | EA44: =IF($AI44,IF(LARGE($AG$41:$AH$107,EA$40)=$AG44,$AC44,""),"") | EE44: =IF($AI44,IF(LARGE($AG$41:$AH$107,EE$40)=$AG44,$AC44,""),"") | EI44: =IF($AI44,IF(LARGE($AG$41:$AH$107,EI$40)=$AG44,$AC44,""),"") | EM44: =IF($AI44,IF(LARGE($AG$41:$AH$107,EM$40)=$AG44,$AC44,""),"") | EQ44: =IF($AI44,IF(LARGE($AG$41:$AH$107,EQ$40)=$AG44,$AC44,""),"") | EU44: =IF($AI44,IF(LARGE($AG$41:$AH$107,EU$40)=$AG44,$AC44,""),"") | EY44: =IF($AI44,IF(LARGE($AG$41:$AH$107,EY$40)=$AG44,$AC44,""),"") | FC44: =IF($AI44,IF(LARGE($AG$41:$AH$107,FC$40)=$AG44,$AC44,""),"") | FG44: =IF($AI44,IF(LARGE($AG$41:$AH$107,FG$40)=$AG44,$AC44,""),"") | FK44: =IF($AI44,IF(LARGE($AG$41:$AH$107,FK$40)=$AG44,$AC44,""),"") | FO44: =IF($AI44,IF(LARGE($AG$41:$AH$107,FO$40)=$AG44,$AC44,""),"") | FS44: =IF($AI44,IF(LARGE($AG$41:$AH$107,FS$40)=$AG44,$AC44,""),"") | FW44: =IF($AI44,IF(LARGE($AG$41:$AH$107,FW$40)=$AG44,$AC44,""),"") | GA44: =IF($AI44,IF(LARGE($AG$41:$AH$107,GA$40)=$AG44,$AC44,""),"") | GE44: =IF($AI44,IF(LARGE($AG$41:$AH$107,GE$40)=$AG44,$AC44,""),"") | GI44: =IF($AI44,IF(LARGE($AG$41:$AH$107,GI$40)=$AG44,$AC44,""),"") | GM44: =IF($AI44,IF(LARGE($AG$41:$AH$107,GM$40)=$AG44,$AC44,""),"") | GQ44: =IF($AI44,IF(LARGE($AG$41:$AH$107,GQ$40)=$AG44,$AC44,""),"") | GU44: =IF($AI44,IF(LARGE($AG$41:$AH$107,GU$40)=$AG44,$AC44,""),"") | GY44: =IF($AI44,IF(LARGE($AG$41:$AH$107,GY$40)=$AG44,$AC44,""),"") | HC44: =IF($AI44,IF(LARGE($AG$41:$AH$107,HC$40)=$AG44,$AC44,""),"") | HG44: =IF($AI44,IF(LARGE($AG$41:$AH$107,HG$40)=$AG44,$AC44,""),"") | HK44: =IF($AI44,IF(LARGE($AG$41:$AH$107,HK$40)=$AG44,$AC44,""),"") | HO44: =IF($AI44,IF(LARGE($AG$41:$AH$107,HO$40)=$AG44,$AC44,""),"") | HS44: =IF($AI44,IF(LARGE($AG$41:$AH$107,HS$40)=$AG44,$AC44,""),"") | HW44: =IF($AI44,IF(LARGE($AG$41:$AH$107,HW$40)=$AG44,$AC44,""),"") | IA44: =IF($AI44,IF(LARGE($AG$41:$AH$107,IA$40)=$AG44,$AC44,""),"") | IE44: =IF($AI44,IF(LARGE($AG$41:$AH$107,IE$40)=$AG44,$AC44,""),"") | II44: =IF($AI44,IF(LARGE($AG$41:$AH$107,II$40)=$AG44,$AC44,""),"") | IM44: =IF($AI44,IF(LARGE($AG$41:$AH$107,IM$40)=$AG44,$AC44,""),"") | IQ44: =IF($AI44,IF(LARGE($AG$41:$AH$107,IQ$40)=$AG44,$AC44,""),"") | IU44: =IF($AI44,IF(LARGE($AG$41:$AH$107,IU$40)=$AG44,$AC44,""),"") | IY44: =IF($AI44,IF(LARGE($AG$41:$AH$107,IY$40)=$AG44,$AC44,""),"") | JC44: =IF($AI44,IF(LARGE($AG$41:$AH$107,JC$40)=$AG44,$AC44,""),"") | JG44: =IF($AI44,IF(LARGE($AG$41:$AH$107,JG$40)=$AG44,$AC44,""),"") | JK44: =IF($AI44,IF(LARGE($AG$41:$AH$107,JK$40)=$AG44,$AC44,""),"") | JO44: =IF($AI44,IF(LARGE($AG$41:$AH$107,JO$40)=$AG44,$AC44,""),"") | JS44: =IF($AI44,IF(LARGE($AG$41:$AH$107,JS$40)=$AG44,$AC44,""),"") | JW44: =IF($AI44,IF(LARGE($AG$41:$AH$107,JW$40)=$AG44,$AC44,""),"") | KA44: =IF($AI44,IF(LARGE($AG$41:$AH$107,KA$40)=$AG44,$AC44,""),"") | KE44: =IF($AI44,IF(LARGE($AG$41:$AH$107,KE$40)=$AG44,$AC44,""),"") | KI44: =IF($AI44,IF(LARGE($AG$41:$AH$107,KI$40)=$AG44,$AC44,""),"") | KM44: =IF($AI44,IF(LARGE($AG$41:$AH$107,KM$40)=$AG44,$AC44,""),"") | KQ44: =IF($AI44,IF(LARGE($AG$41:$AH$107,KQ$40)=$AG44,$AC44,""),"")
C45: =IF(F9="","",CONCATENATE(" ",C9,F9,H9)) -> 🔅技艺① | G45: =IF(AND(L9=0,N9=0),"",IF(ISNONTEXT(D9),"",R9)) | I45: =IF(G45=$G$40,C45,"") | M45: =IF(AND(NOT(N9=0),ISNONTEXT(D9)),1,0) -> 0 | P45: =IF(F9="","",CONCATENATE(" ",C9,F9,H9)) -> 🔅技艺① | T45: =IF(AND(L9=0,P9=0),"",IF(ISNONTEXT(D9),R9,"")) | V45: =IF(T45=$T$40,P45,"") | AC45: =IF(F9="","",CONCATENATE(C9,F9,H9)) -> 🔅技艺① | AG45: =R9 -> 5 | AI45: =IF(AND(OR(ISNUMBER(L9),ISNUMBER(N9),ISNUMBER(P9)),OR(L9>0,N9>0,P9>0)),TRUE,FALSE) -> FALSE | AM45: =IF($AI45,IF(LARGE($AG$41:$AH$107,AM$40)=$AG45,$AC45,""),"") | AQ45: =IF($AI45,IF(LARGE($AG$41:$AH$107,AQ$40)=$AG45,$AC45,""),"") | AU45: =IF($AI45,IF(LARGE($AG$41:$AH$107,AU$40)=$AG45,$AC45,""),"") | AY45: =IF($AI45,IF(LARGE($AG$41:$AH$107,AY$40)=$AG45,$AC45,""),"") | BC45: =IF($AI45,IF(LARGE($AG$41:$AH$107,BC$40)=$AG45,$AC45,""),"") | BG45: =IF($AI45,IF(LARGE($AG$41:$AH$107,BG$40)=$AG45,$AC45,""),"") | BK45: =IF($AI45,IF(LARGE($AG$41:$AH$107,BK$40)=$AG45,$AC45,""),"") | BO45: =IF($AI45,IF(LARGE($AG$41:$AH$107,BO$40)=$AG45,$AC45,""),"") | BS45: =IF($AI45,IF(LARGE($AG$41:$AH$107,BS$40)=$AG45,$AC45,""),"") | BW45: =IF($AI45,IF(LARGE($AG$41:$AH$107,BW$40)=$AG45,$AC45,""),"") | CA45: =IF($AI45,IF(LARGE($AG$41:$AH$107,CA$40)=$AG45,$AC45,""),"") | CE45: =IF($AI45,IF(LARGE($AG$41:$AH$107,CE$40)=$AG45,$AC45,""),"") | CI45: =IF($AI45,IF(LARGE($AG$41:$AH$107,CI$40)=$AG45,$AC45,""),"") | CM45: =IF($AI45,IF(LARGE($AG$41:$AH$107,CM$40)=$AG45,$AC45,""),"") | CQ45: =IF($AI45,IF(LARGE($AG$41:$AH$107,CQ$40)=$AG45,$AC45,""),"") | CU45: =IF($AI45,IF(LARGE($AG$41:$AH$107,CU$40)=$AG45,$AC45,""),"") | CY45: =IF($AI45,IF(LARGE($AG$41:$AH$107,CY$40)=$AG45,$AC45,""),"") | DC45: =IF($AI45,IF(LARGE($AG$41:$AH$107,DC$40)=$AG45,$AC45,""),"") | DG45: =IF($AI45,IF(LARGE($AG$41:$AH$107,DG$40)=$AG45,$AC45,""),"") | DK45: =IF($AI45,IF(LARGE($AG$41:$AH$107,DK$40)=$AG45,$AC45,""),"") | DO45: =IF($AI45,IF(LARGE($AG$41:$AH$107,DO$40)=$AG45,$AC45,""),"") | DS45: =IF($AI45,IF(LARGE($AG$41:$AH$107,DS$40)=$AG45,$AC45,""),"") | DW45: =IF($AI45,IF(LARGE($AG$41:$AH$107,DW$40)=$AG45,$AC45,""),"") | EA45: =IF($AI45,IF(LARGE($AG$41:$AH$107,EA$40)=$AG45,$AC45,""),"") | EE45: =IF($AI45,IF(LARGE($AG$41:$AH$107,EE$40)=$AG45,$AC45,""),"") | EI45: =IF($AI45,IF(LARGE($AG$41:$AH$107,EI$40)=$AG45,$AC45,""),"") | EM45: =IF($AI45,IF(LARGE($AG$41:$AH$107,EM$40)=$AG45,$AC45,""),"") | EQ45: =IF($AI45,IF(LARGE($AG$41:$AH$107,EQ$40)=$AG45,$AC45,""),"") | EU45: =IF($AI45,IF(LARGE($AG$41:$AH$107,EU$40)=$AG45,$AC45,""),"") | EY45: =IF($AI45,IF(LARGE($AG$41:$AH$107,EY$40)=$AG45,$AC45,""),"") | FC45: =IF($AI45,IF(LARGE($AG$41:$AH$107,FC$40)=$AG45,$AC45,""),"") | FG45: =IF($AI45,IF(LARGE($AG$41:$AH$107,FG$40)=$AG45,$AC45,""),"") | FK45: =IF($AI45,IF(LARGE($AG$41:$AH$107,FK$40)=$AG45,$AC45,""),"") | FO45: =IF($AI45,IF(LARGE($AG$41:$AH$107,FO$40)=$AG45,$AC45,""),"") | FS45: =IF($AI45,IF(LARGE($AG$41:$AH$107,FS$40)=$AG45,$AC45,""),"") | FW45: =IF($AI45,IF(LARGE($AG$41:$AH$107,FW$40)=$AG45,$AC45,""),"") | GA45: =IF($AI45,IF(LARGE($AG$41:$AH$107,GA$40)=$AG45,$AC45,""),"") | GE45: =IF($AI45,IF(LARGE($AG$41:$AH$107,GE$40)=$AG45,$AC45,""),"") | GI45: =IF($AI45,IF(LARGE($AG$41:$AH$107,GI$40)=$AG45,$AC45,""),"") | GM45: =IF($AI45,IF(LARGE($AG$41:$AH$107,GM$40)=$AG45,$AC45,""),"") | GQ45: =IF($AI45,IF(LARGE($AG$41:$AH$107,GQ$40)=$AG45,$AC45,""),"") | GU45: =IF($AI45,IF(LARGE($AG$41:$AH$107,GU$40)=$AG45,$AC45,""),"") | GY45: =IF($AI45,IF(LARGE($AG$41:$AH$107,GY$40)=$AG45,$AC45,""),"") | HC45: =IF($AI45,IF(LARGE($AG$41:$AH$107,HC$40)=$AG45,$AC45,""),"") | HG45: =IF($AI45,IF(LARGE($AG$41:$AH$107,HG$40)=$AG45,$AC45,""),"") | HK45: =IF($AI45,IF(LARGE($AG$41:$AH$107,HK$40)=$AG45,$AC45,""),"") | HO45: =IF($AI45,IF(LARGE($AG$41:$AH$107,HO$40)=$AG45,$AC45,""),"") | HS45: =IF($AI45,IF(LARGE($AG$41:$AH$107,HS$40)=$AG45,$AC45,""),"") | HW45: =IF($AI45,IF(LARGE($AG$41:$AH$107,HW$40)=$AG45,$AC45,""),"") | IA45: =IF($AI45,IF(LARGE($AG$41:$AH$107,IA$40)=$AG45,$AC45,""),"") | IE45: =IF($AI45,IF(LARGE($AG$41:$AH$107,IE$40)=$AG45,$AC45,""),"") | II45: =IF($AI45,IF(LARGE($AG$41:$AH$107,II$40)=$AG45,$AC45,""),"") | IM45: =IF($AI45,IF(LARGE($AG$41:$AH$107,IM$40)=$AG45,$AC45,""),"") | IQ45: =IF($AI45,IF(LARGE($AG$41:$AH$107,IQ$40)=$AG45,$AC45,""),"") | IU45: =IF($AI45,IF(LARGE($AG$41:$AH$107,IU$40)=$AG45,$AC45,""),"") | IY45: =IF($AI45,IF(LARGE($AG$41:$AH$107,IY$40)=$AG45,$AC45,""),"") | JC45: =IF($AI45,IF(LARGE($AG$41:$AH$107,JC$40)=$AG45,$AC45,""),"") | JG45: =IF($AI45,IF(LARGE($AG$41:$AH$107,JG$40)=$AG45,$AC45,""),"") | JK45: =IF($AI45,IF(LARGE($AG$41:$AH$107,JK$40)=$AG45,$AC45,""),"") | JO45: =IF($AI45,IF(LARGE($AG$41:$AH$107,JO$40)=$AG45,$AC45,""),"") | JS45: =IF($AI45,IF(LARGE($AG$41:$AH$107,JS$40)=$AG45,$AC45,""),"") | JW45: =IF($AI45,IF(LARGE($AG$41:$AH$107,JW$40)=$AG45,$AC45,""),"") | KA45: =IF($AI45,IF(LARGE($AG$41:$AH$107,KA$40)=$AG45,$AC45,""),"") | KE45: =IF($AI45,IF(LARGE($AG$41:$AH$107,KE$40)=$AG45,$AC45,""),"") | KI45: =IF($AI45,IF(LARGE($AG$41:$AH$107,KI$40)=$AG45,$AC45,""),"") | KM45: =IF($AI45,IF(LARGE($AG$41:$AH$107,KM$40)=$AG45,$AC45,""),"") | KQ45: =IF($AI45,IF(LARGE($AG$41:$AH$107,KQ$40)=$AG45,$AC45,""),"")
C46: =IF(F10="","",CONCATENATE(" ",C10,F10,H10)) -> 🔅技艺② | G46: =IF(AND(L10=0,N10=0),"",IF(ISNONTEXT(D10),"",R10)) | I46: =IF(G46=$G$40,C46,"") | M46: =IF(AND(NOT(N10=0),ISNONTEXT(D10)),1,0) -> 0 | P46: =IF(F10="","",CONCATENATE(" ",C10,F10,H10)) -> 🔅技艺② | T46: =IF(AND(L10=0,P10=0),"",IF(ISNONTEXT(D10),R10,"")) | V46: =IF(T46=$T$40,P46,"") | AC46: =IF(F10="","",CONCATENATE(C10,F10,H10)) -> 🔅技艺② | AG46: =R10 -> 5 | AI46: =IF(AND(OR(ISNUMBER(L10),ISNUMBER(N10),ISNUMBER(P10)),OR(L10>0,N10>0,P10>0)),TRUE,FALSE) -> FALSE | AM46: =IF($AI46,IF(LARGE($AG$41:$AH$107,AM$40)=$AG46,$AC46,""),"") | AQ46: =IF($AI46,IF(LARGE($AG$41:$AH$107,AQ$40)=$AG46,$AC46,""),"") | AU46: =IF($AI46,IF(LARGE($AG$41:$AH$107,AU$40)=$AG46,$AC46,""),"") | AY46: =IF($AI46,IF(LARGE($AG$41:$AH$107,AY$40)=$AG46,$AC46,""),"") | BC46: =IF($AI46,IF(LARGE($AG$41:$AH$107,BC$40)=$AG46,$AC46,""),"") | BG46: =IF($AI46,IF(LARGE($AG$41:$AH$107,BG$40)=$AG46,$AC46,""),"") | BK46: =IF($AI46,IF(LARGE($AG$41:$AH$107,BK$40)=$AG46,$AC46,""),"") | BO46: =IF($AI46,IF(LARGE($AG$41:$AH$107,BO$40)=$AG46,$AC46,""),"") | BS46: =IF($AI46,IF(LARGE($AG$41:$AH$107,BS$40)=$AG46,$AC46,""),"") | BW46: =IF($AI46,IF(LARGE($AG$41:$AH$107,BW$40)=$AG46,$AC46,""),"") | CA46: =IF($AI46,IF(LARGE($AG$41:$AH$107,CA$40)=$AG46,$AC46,""),"") | CE46: =IF($AI46,IF(LARGE($AG$41:$AH$107,CE$40)=$AG46,$AC46,""),"") | CI46: =IF($AI46,IF(LARGE($AG$41:$AH$107,CI$40)=$AG46,$AC46,""),"") | CM46: =IF($AI46,IF(LARGE($AG$41:$AH$107,CM$40)=$AG46,$AC46,""),"") | CQ46: =IF($AI46,IF(LARGE($AG$41:$AH$107,CQ$40)=$AG46,$AC46,""),"") | CU46: =IF($AI46,IF(LARGE($AG$41:$AH$107,CU$40)=$AG46,$AC46,""),"") | CY46: =IF($AI46,IF(LARGE($AG$41:$AH$107,CY$40)=$AG46,$AC46,""),"") | DC46: =IF($AI46,IF(LARGE($AG$41:$AH$107,DC$40)=$AG46,$AC46,""),"") | DG46: =IF($AI46,IF(LARGE($AG$41:$AH$107,DG$40)=$AG46,$AC46,""),"") | DK46: =IF($AI46,IF(LARGE($AG$41:$AH$107,DK$40)=$AG46,$AC46,""),"") | DO46: =IF($AI46,IF(LARGE($AG$41:$AH$107,DO$40)=$AG46,$AC46,""),"") | DS46: =IF($AI46,IF(LARGE($AG$41:$AH$107,DS$40)=$AG46,$AC46,""),"") | DW46: =IF($AI46,IF(LARGE($AG$41:$AH$107,DW$40)=$AG46,$AC46,""),"") | EA46: =IF($AI46,IF(LARGE($AG$41:$AH$107,EA$40)=$AG46,$AC46,""),"") | EE46: =IF($AI46,IF(LARGE($AG$41:$AH$107,EE$40)=$AG46,$AC46,""),"") | EI46: =IF($AI46,IF(LARGE($AG$41:$AH$107,EI$40)=$AG46,$AC46,""),"") | EM46: =IF($AI46,IF(LARGE($AG$41:$AH$107,EM$40)=$AG46,$AC46,""),"") | EQ46: =IF($AI46,IF(LARGE($AG$41:$AH$107,EQ$40)=$AG46,$AC46,""),"") | EU46: =IF($AI46,IF(LARGE($AG$41:$AH$107,EU$40)=$AG46,$AC46,""),"") | EY46: =IF($AI46,IF(LARGE($AG$41:$AH$107,EY$40)=$AG46,$AC46,""),"") | FC46: =IF($AI46,IF(LARGE($AG$41:$AH$107,FC$40)=$AG46,$AC46,""),"") | FG46: =IF($AI46,IF(LARGE($AG$41:$AH$107,FG$40)=$AG46,$AC46,""),"") | FK46: =IF($AI46,IF(LARGE($AG$41:$AH$107,FK$40)=$AG46,$AC46,""),"") | FO46: =IF($AI46,IF(LARGE($AG$41:$AH$107,FO$40)=$AG46,$AC46,""),"") | FS46: =IF($AI46,IF(LARGE($AG$41:$AH$107,FS$40)=$AG46,$AC46,""),"") | FW46: =IF($AI46,IF(LARGE($AG$41:$AH$107,FW$40)=$AG46,$AC46,""),"") | GA46: =IF($AI46,IF(LARGE($AG$41:$AH$107,GA$40)=$AG46,$AC46,""),"") | GE46: =IF($AI46,IF(LARGE($AG$41:$AH$107,GE$40)=$AG46,$AC46,""),"") | GI46: =IF($AI46,IF(LARGE($AG$41:$AH$107,GI$40)=$AG46,$AC46,""),"") | GM46: =IF($AI46,IF(LARGE($AG$41:$AH$107,GM$40)=$AG46,$AC46,""),"") | GQ46: =IF($AI46,IF(LARGE($AG$41:$AH$107,GQ$40)=$AG46,$AC46,""),"") | GU46: =IF($AI46,IF(LARGE($AG$41:$AH$107,GU$40)=$AG46,$AC46,""),"") | GY46: =IF($AI46,IF(LARGE($AG$41:$AH$107,GY$40)=$AG46,$AC46,""),"") | HC46: =IF($AI46,IF(LARGE($AG$41:$AH$107,HC$40)=$AG46,$AC46,""),"") | HG46: =IF($AI46,IF(LARGE($AG$41:$AH$107,HG$40)=$AG46,$AC46,""),"") | HK46: =IF($AI46,IF(LARGE($AG$41:$AH$107,HK$40)=$AG46,$AC46,""),"") | HO46: =IF($AI46,IF(LARGE($AG$41:$AH$107,HO$40)=$AG46,$AC46,""),"") | HS46: =IF($AI46,IF(LARGE($AG$41:$AH$107,HS$40)=$AG46,$AC46,""),"") | HW46: =IF($AI46,IF(LARGE($AG$41:$AH$107,HW$40)=$AG46,$AC46,""),"") | IA46: =IF($AI46,IF(LARGE($AG$41:$AH$107,IA$40)=$AG46,$AC46,""),"") | IE46: =IF($AI46,IF(LARGE($AG$41:$AH$107,IE$40)=$AG46,$AC46,""),"") | II46: =IF($AI46,IF(LARGE($AG$41:$AH$107,II$40)=$AG46,$AC46,""),"") | IM46: =IF($AI46,IF(LARGE($AG$41:$AH$107,IM$40)=$AG46,$AC46,""),"") | IQ46: =IF($AI46,IF(LARGE($AG$41:$AH$107,IQ$40)=$AG46,$AC46,""),"") | IU46: =IF($AI46,IF(LARGE($AG$41:$AH$107,IU$40)=$AG46,$AC46,""),"") | IY46: =IF($AI46,IF(LARGE($AG$41:$AH$107,IY$40)=$AG46,$AC46,""),"") | JC46: =IF($AI46,IF(LARGE($AG$41:$AH$107,JC$40)=$AG46,$AC46,""),"") | JG46: =IF($AI46,IF(LARGE($AG$41:$AH$107,JG$40)=$AG46,$AC46,""),"") | JK46: =IF($AI46,IF(LARGE($AG$41:$AH$107,JK$40)=$AG46,$AC46,""),"") | JO46: =IF($AI46,IF(LARGE($AG$41:$AH$107,JO$40)=$AG46,$AC46,""),"") | JS46: =IF($AI46,IF(LARGE($AG$41:$AH$107,JS$40)=$AG46,$AC46,""),"") | JW46: =IF($AI46,IF(LARGE($AG$41:$AH$107,JW$40)=$AG46,$AC46,""),"") | KA46: =IF($AI46,IF(LARGE($AG$41:$AH$107,KA$40)=$AG46,$AC46,""),"") | KE46: =IF($AI46,IF(LARGE($AG$41:$AH$107,KE$40)=$AG46,$AC46,""),"") | KI46: =IF($AI46,IF(LARGE($AG$41:$AH$107,KI$40)=$AG46,$AC46,""),"") | KM46: =IF($AI46,IF(LARGE($AG$41:$AH$107,KM$40)=$AG46,$AC46,""),"") | KQ46: =IF($AI46,IF(LARGE($AG$41:$AH$107,KQ$40)=$AG46,$AC46,""),"")
C47: =IF(F11="","",CONCATENATE(" ",C11,F11,H11)) -> 🔅技艺③ | G47: =IF(AND(L11=0,N11=0),"",IF(ISNONTEXT(D11),"",R11)) | I47: =IF(G47=$G$40,C47,"") | M47: =IF(AND(NOT(N11=0),ISNONTEXT(D11)),1,0) -> 0 | P47: =IF(F11="","",CONCATENATE(" ",C11,F11,H11)) -> 🔅技艺③ | T47: =IF(AND(L11=0,P11=0),"",IF(ISNONTEXT(D11),R11,"")) | V47: =IF(T47=$T$40,P47,"") | AC47: =IF(F11="","",CONCATENATE(C11,F11,H11)) -> 🔅技艺③ | AG47: =R11 -> 5 | AI47: =IF(AND(OR(ISNUMBER(L11),ISNUMBER(N11),ISNUMBER(P11)),OR(L11>0,N11>0,P11>0)),TRUE,FALSE) -> FALSE | AM47: =IF($AI47,IF(LARGE($AG$41:$AH$107,AM$40)=$AG47,$AC47,""),"") | AQ47: =IF($AI47,IF(LARGE($AG$41:$AH$107,AQ$40)=$AG47,$AC47,""),"") | AU47: =IF($AI47,IF(LARGE($AG$41:$AH$107,AU$40)=$AG47,$AC47,""),"") | AY47: =IF($AI47,IF(LARGE($AG$41:$AH$107,AY$40)=$AG47,$AC47,""),"") | BC47: =IF($AI47,IF(LARGE($AG$41:$AH$107,BC$40)=$AG47,$AC47,""),"") | BG47: =IF($AI47,IF(LARGE($AG$41:$AH$107,BG$40)=$AG47,$AC47,""),"") | BK47: =IF($AI47,IF(LARGE($AG$41:$AH$107,BK$40)=$AG47,$AC47,""),"") | BO47: =IF($AI47,IF(LARGE($AG$41:$AH$107,BO$40)=$AG47,$AC47,""),"") | BS47: =IF($AI47,IF(LARGE($AG$41:$AH$107,BS$40)=$AG47,$AC47,""),"") | BW47: =IF($AI47,IF(LARGE($AG$41:$AH$107,BW$40)=$AG47,$AC47,""),"") | CA47: =IF($AI47,IF(LARGE($AG$41:$AH$107,CA$40)=$AG47,$AC47,""),"") | CE47: =IF($AI47,IF(LARGE($AG$41:$AH$107,CE$40)=$AG47,$AC47,""),"") | CI47: =IF($AI47,IF(LARGE($AG$41:$AH$107,CI$40)=$AG47,$AC47,""),"") | CM47: =IF($AI47,IF(LARGE($AG$41:$AH$107,CM$40)=$AG47,$AC47,""),"") | CQ47: =IF($AI47,IF(LARGE($AG$41:$AH$107,CQ$40)=$AG47,$AC47,""),"") | CU47: =IF($AI47,IF(LARGE($AG$41:$AH$107,CU$40)=$AG47,$AC47,""),"") | CY47: =IF($AI47,IF(LARGE($AG$41:$AH$107,CY$40)=$AG47,$AC47,""),"") | DC47: =IF($AI47,IF(LARGE($AG$41:$AH$107,DC$40)=$AG47,$AC47,""),"") | DG47: =IF($AI47,IF(LARGE($AG$41:$AH$107,DG$40)=$AG47,$AC47,""),"") | DK47: =IF($AI47,IF(LARGE($AG$41:$AH$107,DK$40)=$AG47,$AC47,""),"") | DO47: =IF($AI47,IF(LARGE($AG$41:$AH$107,DO$40)=$AG47,$AC47,""),"") | DS47: =IF($AI47,IF(LARGE($AG$41:$AH$107,DS$40)=$AG47,$AC47,""),"") | DW47: =IF($AI47,IF(LARGE($AG$41:$AH$107,DW$40)=$AG47,$AC47,""),"") | EA47: =IF($AI47,IF(LARGE($AG$41:$AH$107,EA$40)=$AG47,$AC47,""),"") | EE47: =IF($AI47,IF(LARGE($AG$41:$AH$107,EE$40)=$AG47,$AC47,""),"") | EI47: =IF($AI47,IF(LARGE($AG$41:$AH$107,EI$40)=$AG47,$AC47,""),"") | EM47: =IF($AI47,IF(LARGE($AG$41:$AH$107,EM$40)=$AG47,$AC47,""),"") | EQ47: =IF($AI47,IF(LARGE($AG$41:$AH$107,EQ$40)=$AG47,$AC47,""),"") | EU47: =IF($AI47,IF(LARGE($AG$41:$AH$107,EU$40)=$AG47,$AC47,""),"") | EY47: =IF($AI47,IF(LARGE($AG$41:$AH$107,EY$40)=$AG47,$AC47,""),"") | FC47: =IF($AI47,IF(LARGE($AG$41:$AH$107,FC$40)=$AG47,$AC47,""),"") | FG47: =IF($AI47,IF(LARGE($AG$41:$AH$107,FG$40)=$AG47,$AC47,""),"") | FK47: =IF($AI47,IF(LARGE($AG$41:$AH$107,FK$40)=$AG47,$AC47,""),"") | FO47: =IF($AI47,IF(LARGE($AG$41:$AH$107,FO$40)=$AG47,$AC47,""),"") | FS47: =IF($AI47,IF(LARGE($AG$41:$AH$107,FS$40)=$AG47,$AC47,""),"") | FW47: =IF($AI47,IF(LARGE($AG$41:$AH$107,FW$40)=$AG47,$AC47,""),"") | GA47: =IF($AI47,IF(LARGE($AG$41:$AH$107,GA$40)=$AG47,$AC47,""),"") | GE47: =IF($AI47,IF(LARGE($AG$41:$AH$107,GE$40)=$AG47,$AC47,""),"") | GI47: =IF($AI47,IF(LARGE($AG$41:$AH$107,GI$40)=$AG47,$AC47,""),"") | GM47: =IF($AI47,IF(LARGE($AG$41:$AH$107,GM$40)=$AG47,$AC47,""),"") | GQ47: =IF($AI47,IF(LARGE($AG$41:$AH$107,GQ$40)=$AG47,$AC47,""),"") | GU47: =IF($AI47,IF(LARGE($AG$41:$AH$107,GU$40)=$AG47,$AC47,""),"") | GY47: =IF($AI47,IF(LARGE($AG$41:$AH$107,GY$40)=$AG47,$AC47,""),"") | HC47: =IF($AI47,IF(LARGE($AG$41:$AH$107,HC$40)=$AG47,$AC47,""),"") | HG47: =IF($AI47,IF(LARGE($AG$41:$AH$107,HG$40)=$AG47,$AC47,""),"") | HK47: =IF($AI47,IF(LARGE($AG$41:$AH$107,HK$40)=$AG47,$AC47,""),"") | HO47: =IF($AI47,IF(LARGE($AG$41:$AH$107,HO$40)=$AG47,$AC47,""),"") | HS47: =IF($AI47,IF(LARGE($AG$41:$AH$107,HS$40)=$AG47,$AC47,""),"") | HW47: =IF($AI47,IF(LARGE($AG$41:$AH$107,HW$40)=$AG47,$AC47,""),"") | IA47: =IF($AI47,IF(LARGE($AG$41:$AH$107,IA$40)=$AG47,$AC47,""),"") | IE47: =IF($AI47,IF(LARGE($AG$41:$AH$107,IE$40)=$AG47,$AC47,""),"") | II47: =IF($AI47,IF(LARGE($AG$41:$AH$107,II$40)=$AG47,$AC47,""),"") | IM47: =IF($AI47,IF(LARGE($AG$41:$AH$107,IM$40)=$AG47,$AC47,""),"") | IQ47: =IF($AI47,IF(LARGE($AG$41:$AH$107,IQ$40)=$AG47,$AC47,""),"") | IU47: =IF($AI47,IF(LARGE($AG$41:$AH$107,IU$40)=$AG47,$AC47,""),"") | IY47: =IF($AI47,IF(LARGE($AG$41:$AH$107,IY$40)=$AG47,$AC47,""),"") | JC47: =IF($AI47,IF(LARGE($AG$41:$AH$107,JC$40)=$AG47,$AC47,""),"") | JG47: =IF($AI47,IF(LARGE($AG$41:$AH$107,JG$40)=$AG47,$AC47,""),"") | JK47: =IF($AI47,IF(LARGE($AG$41:$AH$107,JK$40)=$AG47,$AC47,""),"") | JO47: =IF($AI47,IF(LARGE($AG$41:$AH$107,JO$40)=$AG47,$AC47,""),"") | JS47: =IF($AI47,IF(LARGE($AG$41:$AH$107,JS$40)=$AG47,$AC47,""),"") | JW47: =IF($AI47,IF(LARGE($AG$41:$AH$107,JW$40)=$AG47,$AC47,""),"") | KA47: =IF($AI47,IF(LARGE($AG$41:$AH$107,KA$40)=$AG47,$AC47,""),"") | KE47: =IF($AI47,IF(LARGE($AG$41:$AH$107,KE$40)=$AG47,$AC47,""),"") | KI47: =IF($AI47,IF(LARGE($AG$41:$AH$107,KI$40)=$AG47,$AC47,""),"") | KM47: =IF($AI47,IF(LARGE($AG$41:$AH$107,KM$40)=$AG47,$AC47,""),"") | KQ47: =IF($AI47,IF(LARGE($AG$41:$AH$107,KQ$40)=$AG47,$AC47,""),"")
C48: =IF(F12="","",CONCATENATE(" ",C12,F12,H12)) -> 😍取悦 | G48: =IF(AND(L12=0,N12=0),"",IF(ISNONTEXT(D12),"",R12)) | I48: =IF(G48=$G$40,C48,"") | M48: =IF(AND(NOT(N12=0),ISNONTEXT(D12)),1,0) -> 0 | P48: =IF(F12="","",CONCATENATE(" ",C12,F12,H12)) -> 😍取悦 | T48: =IF(AND(L12=0,P12=0),"",IF(ISNONTEXT(D12),R12,"")) | V48: =IF(T48=$T$40,P48,"") | AC48: =IF(F12="","",CONCATENATE(C12,F12,H12)) -> 😍取悦 | AG48: =R12 -> 15 | AI48: =IF(AND(OR(ISNUMBER(L12),ISNUMBER(N12),ISNUMBER(P12)),OR(L12>0,N12>0,P12>0)),TRUE,FALSE) -> FALSE | AM48: =IF($AI48,IF(LARGE($AG$41:$AH$107,AM$40)=$AG48,$AC48,""),"") | AQ48: =IF($AI48,IF(LARGE($AG$41:$AH$107,AQ$40)=$AG48,$AC48,""),"") | AU48: =IF($AI48,IF(LARGE($AG$41:$AH$107,AU$40)=$AG48,$AC48,""),"") | AY48: =IF($AI48,IF(LARGE($AG$41:$AH$107,AY$40)=$AG48,$AC48,""),"") | BC48: =IF($AI48,IF(LARGE($AG$41:$AH$107,BC$40)=$AG48,$AC48,""),"") | BG48: =IF($AI48,IF(LARGE($AG$41:$AH$107,BG$40)=$AG48,$AC48,""),"") | BK48: =IF($AI48,IF(LARGE($AG$41:$AH$107,BK$40)=$AG48,$AC48,""),"") | BO48: =IF($AI48,IF(LARGE($AG$41:$AH$107,BO$40)=$AG48,$AC48,""),"") | BS48: =IF($AI48,IF(LARGE($AG$41:$AH$107,BS$40)=$AG48,$AC48,""),"") | BW48: =IF($AI48,IF(LARGE($AG$41:$AH$107,BW$40)=$AG48,$AC48,""),"") | CA48: =IF($AI48,IF(LARGE($AG$41:$AH$107,CA$40)=$AG48,$AC48,""),"") | CE48: =IF($AI48,IF(LARGE($AG$41:$AH$107,CE$40)=$AG48,$AC48,""),"") | CI48: =IF($AI48,IF(LARGE($AG$41:$AH$107,CI$40)=$AG48,$AC48,""),"") | CM48: =IF($AI48,IF(LARGE($AG$41:$AH$107,CM$40)=$AG48,$AC48,""),"") | CQ48: =IF($AI48,IF(LARGE($AG$41:$AH$107,CQ$40)=$AG48,$AC48,""),"") | CU48: =IF($AI48,IF(LARGE($AG$41:$AH$107,CU$40)=$AG48,$AC48,""),"") | CY48: =IF($AI48,IF(LARGE($AG$41:$AH$107,CY$40)=$AG48,$AC48,""),"") | DC48: =IF($AI48,IF(LARGE($AG$41:$AH$107,DC$40)=$AG48,$AC48,""),"") | DG48: =IF($AI48,IF(LARGE($AG$41:$AH$107,DG$40)=$AG48,$AC48,""),"") | DK48: =IF($AI48,IF(LARGE($AG$41:$AH$107,DK$40)=$AG48,$AC48,""),"") | DO48: =IF($AI48,IF(LARGE($AG$41:$AH$107,DO$40)=$AG48,$AC48,""),"") | DS48: =IF($AI48,IF(LARGE($AG$41:$AH$107,DS$40)=$AG48,$AC48,""),"") | DW48: =IF($AI48,IF(LARGE($AG$41:$AH$107,DW$40)=$AG48,$AC48,""),"") | EA48: =IF($AI48,IF(LARGE($AG$41:$AH$107,EA$40)=$AG48,$AC48,""),"") | EE48: =IF($AI48,IF(LARGE($AG$41:$AH$107,EE$40)=$AG48,$AC48,""),"") | EI48: =IF($AI48,IF(LARGE($AG$41:$AH$107,EI$40)=$AG48,$AC48,""),"") | EM48: =IF($AI48,IF(LARGE($AG$41:$AH$107,EM$40)=$AG48,$AC48,""),"") | EQ48: =IF($AI48,IF(LARGE($AG$41:$AH$107,EQ$40)=$AG48,$AC48,""),"") | EU48: =IF($AI48,IF(LARGE($AG$41:$AH$107,EU$40)=$AG48,$AC48,""),"") | EY48: =IF($AI48,IF(LARGE($AG$41:$AH$107,EY$40)=$AG48,$AC48,""),"") | FC48: =IF($AI48,IF(LARGE($AG$41:$AH$107,FC$40)=$AG48,$AC48,""),"") | FG48: =IF($AI48,IF(LARGE($AG$41:$AH$107,FG$40)=$AG48,$AC48,""),"") | FK48: =IF($AI48,IF(LARGE($AG$41:$AH$107,FK$40)=$AG48,$AC48,""),"") | FO48: =IF($AI48,IF(LARGE($AG$41:$AH$107,FO$40)=$AG48,$AC48,""),"") | FS48: =IF($AI48,IF(LARGE($AG$41:$AH$107,FS$40)=$AG48,$AC48,""),"") | FW48: =IF($AI48,IF(LARGE($AG$41:$AH$107,FW$40)=$AG48,$AC48,""),"") | GA48: =IF($AI48,IF(LARGE($AG$41:$AH$107,GA$40)=$AG48,$AC48,""),"") | GE48: =IF($AI48,IF(LARGE($AG$41:$AH$107,GE$40)=$AG48,$AC48,""),"") | GI48: =IF($AI48,IF(LARGE($AG$41:$AH$107,GI$40)=$AG48,$AC48,""),"") | GM48: =IF($AI48,IF(LARGE($AG$41:$AH$107,GM$40)=$AG48,$AC48,""),"") | GQ48: =IF($AI48,IF(LARGE($AG$41:$AH$107,GQ$40)=$AG48,$AC48,""),"") | GU48: =IF($AI48,IF(LARGE($AG$41:$AH$107,GU$40)=$AG48,$AC48,""),"") | GY48: =IF($AI48,IF(LARGE($AG$41:$AH$107,GY$40)=$AG48,$AC48,""),"") | HC48: =IF($AI48,IF(LARGE($AG$41:$AH$107,HC$40)=$AG48,$AC48,""),"") | HG48: =IF($AI48,IF(LARGE($AG$41:$AH$107,HG$40)=$AG48,$AC48,""),"") | HK48: =IF($AI48,IF(LARGE($AG$41:$AH$107,HK$40)=$AG48,$AC48,""),"") | HO48: =IF($AI48,IF(LARGE($AG$41:$AH$107,HO$40)=$AG48,$AC48,""),"") | HS48: =IF($AI48,IF(LARGE($AG$41:$AH$107,HS$40)=$AG48,$AC48,""),"") | HW48: =IF($AI48,IF(LARGE($AG$41:$AH$107,HW$40)=$AG48,$AC48,""),"") | IA48: =IF($AI48,IF(LARGE($AG$41:$AH$107,IA$40)=$AG48,$AC48,""),"") | IE48: =IF($AI48,IF(LARGE($AG$41:$AH$107,IE$40)=$AG48,$AC48,""),"") | II48: =IF($AI48,IF(LARGE($AG$41:$AH$107,II$40)=$AG48,$AC48,""),"") | IM48: =IF($AI48,IF(LARGE($AG$41:$AH$107,IM$40)=$AG48,$AC48,""),"") | IQ48: =IF($AI48,IF(LARGE($AG$41:$AH$107,IQ$40)=$AG48,$AC48,""),"") | IU48: =IF($AI48,IF(LARGE($AG$41:$AH$107,IU$40)=$AG48,$AC48,""),"") | IY48: =IF($AI48,IF(LARGE($AG$41:$AH$107,IY$40)=$AG48,$AC48,""),"") | JC48: =IF($AI48,IF(LARGE($AG$41:$AH$107,JC$40)=$AG48,$AC48,""),"") | JG48: =IF($AI48,IF(LARGE($AG$41:$AH$107,JG$40)=$AG48,$AC48,""),"") | JK48: =IF($AI48,IF(LARGE($AG$41:$AH$107,JK$40)=$AG48,$AC48,""),"") | JO48: =IF($AI48,IF(LARGE($AG$41:$AH$107,JO$40)=$AG48,$AC48,""),"") | JS48: =IF($AI48,IF(LARGE($AG$41:$AH$107,JS$40)=$AG48,$AC48,""),"") | JW48: =IF($AI48,IF(LARGE($AG$41:$AH$107,JW$40)=$AG48,$AC48,""),"") | KA48: =IF($AI48,IF(LARGE($AG$41:$AH$107,KA$40)=$AG48,$AC48,""),"") | KE48: =IF($AI48,IF(LARGE($AG$41:$AH$107,KE$40)=$AG48,$AC48,""),"") | KI48: =IF($AI48,IF(LARGE($AG$41:$AH$107,KI$40)=$AG48,$AC48,""),"") | KM48: =IF($AI48,IF(LARGE($AG$41:$AH$107,KM$40)=$AG48,$AC48,""),"") | KQ48: =IF($AI48,IF(LARGE($AG$41:$AH$107,KQ$40)=$AG48,$AC48,""),"")
C49: =IF(F13="","",CONCATENATE(" ",C13,F13,H13)) -> 🧗‍♂️攀爬 | G49: =IF(AND(L13=0,N13=0),"",IF(ISNONTEXT(D13),"",R13)) | I49: =IF(G49=$G$40,C49,"") | M49: =IF(AND(NOT(N13=0),ISNONTEXT(D13)),1,0) -> 0 | P49: =IF(F13="","",CONCATENATE(" ",C13,F13,H13)) -> 🧗‍♂️攀爬 | T49: =IF(AND(L13=0,P13=0),"",IF(ISNONTEXT(D13),R13,"")) | V49: =IF(T49=$T$40,P49,"") | AC49: =IF(F13="","",CONCATENATE(C13,F13,H13)) -> 🧗‍♂️攀爬 | AG49: =R13 -> 20 | AI49: =IF(AND(OR(ISNUMBER(L13),ISNUMBER(N13),ISNUMBER(P13)),OR(L13>0,N13>0,P13>0)),TRUE,FALSE) -> FALSE | AM49: =IF($AI49,IF(LARGE($AG$41:$AH$107,AM$40)=$AG49,$AC49,""),"") | AQ49: =IF($AI49,IF(LARGE($AG$41:$AH$107,AQ$40)=$AG49,$AC49,""),"") | AU49: =IF($AI49,IF(LARGE($AG$41:$AH$107,AU$40)=$AG49,$AC49,""),"") | AY49: =IF($AI49,IF(LARGE($AG$41:$AH$107,AY$40)=$AG49,$AC49,""),"") | BC49: =IF($AI49,IF(LARGE($AG$41:$AH$107,BC$40)=$AG49,$AC49,""),"") | BG49: =IF($AI49,IF(LARGE($AG$41:$AH$107,BG$40)=$AG49,$AC49,""),"") | BK49: =IF($AI49,IF(LARGE($AG$41:$AH$107,BK$40)=$AG49,$AC49,""),"") | BO49: =IF($AI49,IF(LARGE($AG$41:$AH$107,BO$40)=$AG49,$AC49,""),"") | BS49: =IF($AI49,IF(LARGE($AG$41:$AH$107,BS$40)=$AG49,$AC49,""),"") | BW49: =IF($AI49,IF(LARGE($AG$41:$AH$107,BW$40)=$AG49,$AC49,""),"") | CA49: =IF($AI49,IF(LARGE($AG$41:$AH$107,CA$40)=$AG49,$AC49,""),"") | CE49: =IF($AI49,IF(LARGE($AG$41:$AH$107,CE$40)=$AG49,$AC49,""),"") | CI49: =IF($AI49,IF(LARGE($AG$41:$AH$107,CI$40)=$AG49,$AC49,""),"") | CM49: =IF($AI49,IF(LARGE($AG$41:$AH$107,CM$40)=$AG49,$AC49,""),"") | CQ49: =IF($AI49,IF(LARGE($AG$41:$AH$107,CQ$40)=$AG49,$AC49,""),"") | CU49: =IF($AI49,IF(LARGE($AG$41:$AH$107,CU$40)=$AG49,$AC49,""),"") | CY49: =IF($AI49,IF(LARGE($AG$41:$AH$107,CY$40)=$AG49,$AC49,""),"") | DC49: =IF($AI49,IF(LARGE($AG$41:$AH$107,DC$40)=$AG49,$AC49,""),"") | DG49: =IF($AI49,IF(LARGE($AG$41:$AH$107,DG$40)=$AG49,$AC49,""),"") | DK49: =IF($AI49,IF(LARGE($AG$41:$AH$107,DK$40)=$AG49,$AC49,""),"") | DO49: =IF($AI49,IF(LARGE($AG$41:$AH$107,DO$40)=$AG49,$AC49,""),"") | DS49: =IF($AI49,IF(LARGE($AG$41:$AH$107,DS$40)=$AG49,$AC49,""),"") | DW49: =IF($AI49,IF(LARGE($AG$41:$AH$107,DW$40)=$AG49,$AC49,""),"") | EA49: =IF($AI49,IF(LARGE($AG$41:$AH$107,EA$40)=$AG49,$AC49,""),"") | EE49: =IF($AI49,IF(LARGE($AG$41:$AH$107,EE$40)=$AG49,$AC49,""),"") | EI49: =IF($AI49,IF(LARGE($AG$41:$AH$107,EI$40)=$AG49,$AC49,""),"") | EM49: =IF($AI49,IF(LARGE($AG$41:$AH$107,EM$40)=$AG49,$AC49,""),"") | EQ49: =IF($AI49,IF(LARGE($AG$41:$AH$107,EQ$40)=$AG49,$AC49,""),"") | EU49: =IF($AI49,IF(LARGE($AG$41:$AH$107,EU$40)=$AG49,$AC49,""),"") | EY49: =IF($AI49,IF(LARGE($AG$41:$AH$107,EY$40)=$AG49,$AC49,""),"") | FC49: =IF($AI49,IF(LARGE($AG$41:$AH$107,FC$40)=$AG49,$AC49,""),"") | FG49: =IF($AI49,IF(LARGE($AG$41:$AH$107,FG$40)=$AG49,$AC49,""),"") | FK49: =IF($AI49,IF(LARGE($AG$41:$AH$107,FK$40)=$AG49,$AC49,""),"") | FO49: =IF($AI49,IF(LARGE($AG$41:$AH$107,FO$40)=$AG49,$AC49,""),"") | FS49: =IF($AI49,IF(LARGE($AG$41:$AH$107,FS$40)=$AG49,$AC49,""),"") | FW49: =IF($AI49,IF(LARGE($AG$41:$AH$107,FW$40)=$AG49,$AC49,""),"") | GA49: =IF($AI49,IF(LARGE($AG$41:$AH$107,GA$40)=$AG49,$AC49,""),"") | GE49: =IF($AI49,IF(LARGE($AG$41:$AH$107,GE$40)=$AG49,$AC49,""),"") | GI49: =IF($AI49,IF(LARGE($AG$41:$AH$107,GI$40)=$AG49,$AC49,""),"") | GM49: =IF($AI49,IF(LARGE($AG$41:$AH$107,GM$40)=$AG49,$AC49,""),"") | GQ49: =IF($AI49,IF(LARGE($AG$41:$AH$107,GQ$40)=$AG49,$AC49,""),"") | GU49: =IF($AI49,IF(LARGE($AG$41:$AH$107,GU$40)=$AG49,$AC49,""),"") | GY49: =IF($AI49,IF(LARGE($AG$41:$AH$107,GY$40)=$AG49,$AC49,""),"") | HC49: =IF($AI49,IF(LARGE($AG$41:$AH$107,HC$40)=$AG49,$AC49,""),"") | HG49: =IF($AI49,IF(LARGE($AG$41:$AH$107,HG$40)=$AG49,$AC49,""),"") | HK49: =IF($AI49,IF(LARGE($AG$41:$AH$107,HK$40)=$AG49,$AC49,""),"") | HO49: =IF($AI49,IF(LARGE($AG$41:$AH$107,HO$40)=$AG49,$AC49,""),"") | HS49: =IF($AI49,IF(LARGE($AG$41:$AH$107,HS$40)=$AG49,$AC49,""),"") | HW49: =IF($AI49,IF(LARGE($AG$41:$AH$107,HW$40)=$AG49,$AC49,""),"") | IA49: =IF($AI49,IF(LARGE($AG$41:$AH$107,IA$40)=$AG49,$AC49,""),"") | IE49: =IF($AI49,IF(LARGE($AG$41:$AH$107,IE$40)=$AG49,$AC49,""),"") | II49: =IF($AI49,IF(LARGE($AG$41:$AH$107,II$40)=$AG49,$AC49,""),"") | IM49: =IF($AI49,IF(LARGE($AG$41:$AH$107,IM$40)=$AG49,$AC49,""),"") | IQ49: =IF($AI49,IF(LARGE($AG$41:$AH$107,IQ$40)=$AG49,$AC49,""),"") | IU49: =IF($AI49,IF(LARGE($AG$41:$AH$107,IU$40)=$AG49,$AC49,""),"") | IY49: =IF($AI49,IF(LARGE($AG$41:$AH$107,IY$40)=$AG49,$AC49,""),"") | JC49: =IF($AI49,IF(LARGE($AG$41:$AH$107,JC$40)=$AG49,$AC49,""),"") | JG49: =IF($AI49,IF(LARGE($AG$41:$AH$107,JG$40)=$AG49,$AC49,""),"") | JK49: =IF($AI49,IF(LARGE($AG$41:$AH$107,JK$40)=$AG49,$AC49,""),"") | JO49: =IF($AI49,IF(LARGE($AG$41:$AH$107,JO$40)=$AG49,$AC49,""),"") | JS49: =IF($AI49,IF(LARGE($AG$41:$AH$107,JS$40)=$AG49,$AC49,""),"") | JW49: =IF($AI49,IF(LARGE($AG$41:$AH$107,JW$40)=$AG49,$AC49,""),"") | KA49: =IF($AI49,IF(LARGE($AG$41:$AH$107,KA$40)=$AG49,$AC49,""),"") | KE49: =IF($AI49,IF(LARGE($AG$41:$AH$107,KE$40)=$AG49,$AC49,""),"") | KI49: =IF($AI49,IF(LARGE($AG$41:$AH$107,KI$40)=$AG49,$AC49,""),"") | KM49: =IF($AI49,IF(LARGE($AG$41:$AH$107,KM$40)=$AG49,$AC49,""),"") | KQ49: =IF($AI49,IF(LARGE($AG$41:$AH$107,KQ$40)=$AG49,$AC49,""),"")
C50: =IF(F14="","",CONCATENATE(" ",C14,F14,H14)) -> 💻计算机使用 Ω | G50: =IF(AND(L14=0,N14=0),"",IF(ISNONTEXT(D14),"",R14)) | I50: =IF(G50=$G$40,C50,"") | M50: =IF(AND(NOT(N14=0),ISNONTEXT(D14)),1,0) -> 0 | P50: =IF(F14="","",CONCATENATE(" ",C14,F14,H14)) -> 💻计算机使用 Ω | T50: =IF(AND(L14=0,P14=0),"",IF(ISNONTEXT(D14),R14,"")) | V50: =IF(T50=$T$40,P50,"") | AC50: =IF(F14="","",CONCATENATE(C14,F14,H14)) -> 💻计算机使用 Ω | AG50: =R14 -> 5 | AI50: =IF(AND(OR(ISNUMBER(L14),ISNUMBER(N14),ISNUMBER(P14)),OR(L14>0,N14>0,P14>0)),TRUE,FALSE) -> FALSE | AM50: =IF($AI50,IF(LARGE($AG$41:$AH$107,AM$40)=$AG50,$AC50,""),"") | AQ50: =IF($AI50,IF(LARGE($AG$41:$AH$107,AQ$40)=$AG50,$AC50,""),"") | AU50: =IF($AI50,IF(LARGE($AG$41:$AH$107,AU$40)=$AG50,$AC50,""),"") | AY50: =IF($AI50,IF(LARGE($AG$41:$AH$107,AY$40)=$AG50,$AC50,""),"") | BC50: =IF($AI50,IF(LARGE($AG$41:$AH$107,BC$40)=$AG50,$AC50,""),"") | BG50: =IF($AI50,IF(LARGE($AG$41:$AH$107,BG$40)=$AG50,$AC50,""),"") | BK50: =IF($AI50,IF(LARGE($AG$41:$AH$107,BK$40)=$AG50,$AC50,""),"") | BO50: =IF($AI50,IF(LARGE($AG$41:$AH$107,BO$40)=$AG50,$AC50,""),"") | BS50: =IF($AI50,IF(LARGE($AG$41:$AH$107,BS$40)=$AG50,$AC50,""),"") | BW50: =IF($AI50,IF(LARGE($AG$41:$AH$107,BW$40)=$AG50,$AC50,""),"") | CA50: =IF($AI50,IF(LARGE($AG$41:$AH$107,CA$40)=$AG50,$AC50,""),"") | CE50: =IF($AI50,IF(LARGE($AG$41:$AH$107,CE$40)=$AG50,$AC50,""),"") | CI50: =IF($AI50,IF(LARGE($AG$41:$AH$107,CI$40)=$AG50,$AC50,""),"") | CM50: =IF($AI50,IF(LARGE($AG$41:$AH$107,CM$40)=$AG50,$AC50,""),"") | CQ50: =IF($AI50,IF(LARGE($AG$41:$AH$107,CQ$40)=$AG50,$AC50,""),"") | CU50: =IF($AI50,IF(LARGE($AG$41:$AH$107,CU$40)=$AG50,$AC50,""),"") | CY50: =IF($AI50,IF(LARGE($AG$41:$AH$107,CY$40)=$AG50,$AC50,""),"") | DC50: =IF($AI50,IF(LARGE($AG$41:$AH$107,DC$40)=$AG50,$AC50,""),"") | DG50: =IF($AI50,IF(LARGE($AG$41:$AH$107,DG$40)=$AG50,$AC50,""),"") | DK50: =IF($AI50,IF(LARGE($AG$41:$AH$107,DK$40)=$AG50,$AC50,""),"") | DO50: =IF($AI50,IF(LARGE($AG$41:$AH$107,DO$40)=$AG50,$AC50,""),"") | DS50: =IF($AI50,IF(LARGE($AG$41:$AH$107,DS$40)=$AG50,$AC50,""),"") | DW50: =IF($AI50,IF(LARGE($AG$41:$AH$107,DW$40)=$AG50,$AC50,""),"") | EA50: =IF($AI50,IF(LARGE($AG$41:$AH$107,EA$40)=$AG50,$AC50,""),"") | EE50: =IF($AI50,IF(LARGE($AG$41:$AH$107,EE$40)=$AG50,$AC50,""),"") | EI50: =IF($AI50,IF(LARGE($AG$41:$AH$107,EI$40)=$AG50,$AC50,""),"") | EM50: =IF($AI50,IF(LARGE($AG$41:$AH$107,EM$40)=$AG50,$AC50,""),"") | EQ50: =IF($AI50,IF(LARGE($AG$41:$AH$107,EQ$40)=$AG50,$AC50,""),"") | EU50: =IF($AI50,IF(LARGE($AG$41:$AH$107,EU$40)=$AG50,$AC50,""),"") | EY50: =IF($AI50,IF(LARGE($AG$41:$AH$107,EY$40)=$AG50,$AC50,""),"") | FC50: =IF($AI50,IF(LARGE($AG$41:$AH$107,FC$40)=$AG50,$AC50,""),"") | FG50: =IF($AI50,IF(LARGE($AG$41:$AH$107,FG$40)=$AG50,$AC50,""),"") | FK50: =IF($AI50,IF(LARGE($AG$41:$AH$107,FK$40)=$AG50,$AC50,""),"") | FO50: =IF($AI50,IF(LARGE($AG$41:$AH$107,FO$40)=$AG50,$AC50,""),"") | FS50: =IF($AI50,IF(LARGE($AG$41:$AH$107,FS$40)=$AG50,$AC50,""),"") | FW50: =IF($AI50,IF(LARGE($AG$41:$AH$107,FW$40)=$AG50,$AC50,""),"") | GA50: =IF($AI50,IF(LARGE($AG$41:$AH$107,GA$40)=$AG50,$AC50,""),"") | GE50: =IF($AI50,IF(LARGE($AG$41:$AH$107,GE$40)=$AG50,$AC50,""),"") | GI50: =IF($AI50,IF(LARGE($AG$41:$AH$107,GI$40)=$AG50,$AC50,""),"") | GM50: =IF($AI50,IF(LARGE($AG$41:$AH$107,GM$40)=$AG50,$AC50,""),"") | GQ50: =IF($AI50,IF(LARGE($AG$41:$AH$107,GQ$40)=$AG50,$AC50,""),"") | GU50: =IF($AI50,IF(LARGE($AG$41:$AH$107,GU$40)=$AG50,$AC50,""),"") | GY50: =IF($AI50,IF(LARGE($AG$41:$AH$107,GY$40)=$AG50,$AC50,""),"") | HC50: =IF($AI50,IF(LARGE($AG$41:$AH$107,HC$40)=$AG50,$AC50,""),"") | HG50: =IF($AI50,IF(LARGE($AG$41:$AH$107,HG$40)=$AG50,$AC50,""),"") | HK50: =IF($AI50,IF(LARGE($AG$41:$AH$107,HK$40)=$AG50,$AC50,""),"") | HO50: =IF($AI50,IF(LARGE($AG$41:$AH$107,HO$40)=$AG50,$AC50,""),"") | HS50: =IF($AI50,IF(LARGE($AG$41:$AH$107,HS$40)=$AG50,$AC50,""),"") | HW50: =IF($AI50,IF(LARGE($AG$41:$AH$107,HW$40)=$AG50,$AC50,""),"") | IA50: =IF($AI50,IF(LARGE($AG$41:$AH$107,IA$40)=$AG50,$AC50,""),"") | IE50: =IF($AI50,IF(LARGE($AG$41:$AH$107,IE$40)=$AG50,$AC50,""),"") | II50: =IF($AI50,IF(LARGE($AG$41:$AH$107,II$40)=$AG50,$AC50,""),"") | IM50: =IF($AI50,IF(LARGE($AG$41:$AH$107,IM$40)=$AG50,$AC50,""),"") | IQ50: =IF($AI50,IF(LARGE($AG$41:$AH$107,IQ$40)=$AG50,$AC50,""),"") | IU50: =IF($AI50,IF(LARGE($AG$41:$AH$107,IU$40)=$AG50,$AC50,""),"") | IY50: =IF($AI50,IF(LARGE($AG$41:$AH$107,IY$40)=$AG50,$AC50,""),"") | JC50: =IF($AI50,IF(LARGE($AG$41:$AH$107,JC$40)=$AG50,$AC50,""),"") | JG50: =IF($AI50,IF(LARGE($AG$41:$AH$107,JG$40)=$AG50,$AC50,""),"") | JK50: =IF($AI50,IF(LARGE($AG$41:$AH$107,JK$40)=$AG50,$AC50,""),"") | JO50: =IF($AI50,IF(LARGE($AG$41:$AH$107,JO$40)=$AG50,$AC50,""),"") | JS50: =IF($AI50,IF(LARGE($AG$41:$AH$107,JS$40)=$AG50,$AC50,""),"") | JW50: =IF($AI50,IF(LARGE($AG$41:$AH$107,JW$40)=$AG50,$AC50,""),"") | KA50: =IF($AI50,IF(LARGE($AG$41:$AH$107,KA$40)=$AG50,$AC50,""),"") | KE50: =IF($AI50,IF(LARGE($AG$41:$AH$107,KE$40)=$AG50,$AC50,""),"") | KI50: =IF($AI50,IF(LARGE($AG$41:$AH$107,KI$40)=$AG50,$AC50,""),"") | KM50: =IF($AI50,IF(LARGE($AG$41:$AH$107,KM$40)=$AG50,$AC50,""),"") | KQ50: =IF($AI50,IF(LARGE($AG$41:$AH$107,KQ$40)=$AG50,$AC50,""),"")
C51: =IF(F15="","",CONCATENATE(" ",C15,F15,H15)) -> 💳信用评级 | G51: =IF(AND(L15=0,N15=0),"",IF(ISNONTEXT(D15),"",R15)) | I51: =IF(G51=$G$40,C51,"") | M51: =IF(AND(NOT(N15=0),ISNONTEXT(D15)),1,0) -> 0 | P51: =IF(F15="","",CONCATENATE(" ",C15,F15,H15)) -> 💳信用评级 | T51: =IF(AND(L15=0,P15=0),"",IF(ISNONTEXT(D15),R15,"")) | V51: =IF(T51=$T$40,P51,"") | AC51: =IF(F15="","",CONCATENATE(C15,F15,H15)) -> 💳信用评级 | AG51: =R15 -> 0 | AI51: =IF(AND(OR(ISNUMBER(L15),ISNUMBER(N15),ISNUMBER(P15)),OR(L15>0,N15>0,P15>0)),TRUE,FALSE) -> FALSE | AM51: =IF($AI51,IF(LARGE($AG$41:$AH$107,AM$40)=$AG51,$AC51,""),"") | AQ51: =IF($AI51,IF(LARGE($AG$41:$AH$107,AQ$40)=$AG51,$AC51,""),"") | AU51: =IF($AI51,IF(LARGE($AG$41:$AH$107,AU$40)=$AG51,$AC51,""),"") | AY51: =IF($AI51,IF(LARGE($AG$41:$AH$107,AY$40)=$AG51,$AC51,""),"") | BC51: =IF($AI51,IF(LARGE($AG$41:$AH$107,BC$40)=$AG51,$AC51,""),"") | BG51: =IF($AI51,IF(LARGE($AG$41:$AH$107,BG$40)=$AG51,$AC51,""),"") | BK51: =IF($AI51,IF(LARGE($AG$41:$AH$107,BK$40)=$AG51,$AC51,""),"") | BO51: =IF($AI51,IF(LARGE($AG$41:$AH$107,BO$40)=$AG51,$AC51,""),"") | BS51: =IF($AI51,IF(LARGE($AG$41:$AH$107,BS$40)=$AG51,$AC51,""),"") | BW51: =IF($AI51,IF(LARGE($AG$41:$AH$107,BW$40)=$AG51,$AC51,""),"") | CA51: =IF($AI51,IF(LARGE($AG$41:$AH$107,CA$40)=$AG51,$AC51,""),"") | CE51: =IF($AI51,IF(LARGE($AG$41:$AH$107,CE$40)=$AG51,$AC51,""),"") | CI51: =IF($AI51,IF(LARGE($AG$41:$AH$107,CI$40)=$AG51,$AC51,""),"") | CM51: =IF($AI51,IF(LARGE($AG$41:$AH$107,CM$40)=$AG51,$AC51,""),"") | CQ51: =IF($AI51,IF(LARGE($AG$41:$AH$107,CQ$40)=$AG51,$AC51,""),"") | CU51: =IF($AI51,IF(LARGE($AG$41:$AH$107,CU$40)=$AG51,$AC51,""),"") | CY51: =IF($AI51,IF(LARGE($AG$41:$AH$107,CY$40)=$AG51,$AC51,""),"") | DC51: =IF($AI51,IF(LARGE($AG$41:$AH$107,DC$40)=$AG51,$AC51,""),"") | DG51: =IF($AI51,IF(LARGE($AG$41:$AH$107,DG$40)=$AG51,$AC51,""),"") | DK51: =IF($AI51,IF(LARGE($AG$41:$AH$107,DK$40)=$AG51,$AC51,""),"") | DO51: =IF($AI51,IF(LARGE($AG$41:$AH$107,DO$40)=$AG51,$AC51,""),"") | DS51: =IF($AI51,IF(LARGE($AG$41:$AH$107,DS$40)=$AG51,$AC51,""),"") | DW51: =IF($AI51,IF(LARGE($AG$41:$AH$107,DW$40)=$AG51,$AC51,""),"") | EA51: =IF($AI51,IF(LARGE($AG$41:$AH$107,EA$40)=$AG51,$AC51,""),"") | EE51: =IF($AI51,IF(LARGE($AG$41:$AH$107,EE$40)=$AG51,$AC51,""),"") | EI51: =IF($AI51,IF(LARGE($AG$41:$AH$107,EI$40)=$AG51,$AC51,""),"") | EM51: =IF($AI51,IF(LARGE($AG$41:$AH$107,EM$40)=$AG51,$AC51,""),"") | EQ51: =IF($AI51,IF(LARGE($AG$41:$AH$107,EQ$40)=$AG51,$AC51,""),"") | EU51: =IF($AI51,IF(LARGE($AG$41:$AH$107,EU$40)=$AG51,$AC51,""),"") | EY51: =IF($AI51,IF(LARGE($AG$41:$AH$107,EY$40)=$AG51,$AC51,""),"") | FC51: =IF($AI51,IF(LARGE($AG$41:$AH$107,FC$40)=$AG51,$AC51,""),"") | FG51: =IF($AI51,IF(LARGE($AG$41:$AH$107,FG$40)=$AG51,$AC51,""),"") | FK51: =IF($AI51,IF(LARGE($AG$41:$AH$107,FK$40)=$AG51,$AC51,""),"") | FO51: =IF($AI51,IF(LARGE($AG$41:$AH$107,FO$40)=$AG51,$AC51,""),"") | FS51: =IF($AI51,IF(LARGE($AG$41:$AH$107,FS$40)=$AG51,$AC51,""),"") | FW51: =IF($AI51,IF(LARGE($AG$41:$AH$107,FW$40)=$AG51,$AC51,""),"") | GA51: =IF($AI51,IF(LARGE($AG$41:$AH$107,GA$40)=$AG51,$AC51,""),"") | GE51: =IF($AI51,IF(LARGE($AG$41:$AH$107,GE$40)=$AG51,$AC51,""),"") | GI51: =IF($AI51,IF(LARGE($AG$41:$AH$107,GI$40)=$AG51,$AC51,""),"") | GM51: =IF($AI51,IF(LARGE($AG$41:$AH$107,GM$40)=$AG51,$AC51,""),"") | GQ51: =IF($AI51,IF(LARGE($AG$41:$AH$107,GQ$40)=$AG51,$AC51,""),"") | GU51: =IF($AI51,IF(LARGE($AG$41:$AH$107,GU$40)=$AG51,$AC51,""),"") | GY51: =IF($AI51,IF(LARGE($AG$41:$AH$107,GY$40)=$AG51,$AC51,""),"") | HC51: =IF($AI51,IF(LARGE($AG$41:$AH$107,HC$40)=$AG51,$AC51,""),"") | HG51: =IF($AI51,IF(LARGE($AG$41:$AH$107,HG$40)=$AG51,$AC51,""),"") | HK51: =IF($AI51,IF(LARGE($AG$41:$AH$107,HK$40)=$AG51,$AC51,""),"") | HO51: =IF($AI51,IF(LARGE($AG$41:$AH$107,HO$40)=$AG51,$AC51,""),"") | HS51: =IF($AI51,IF(LARGE($AG$41:$AH$107,HS$40)=$AG51,$AC51,""),"") | HW51: =IF($AI51,IF(LARGE($AG$41:$AH$107,HW$40)=$AG51,$AC51,""),"") | IA51: =IF($AI51,IF(LARGE($AG$41:$AH$107,IA$40)=$AG51,$AC51,""),"") | IE51: =IF($AI51,IF(LARGE($AG$41:$AH$107,IE$40)=$AG51,$AC51,""),"") | II51: =IF($AI51,IF(LARGE($AG$41:$AH$107,II$40)=$AG51,$AC51,""),"") | IM51: =IF($AI51,IF(LARGE($AG$41:$AH$107,IM$40)=$AG51,$AC51,""),"") | IQ51: =IF($AI51,IF(LARGE($AG$41:$AH$107,IQ$40)=$AG51,$AC51,""),"") | IU51: =IF($AI51,IF(LARGE($AG$41:$AH$107,IU$40)=$AG51,$AC51,""),"") | IY51: =IF($AI51,IF(LARGE($AG$41:$AH$107,IY$40)=$AG51,$AC51,""),"") | JC51: =IF($AI51,IF(LARGE($AG$41:$AH$107,JC$40)=$AG51,$AC51,""),"") | JG51: =IF($AI51,IF(LARGE($AG$41:$AH$107,JG$40)=$AG51,$AC51,""),"") | JK51: =IF($AI51,IF(LARGE($AG$41:$AH$107,JK$40)=$AG51,$AC51,""),"") | JO51: =IF($AI51,IF(LARGE($AG$41:$AH$107,JO$40)=$AG51,$AC51,""),"") | JS51: =IF($AI51,IF(LARGE($AG$41:$AH$107,JS$40)=$AG51,$AC51,""),"") | JW51: =IF($AI51,IF(LARGE($AG$41:$AH$107,JW$40)=$AG51,$AC51,""),"") | KA51: =IF($AI51,IF(LARGE($AG$41:$AH$107,KA$40)=$AG51,$AC51,""),"") | KE51: =IF($AI51,IF(LARGE($AG$41:$AH$107,KE$40)=$AG51,$AC51,""),"") | KI51: =IF($AI51,IF(LARGE($AG$41:$AH$107,KI$40)=$AG51,$AC51,""),"") | KM51: =IF($AI51,IF(LARGE($AG$41:$AH$107,KM$40)=$AG51,$AC51,""),"") | KQ51: =IF($AI51,IF(LARGE($AG$41:$AH$107,KQ$40)=$AG51,$AC51,""),"")
C52: =IF(F16="","",CONCATENATE(" ",C16,F16,H16)) -> 🐙克苏鲁神话 | G52: =IF(AND(L16=0,N16=0),"",IF(ISNONTEXT(D16),"",R16)) | I52: =IF(G52=$G$40,C52,"") | M52: =IF(AND(NOT(OR(N16=0,N16="——")),ISNONTEXT(D16)),1,0) -> 0 | P52: =IF(F16="","",CONCATENATE(" ",C16,F16,H16)) -> 🐙克苏鲁神话 | T52: =IF(AND(L16=0,P16="——"),"",IF(ISNONTEXT(D16),R16,"")) | V52: =IF(T52=$T$40,P52,"") | AC52: =IF(F16="","",CONCATENATE(C16,F16,H16)) -> 🐙克苏鲁神话 | AG52: =R16 -> 0 | AI52: =IF(AND(ISNUMBER(L16),L16>0),TRUE,FALSE) -> FALSE | AM52: =IF($AI52,IF(LARGE($AG$41:$AH$107,AM$40)=$AG52,$AC52,""),"") | AQ52: =IF($AI52,IF(LARGE($AG$41:$AH$107,AQ$40)=$AG52,$AC52,""),"") | AU52: =IF($AI52,IF(LARGE($AG$41:$AH$107,AU$40)=$AG52,$AC52,""),"") | AY52: =IF($AI52,IF(LARGE($AG$41:$AH$107,AY$40)=$AG52,$AC52,""),"") | BC52: =IF($AI52,IF(LARGE($AG$41:$AH$107,BC$40)=$AG52,$AC52,""),"") | BG52: =IF($AI52,IF(LARGE($AG$41:$AH$107,BG$40)=$AG52,$AC52,""),"") | BK52: =IF($AI52,IF(LARGE($AG$41:$AH$107,BK$40)=$AG52,$AC52,""),"") | BO52: =IF($AI52,IF(LARGE($AG$41:$AH$107,BO$40)=$AG52,$AC52,""),"") | BS52: =IF($AI52,IF(LARGE($AG$41:$AH$107,BS$40)=$AG52,$AC52,""),"") | BW52: =IF($AI52,IF(LARGE($AG$41:$AH$107,BW$40)=$AG52,$AC52,""),"") | CA52: =IF($AI52,IF(LARGE($AG$41:$AH$107,CA$40)=$AG52,$AC52,""),"") | CE52: =IF($AI52,IF(LARGE($AG$41:$AH$107,CE$40)=$AG52,$AC52,""),"") | CI52: =IF($AI52,IF(LARGE($AG$41:$AH$107,CI$40)=$AG52,$AC52,""),"") | CM52: =IF($AI52,IF(LARGE($AG$41:$AH$107,CM$40)=$AG52,$AC52,""),"") | CQ52: =IF($AI52,IF(LARGE($AG$41:$AH$107,CQ$40)=$AG52,$AC52,""),"") | CU52: =IF($AI52,IF(LARGE($AG$41:$AH$107,CU$40)=$AG52,$AC52,""),"") | CY52: =IF($AI52,IF(LARGE($AG$41:$AH$107,CY$40)=$AG52,$AC52,""),"") | DC52: =IF($AI52,IF(LARGE($AG$41:$AH$107,DC$40)=$AG52,$AC52,""),"") | DG52: =IF($AI52,IF(LARGE($AG$41:$AH$107,DG$40)=$AG52,$AC52,""),"") | DK52: =IF($AI52,IF(LARGE($AG$41:$AH$107,DK$40)=$AG52,$AC52,""),"") | DO52: =IF($AI52,IF(LARGE($AG$41:$AH$107,DO$40)=$AG52,$AC52,""),"") | DS52: =IF($AI52,IF(LARGE($AG$41:$AH$107,DS$40)=$AG52,$AC52,""),"") | DW52: =IF($AI52,IF(LARGE($AG$41:$AH$107,DW$40)=$AG52,$AC52,""),"") | EA52: =IF($AI52,IF(LARGE($AG$41:$AH$107,EA$40)=$AG52,$AC52,""),"") | EE52: =IF($AI52,IF(LARGE($AG$41:$AH$107,EE$40)=$AG52,$AC52,""),"") | EI52: =IF($AI52,IF(LARGE($AG$41:$AH$107,EI$40)=$AG52,$AC52,""),"") | EM52: =IF($AI52,IF(LARGE($AG$41:$AH$107,EM$40)=$AG52,$AC52,""),"") | EQ52: =IF($AI52,IF(LARGE($AG$41:$AH$107,EQ$40)=$AG52,$AC52,""),"") | EU52: =IF($AI52,IF(LARGE($AG$41:$AH$107,EU$40)=$AG52,$AC52,""),"") | EY52: =IF($AI52,IF(LARGE($AG$41:$AH$107,EY$40)=$AG52,$AC52,""),"") | FC52: =IF($AI52,IF(LARGE($AG$41:$AH$107,FC$40)=$AG52,$AC52,""),"") | FG52: =IF($AI52,IF(LARGE($AG$41:$AH$107,FG$40)=$AG52,$AC52,""),"") | FK52: =IF($AI52,IF(LARGE($AG$41:$AH$107,FK$40)=$AG52,$AC52,""),"") | FO52: =IF($AI52,IF(LARGE($AG$41:$AH$107,FO$40)=$AG52,$AC52,""),"") | FS52: =IF($AI52,IF(LARGE($AG$41:$AH$107,FS$40)=$AG52,$AC52,""),"") | FW52: =IF($AI52,IF(LARGE($AG$41:$AH$107,FW$40)=$AG52,$AC52,""),"") | GA52: =IF($AI52,IF(LARGE($AG$41:$AH$107,GA$40)=$AG52,$AC52,""),"") | GE52: =IF($AI52,IF(LARGE($AG$41:$AH$107,GE$40)=$AG52,$AC52,""),"") | GI52: =IF($AI52,IF(LARGE($AG$41:$AH$107,GI$40)=$AG52,$AC52,""),"") | GM52: =IF($AI52,IF(LARGE($AG$41:$AH$107,GM$40)=$AG52,$AC52,""),"") | GQ52: =IF($AI52,IF(LARGE($AG$41:$AH$107,GQ$40)=$AG52,$AC52,""),"") | GU52: =IF($AI52,IF(LARGE($AG$41:$AH$107,GU$40)=$AG52,$AC52,""),"") | GY52: =IF($AI52,IF(LARGE($AG$41:$AH$107,GY$40)=$AG52,$AC52,""),"") | HC52: =IF($AI52,IF(LARGE($AG$41:$AH$107,HC$40)=$AG52,$AC52,""),"") | HG52: =IF($AI52,IF(LARGE($AG$41:$AH$107,HG$40)=$AG52,$AC52,""),"") | HK52: =IF($AI52,IF(LARGE($AG$41:$AH$107,HK$40)=$AG52,$AC52,""),"") | HO52: =IF($AI52,IF(LARGE($AG$41:$AH$107,HO$40)=$AG52,$AC52,""),"") | HS52: =IF($AI52,IF(LARGE($AG$41:$AH$107,HS$40)=$AG52,$AC52,""),"") | HW52: =IF($AI52,IF(LARGE($AG$41:$AH$107,HW$40)=$AG52,$AC52,""),"") | IA52: =IF($AI52,IF(LARGE($AG$41:$AH$107,IA$40)=$AG52,$AC52,""),"") | IE52: =IF($AI52,IF(LARGE($AG$41:$AH$107,IE$40)=$AG52,$AC52,""),"") | II52: =IF($AI52,IF(LARGE($AG$41:$AH$107,II$40)=$AG52,$AC52,""),"") | IM52: =IF($AI52,IF(LARGE($AG$41:$AH$107,IM$40)=$AG52,$AC52,""),"") | IQ52: =IF($AI52,IF(LARGE($AG$41:$AH$107,IQ$40)=$AG52,$AC52,""),"") | IU52: =IF($AI52,IF(LARGE($AG$41:$AH$107,IU$40)=$AG52,$AC52,""),"") | IY52: =IF($AI52,IF(LARGE($AG$41:$AH$107,IY$40)=$AG52,$AC52,""),"") | JC52: =IF($AI52,IF(LARGE($AG$41:$AH$107,JC$40)=$AG52,$AC52,""),"") | JG52: =IF($AI52,IF(LARGE($AG$41:$AH$107,JG$40)=$AG52,$AC52,""),"") | JK52: =IF($AI52,IF(LARGE($AG$41:$AH$107,JK$40)=$AG52,$AC52,""),"") | JO52: =IF($AI52,IF(LARGE($AG$41:$AH$107,JO$40)=$AG52,$AC52,""),"") | JS52: =IF($AI52,IF(LARGE($AG$41:$AH$107,JS$40)=$AG52,$AC52,""),"") | JW52: =IF($AI52,IF(LARGE($AG$41:$AH$107,JW$40)=$AG52,$AC52,""),"") | KA52: =IF($AI52,IF(LARGE($AG$41:$AH$107,KA$40)=$AG52,$AC52,""),"") | KE52: =IF($AI52,IF(LARGE($AG$41:$AH$107,KE$40)=$AG52,$AC52,""),"") | KI52: =IF($AI52,IF(LARGE($AG$41:$AH$107,KI$40)=$AG52,$AC52,""),"") | KM52: =IF($AI52,IF(LARGE($AG$41:$AH$107,KM$40)=$AG52,$AC52,""),"") | KQ52: =IF($AI52,IF(LARGE($AG$41:$AH$107,KQ$40)=$AG52,$AC52,""),"")
C53: =IF(F17="","",CONCATENATE(" ",C17,F17,H17)) -> 👩‍🎤乔装 | G53: =IF(AND(L17=0,N17=0),"",IF(ISNONTEXT(D17),"",R17)) | I53: =IF(G53=$G$40,C53,"") | M53: =IF(AND(NOT(N17=0),ISNONTEXT(D17)),1,0) -> 0 | P53: =IF(F17="","",CONCATENATE(" ",C17,F17,H17)) -> 👩‍🎤乔装 | T53: =IF(AND(L17=0,P17=0),"",IF(ISNONTEXT(D17),R17,"")) | V53: =IF(T53=$T$40,P53,"") | AC53: =IF(F17="","",CONCATENATE(C17,F17,H17)) -> 👩‍🎤乔装 | AG53: =R17 -> 5 | AI53: =IF(AND(OR(ISNUMBER(L17),ISNUMBER(N17),ISNUMBER(P17)),OR(L17>0,N17>0,P17>0)),TRUE,FALSE) -> FALSE | AM53: =IF($AI53,IF(LARGE($AG$41:$AH$107,AM$40)=$AG53,$AC53,""),"") | AQ53: =IF($AI53,IF(LARGE($AG$41:$AH$107,AQ$40)=$AG53,$AC53,""),"") | AU53: =IF($AI53,IF(LARGE($AG$41:$AH$107,AU$40)=$AG53,$AC53,""),"") | AY53: =IF($AI53,IF(LARGE($AG$41:$AH$107,AY$40)=$AG53,$AC53,""),"") | BC53: =IF($AI53,IF(LARGE($AG$41:$AH$107,BC$40)=$AG53,$AC53,""),"") | BG53: =IF($AI53,IF(LARGE($AG$41:$AH$107,BG$40)=$AG53,$AC53,""),"") | BK53: =IF($AI53,IF(LARGE($AG$41:$AH$107,BK$40)=$AG53,$AC53,""),"") | BO53: =IF($AI53,IF(LARGE($AG$41:$AH$107,BO$40)=$AG53,$AC53,""),"") | BS53: =IF($AI53,IF(LARGE($AG$41:$AH$107,BS$40)=$AG53,$AC53,""),"") | BW53: =IF($AI53,IF(LARGE($AG$41:$AH$107,BW$40)=$AG53,$AC53,""),"") | CA53: =IF($AI53,IF(LARGE($AG$41:$AH$107,CA$40)=$AG53,$AC53,""),"") | CE53: =IF($AI53,IF(LARGE($AG$41:$AH$107,CE$40)=$AG53,$AC53,""),"") | CI53: =IF($AI53,IF(LARGE($AG$41:$AH$107,CI$40)=$AG53,$AC53,""),"") | CM53: =IF($AI53,IF(LARGE($AG$41:$AH$107,CM$40)=$AG53,$AC53,""),"") | CQ53: =IF($AI53,IF(LARGE($AG$41:$AH$107,CQ$40)=$AG53,$AC53,""),"") | CU53: =IF($AI53,IF(LARGE($AG$41:$AH$107,CU$40)=$AG53,$AC53,""),"") | CY53: =IF($AI53,IF(LARGE($AG$41:$AH$107,CY$40)=$AG53,$AC53,""),"") | DC53: =IF($AI53,IF(LARGE($AG$41:$AH$107,DC$40)=$AG53,$AC53,""),"") | DG53: =IF($AI53,IF(LARGE($AG$41:$AH$107,DG$40)=$AG53,$AC53,""),"") | DK53: =IF($AI53,IF(LARGE($AG$41:$AH$107,DK$40)=$AG53,$AC53,""),"") | DO53: =IF($AI53,IF(LARGE($AG$41:$AH$107,DO$40)=$AG53,$AC53,""),"") | DS53: =IF($AI53,IF(LARGE($AG$41:$AH$107,DS$40)=$AG53,$AC53,""),"") | DW53: =IF($AI53,IF(LARGE($AG$41:$AH$107,DW$40)=$AG53,$AC53,""),"") | EA53: =IF($AI53,IF(LARGE($AG$41:$AH$107,EA$40)=$AG53,$AC53,""),"") | EE53: =IF($AI53,IF(LARGE($AG$41:$AH$107,EE$40)=$AG53,$AC53,""),"") | EI53: =IF($AI53,IF(LARGE($AG$41:$AH$107,EI$40)=$AG53,$AC53,""),"") | EM53: =IF($AI53,IF(LARGE($AG$41:$AH$107,EM$40)=$AG53,$AC53,""),"") | EQ53: =IF($AI53,IF(LARGE($AG$41:$AH$107,EQ$40)=$AG53,$AC53,""),"") | EU53: =IF($AI53,IF(LARGE($AG$41:$AH$107,EU$40)=$AG53,$AC53,""),"") | EY53: =IF($AI53,IF(LARGE($AG$41:$AH$107,EY$40)=$AG53,$AC53,""),"") | FC53: =IF($AI53,IF(LARGE($AG$41:$AH$107,FC$40)=$AG53,$AC53,""),"") | FG53: =IF($AI53,IF(LARGE($AG$41:$AH$107,FG$40)=$AG53,$AC53,""),"") | FK53: =IF($AI53,IF(LARGE($AG$41:$AH$107,FK$40)=$AG53,$AC53,""),"") | FO53: =IF($AI53,IF(LARGE($AG$41:$AH$107,FO$40)=$AG53,$AC53,""),"") | FS53: =IF($AI53,IF(LARGE($AG$41:$AH$107,FS$40)=$AG53,$AC53,""),"") | FW53: =IF($AI53,IF(LARGE($AG$41:$AH$107,FW$40)=$AG53,$AC53,""),"") | GA53: =IF($AI53,IF(LARGE($AG$41:$AH$107,GA$40)=$AG53,$AC53,""),"") | GE53: =IF($AI53,IF(LARGE($AG$41:$AH$107,GE$40)=$AG53,$AC53,""),"") | GI53: =IF($AI53,IF(LARGE($AG$41:$AH$107,GI$40)=$AG53,$AC53,""),"") | GM53: =IF($AI53,IF(LARGE($AG$41:$AH$107,GM$40)=$AG53,$AC53,""),"") | GQ53: =IF($AI53,IF(LARGE($AG$41:$AH$107,GQ$40)=$AG53,$AC53,""),"") | GU53: =IF($AI53,IF(LARGE($AG$41:$AH$107,GU$40)=$AG53,$AC53,""),"") | GY53: =IF($AI53,IF(LARGE($AG$41:$AH$107,GY$40)=$AG53,$AC53,""),"") | HC53: =IF($AI53,IF(LARGE($AG$41:$AH$107,HC$40)=$AG53,$AC53,""),"") | HG53: =IF($AI53,IF(LARGE($AG$41:$AH$107,HG$40)=$AG53,$AC53,""),"") | HK53: =IF($AI53,IF(LARGE($AG$41:$AH$107,HK$40)=$AG53,$AC53,""),"") | HO53: =IF($AI53,IF(LARGE($AG$41:$AH$107,HO$40)=$AG53,$AC53,""),"") | HS53: =IF($AI53,IF(LARGE($AG$41:$AH$107,HS$40)=$AG53,$AC53,""),"") | HW53: =IF($AI53,IF(LARGE($AG$41:$AH$107,HW$40)=$AG53,$AC53,""),"") | IA53: =IF($AI53,IF(LARGE($AG$41:$AH$107,IA$40)=$AG53,$AC53,""),"") | IE53: =IF($AI53,IF(LARGE($AG$41:$AH$107,IE$40)=$AG53,$AC53,""),"") | II53: =IF($AI53,IF(LARGE($AG$41:$AH$107,II$40)=$AG53,$AC53,""),"") | IM53: =IF($AI53,IF(LARGE($AG$41:$AH$107,IM$40)=$AG53,$AC53,""),"") | IQ53: =IF($AI53,IF(LARGE($AG$41:$AH$107,IQ$40)=$AG53,$AC53,""),"") | IU53: =IF($AI53,IF(LARGE($AG$41:$AH$107,IU$40)=$AG53,$AC53,""),"") | IY53: =IF($AI53,IF(LARGE($AG$41:$AH$107,IY$40)=$AG53,$AC53,""),"") | JC53: =IF($AI53,IF(LARGE($AG$41:$AH$107,JC$40)=$AG53,$AC53,""),"") | JG53: =IF($AI53,IF(LARGE($AG$41:$AH$107,JG$40)=$AG53,$AC53,""),"") | JK53: =IF($AI53,IF(LARGE($AG$41:$AH$107,JK$40)=$AG53,$AC53,""),"") | JO53: =IF($AI53,IF(LARGE($AG$41:$AH$107,JO$40)=$AG53,$AC53,""),"") | JS53: =IF($AI53,IF(LARGE($AG$41:$AH$107,JS$40)=$AG53,$AC53,""),"") | JW53: =IF($AI53,IF(LARGE($AG$41:$AH$107,JW$40)=$AG53,$AC53,""),"") | KA53: =IF($AI53,IF(LARGE($AG$41:$AH$107,KA$40)=$AG53,$AC53,""),"") | KE53: =IF($AI53,IF(LARGE($AG$41:$AH$107,KE$40)=$AG53,$AC53,""),"") | KI53: =IF($AI53,IF(LARGE($AG$41:$AH$107,KI$40)=$AG53,$AC53,""),"") | KM53: =IF($AI53,IF(LARGE($AG$41:$AH$107,KM$40)=$AG53,$AC53,""),"") | KQ53: =IF($AI53,IF(LARGE($AG$41:$AH$107,KQ$40)=$AG53,$AC53,""),"")
C54: =IF(F18="","",CONCATENATE(" ",C18,F18,H18)) -> 💨闪避 | G54: =IF(AND(L18=0,N18=0),"",IF(ISNONTEXT(D18),"",R18)) | I54: =IF(G54=$G$40,C54,"") | M54: =IF(AND(NOT(N18=0),ISNONTEXT(D18)),1,0) -> 0 | P54: =IF(F18="","",CONCATENATE(" ",C18,F18,H18)) -> 💨闪避 | T54: =IF(AND(L18=0,P18=0),"",IF(ISNONTEXT(D18),R18,"")) | V54: =IF(T54=$T$40,P54,"") | AC54: =IF(F18="","",CONCATENATE(C18,F18,H18)) -> 💨闪避 | AG54: =R18 -> 0 | AI54: =IF(AND(OR(ISNUMBER(L18),ISNUMBER(N18),ISNUMBER(P18)),OR(L18>0,N18>0,P18>0)),TRUE,FALSE) -> FALSE | AM54: =IF($AI54,IF(LARGE($AG$41:$AH$107,AM$40)=$AG54,$AC54,""),"") | AQ54: =IF($AI54,IF(LARGE($AG$41:$AH$107,AQ$40)=$AG54,$AC54,""),"") | AU54: =IF($AI54,IF(LARGE($AG$41:$AH$107,AU$40)=$AG54,$AC54,""),"") | AY54: =IF($AI54,IF(LARGE($AG$41:$AH$107,AY$40)=$AG54,$AC54,""),"") | BC54: =IF($AI54,IF(LARGE($AG$41:$AH$107,BC$40)=$AG54,$AC54,""),"") | BG54: =IF($AI54,IF(LARGE($AG$41:$AH$107,BG$40)=$AG54,$AC54,""),"") | BK54: =IF($AI54,IF(LARGE($AG$41:$AH$107,BK$40)=$AG54,$AC54,""),"") | BO54: =IF($AI54,IF(LARGE($AG$41:$AH$107,BO$40)=$AG54,$AC54,""),"") | BS54: =IF($AI54,IF(LARGE($AG$41:$AH$107,BS$40)=$AG54,$AC54,""),"") | BW54: =IF($AI54,IF(LARGE($AG$41:$AH$107,BW$40)=$AG54,$AC54,""),"") | CA54: =IF($AI54,IF(LARGE($AG$41:$AH$107,CA$40)=$AG54,$AC54,""),"") | CE54: =IF($AI54,IF(LARGE($AG$41:$AH$107,CE$40)=$AG54,$AC54,""),"") | CI54: =IF($AI54,IF(LARGE($AG$41:$AH$107,CI$40)=$AG54,$AC54,""),"") | CM54: =IF($AI54,IF(LARGE($AG$41:$AH$107,CM$40)=$AG54,$AC54,""),"") | CQ54: =IF($AI54,IF(LARGE($AG$41:$AH$107,CQ$40)=$AG54,$AC54,""),"") | CU54: =IF($AI54,IF(LARGE($AG$41:$AH$107,CU$40)=$AG54,$AC54,""),"") | CY54: =IF($AI54,IF(LARGE($AG$41:$AH$107,CY$40)=$AG54,$AC54,""),"") | DC54: =IF($AI54,IF(LARGE($AG$41:$AH$107,DC$40)=$AG54,$AC54,""),"") | DG54: =IF($AI54,IF(LARGE($AG$41:$AH$107,DG$40)=$AG54,$AC54,""),"") | DK54: =IF($AI54,IF(LARGE($AG$41:$AH$107,DK$40)=$AG54,$AC54,""),"") | DO54: =IF($AI54,IF(LARGE($AG$41:$AH$107,DO$40)=$AG54,$AC54,""),"") | DS54: =IF($AI54,IF(LARGE($AG$41:$AH$107,DS$40)=$AG54,$AC54,""),"") | DW54: =IF($AI54,IF(LARGE($AG$41:$AH$107,DW$40)=$AG54,$AC54,""),"") | EA54: =IF($AI54,IF(LARGE($AG$41:$AH$107,EA$40)=$AG54,$AC54,""),"") | EE54: =IF($AI54,IF(LARGE($AG$41:$AH$107,EE$40)=$AG54,$AC54,""),"") | EI54: =IF($AI54,IF(LARGE($AG$41:$AH$107,EI$40)=$AG54,$AC54,""),"") | EM54: =IF($AI54,IF(LARGE($AG$41:$AH$107,EM$40)=$AG54,$AC54,""),"") | EQ54: =IF($AI54,IF(LARGE($AG$41:$AH$107,EQ$40)=$AG54,$AC54,""),"") | EU54: =IF($AI54,IF(LARGE($AG$41:$AH$107,EU$40)=$AG54,$AC54,""),"") | EY54: =IF($AI54,IF(LARGE($AG$41:$AH$107,EY$40)=$AG54,$AC54,""),"") | FC54: =IF($AI54,IF(LARGE($AG$41:$AH$107,FC$40)=$AG54,$AC54,""),"") | FG54: =IF($AI54,IF(LARGE($AG$41:$AH$107,FG$40)=$AG54,$AC54,""),"") | FK54: =IF($AI54,IF(LARGE($AG$41:$AH$107,FK$40)=$AG54,$AC54,""),"") | FO54: =IF($AI54,IF(LARGE($AG$41:$AH$107,FO$40)=$AG54,$AC54,""),"") | FS54: =IF($AI54,IF(LARGE($AG$41:$AH$107,FS$40)=$AG54,$AC54,""),"") | FW54: =IF($AI54,IF(LARGE($AG$41:$AH$107,FW$40)=$AG54,$AC54,""),"") | GA54: =IF($AI54,IF(LARGE($AG$41:$AH$107,GA$40)=$AG54,$AC54,""),"") | GE54: =IF($AI54,IF(LARGE($AG$41:$AH$107,GE$40)=$AG54,$AC54,""),"") | GI54: =IF($AI54,IF(LARGE($AG$41:$AH$107,GI$40)=$AG54,$AC54,""),"") | GM54: =IF($AI54,IF(LARGE($AG$41:$AH$107,GM$40)=$AG54,$AC54,""),"") | GQ54: =IF($AI54,IF(LARGE($AG$41:$AH$107,GQ$40)=$AG54,$AC54,""),"") | GU54: =IF($AI54,IF(LARGE($AG$41:$AH$107,GU$40)=$AG54,$AC54,""),"") | GY54: =IF($AI54,IF(LARGE($AG$41:$AH$107,GY$40)=$AG54,$AC54,""),"") | HC54: =IF($AI54,IF(LARGE($AG$41:$AH$107,HC$40)=$AG54,$AC54,""),"") | HG54: =IF($AI54,IF(LARGE($AG$41:$AH$107,HG$40)=$AG54,$AC54,""),"") | HK54: =IF($AI54,IF(LARGE($AG$41:$AH$107,HK$40)=$AG54,$AC54,""),"") | HO54: =IF($AI54,IF(LARGE($AG$41:$AH$107,HO$40)=$AG54,$AC54,""),"") | HS54: =IF($AI54,IF(LARGE($AG$41:$AH$107,HS$40)=$AG54,$AC54,""),"") | HW54: =IF($AI54,IF(LARGE($AG$41:$AH$107,HW$40)=$AG54,$AC54,""),"") | IA54: =IF($AI54,IF(LARGE($AG$41:$AH$107,IA$40)=$AG54,$AC54,""),"") | IE54: =IF($AI54,IF(LARGE($AG$41:$AH$107,IE$40)=$AG54,$AC54,""),"") | II54: =IF($AI54,IF(LARGE($AG$41:$AH$107,II$40)=$AG54,$AC54,""),"") | IM54: =IF($AI54,IF(LARGE($AG$41:$AH$107,IM$40)=$AG54,$AC54,""),"") | IQ54: =IF($AI54,IF(LARGE($AG$41:$AH$107,IQ$40)=$AG54,$AC54,""),"") | IU54: =IF($AI54,IF(LARGE($AG$41:$AH$107,IU$40)=$AG54,$AC54,""),"") | IY54: =IF($AI54,IF(LARGE($AG$41:$AH$107,IY$40)=$AG54,$AC54,""),"") | JC54: =IF($AI54,IF(LARGE($AG$41:$AH$107,JC$40)=$AG54,$AC54,""),"") | JG54: =IF($AI54,IF(LARGE($AG$41:$AH$107,JG$40)=$AG54,$AC54,""),"") | JK54: =IF($AI54,IF(LARGE($AG$41:$AH$107,JK$40)=$AG54,$AC54,""),"") | JO54: =IF($AI54,IF(LARGE($AG$41:$AH$107,JO$40)=$AG54,$AC54,""),"") | JS54: =IF($AI54,IF(LARGE($AG$41:$AH$107,JS$40)=$AG54,$AC54,""),"") | JW54: =IF($AI54,IF(LARGE($AG$41:$AH$107,JW$40)=$AG54,$AC54,""),"") | KA54: =IF($AI54,IF(LARGE($AG$41:$AH$107,KA$40)=$AG54,$AC54,""),"") | KE54: =IF($AI54,IF(LARGE($AG$41:$AH$107,KE$40)=$AG54,$AC54,""),"") | KI54: =IF($AI54,IF(LARGE($AG$41:$AH$107,KI$40)=$AG54,$AC54,""),"") | KM54: =IF($AI54,IF(LARGE($AG$41:$AH$107,KM$40)=$AG54,$AC54,""),"") | KQ54: =IF($AI54,IF(LARGE($AG$41:$AH$107,KQ$40)=$AG54,$AC54,""),"")
C55: =IF(F19="","",CONCATENATE(" ",C19,F19,H19)) -> 🚙汽车驾驶 | G55: =IF(AND(L19=0,N19=0),"",IF(ISNONTEXT(D19),"",R19)) | I55: =IF(G55=$G$40,C55,"") | M55: =IF(AND(NOT(N19=0),ISNONTEXT(D19)),1,0) -> 0 | P55: =IF(F19="","",CONCATENATE(" ",C19,F19,H19)) -> 🚙汽车驾驶 | T55: =IF(AND(L19=0,P19=0),"",IF(ISNONTEXT(D19),R19,"")) | V55: =IF(T55=$T$40,P55,"") | AC55: =IF(F19="","",CONCATENATE(C19,F19,H19)) -> 🚙汽车驾驶 | AG55: =R19 -> 20 | AI55: =IF(AND(OR(ISNUMBER(L19),ISNUMBER(N19),ISNUMBER(P19)),OR(L19>0,N19>0,P19>0)),TRUE,FALSE) -> FALSE | AM55: =IF($AI55,IF(LARGE($AG$41:$AH$107,AM$40)=$AG55,$AC55,""),"") | AQ55: =IF($AI55,IF(LARGE($AG$41:$AH$107,AQ$40)=$AG55,$AC55,""),"") | AU55: =IF($AI55,IF(LARGE($AG$41:$AH$107,AU$40)=$AG55,$AC55,""),"") | AY55: =IF($AI55,IF(LARGE($AG$41:$AH$107,AY$40)=$AG55,$AC55,""),"") | BC55: =IF($AI55,IF(LARGE($AG$41:$AH$107,BC$40)=$AG55,$AC55,""),"") | BG55: =IF($AI55,IF(LARGE($AG$41:$AH$107,BG$40)=$AG55,$AC55,""),"") | BK55: =IF($AI55,IF(LARGE($AG$41:$AH$107,BK$40)=$AG55,$AC55,""),"") | BO55: =IF($AI55,IF(LARGE($AG$41:$AH$107,BO$40)=$AG55,$AC55,""),"") | BS55: =IF($AI55,IF(LARGE($AG$41:$AH$107,BS$40)=$AG55,$AC55,""),"") | BW55: =IF($AI55,IF(LARGE($AG$41:$AH$107,BW$40)=$AG55,$AC55,""),"") | CA55: =IF($AI55,IF(LARGE($AG$41:$AH$107,CA$40)=$AG55,$AC55,""),"") | CE55: =IF($AI55,IF(LARGE($AG$41:$AH$107,CE$40)=$AG55,$AC55,""),"") | CI55: =IF($AI55,IF(LARGE($AG$41:$AH$107,CI$40)=$AG55,$AC55,""),"") | CM55: =IF($AI55,IF(LARGE($AG$41:$AH$107,CM$40)=$AG55,$AC55,""),"") | CQ55: =IF($AI55,IF(LARGE($AG$41:$AH$107,CQ$40)=$AG55,$AC55,""),"") | CU55: =IF($AI55,IF(LARGE($AG$41:$AH$107,CU$40)=$AG55,$AC55,""),"") | CY55: =IF($AI55,IF(LARGE($AG$41:$AH$107,CY$40)=$AG55,$AC55,""),"") | DC55: =IF($AI55,IF(LARGE($AG$41:$AH$107,DC$40)=$AG55,$AC55,""),"") | DG55: =IF($AI55,IF(LARGE($AG$41:$AH$107,DG$40)=$AG55,$AC55,""),"") | DK55: =IF($AI55,IF(LARGE($AG$41:$AH$107,DK$40)=$AG55,$AC55,""),"") | DO55: =IF($AI55,IF(LARGE($AG$41:$AH$107,DO$40)=$AG55,$AC55,""),"") | DS55: =IF($AI55,IF(LARGE($AG$41:$AH$107,DS$40)=$AG55,$AC55,""),"") | DW55: =IF($AI55,IF(LARGE($AG$41:$AH$107,DW$40)=$AG55,$AC55,""),"") | EA55: =IF($AI55,IF(LARGE($AG$41:$AH$107,EA$40)=$AG55,$AC55,""),"") | EE55: =IF($AI55,IF(LARGE($AG$41:$AH$107,EE$40)=$AG55,$AC55,""),"") | EI55: =IF($AI55,IF(LARGE($AG$41:$AH$107,EI$40)=$AG55,$AC55,""),"") | EM55: =IF($AI55,IF(LARGE($AG$41:$AH$107,EM$40)=$AG55,$AC55,""),"") | EQ55: =IF($AI55,IF(LARGE($AG$41:$AH$107,EQ$40)=$AG55,$AC55,""),"") | EU55: =IF($AI55,IF(LARGE($AG$41:$AH$107,EU$40)=$AG55,$AC55,""),"") | EY55: =IF($AI55,IF(LARGE($AG$41:$AH$107,EY$40)=$AG55,$AC55,""),"") | FC55: =IF($AI55,IF(LARGE($AG$41:$AH$107,FC$40)=$AG55,$AC55,""),"") | FG55: =IF($AI55,IF(LARGE($AG$41:$AH$107,FG$40)=$AG55,$AC55,""),"") | FK55: =IF($AI55,IF(LARGE($AG$41:$AH$107,FK$40)=$AG55,$AC55,""),"") | FO55: =IF($AI55,IF(LARGE($AG$41:$AH$107,FO$40)=$AG55,$AC55,""),"") | FS55: =IF($AI55,IF(LARGE($AG$41:$AH$107,FS$40)=$AG55,$AC55,""),"") | FW55: =IF($AI55,IF(LARGE($AG$41:$AH$107,FW$40)=$AG55,$AC55,""),"") | GA55: =IF($AI55,IF(LARGE($AG$41:$AH$107,GA$40)=$AG55,$AC55,""),"") | GE55: =IF($AI55,IF(LARGE($AG$41:$AH$107,GE$40)=$AG55,$AC55,""),"") | GI55: =IF($AI55,IF(LARGE($AG$41:$AH$107,GI$40)=$AG55,$AC55,""),"") | GM55: =IF($AI55,IF(LARGE($AG$41:$AH$107,GM$40)=$AG55,$AC55,""),"") | GQ55: =IF($AI55,IF(LARGE($AG$41:$AH$107,GQ$40)=$AG55,$AC55,""),"") | GU55: =IF($AI55,IF(LARGE($AG$41:$AH$107,GU$40)=$AG55,$AC55,""),"") | GY55: =IF($AI55,IF(LARGE($AG$41:$AH$107,GY$40)=$AG55,$AC55,""),"") | HC55: =IF($AI55,IF(LARGE($AG$41:$AH$107,HC$40)=$AG55,$AC55,""),"") | HG55: =IF($AI55,IF(LARGE($AG$41:$AH$107,HG$40)=$AG55,$AC55,""),"") | HK55: =IF($AI55,IF(LARGE($AG$41:$AH$107,HK$40)=$AG55,$AC55,""),"") | HO55: =IF($AI55,IF(LARGE($AG$41:$AH$107,HO$40)=$AG55,$AC55,""),"") | HS55: =IF($AI55,IF(LARGE($AG$41:$AH$107,HS$40)=$AG55,$AC55,""),"") | HW55: =IF($AI55,IF(LARGE($AG$41:$AH$107,HW$40)=$AG55,$AC55,""),"") | IA55: =IF($AI55,IF(LARGE($AG$41:$AH$107,IA$40)=$AG55,$AC55,""),"") | IE55: =IF($AI55,IF(LARGE($AG$41:$AH$107,IE$40)=$AG55,$AC55,""),"") | II55: =IF($AI55,IF(LARGE($AG$41:$AH$107,II$40)=$AG55,$AC55,""),"") | IM55: =IF($AI55,IF(LARGE($AG$41:$AH$107,IM$40)=$AG55,$AC55,""),"") | IQ55: =IF($AI55,IF(LARGE($AG$41:$AH$107,IQ$40)=$AG55,$AC55,""),"") | IU55: =IF($AI55,IF(LARGE($AG$41:$AH$107,IU$40)=$AG55,$AC55,""),"") | IY55: =IF($AI55,IF(LARGE($AG$41:$AH$107,IY$40)=$AG55,$AC55,""),"") | JC55: =IF($AI55,IF(LARGE($AG$41:$AH$107,JC$40)=$AG55,$AC55,""),"") | JG55: =IF($AI55,IF(LARGE($AG$41:$AH$107,JG$40)=$AG55,$AC55,""),"") | JK55: =IF($AI55,IF(LARGE($AG$41:$AH$107,JK$40)=$AG55,$AC55,""),"") | JO55: =IF($AI55,IF(LARGE($AG$41:$AH$107,JO$40)=$AG55,$AC55,""),"") | JS55: =IF($AI55,IF(LARGE($AG$41:$AH$107,JS$40)=$AG55,$AC55,""),"") | JW55: =IF($AI55,IF(LARGE($AG$41:$AH$107,JW$40)=$AG55,$AC55,""),"") | KA55: =IF($AI55,IF(LARGE($AG$41:$AH$107,KA$40)=$AG55,$AC55,""),"") | KE55: =IF($AI55,IF(LARGE($AG$41:$AH$107,KE$40)=$AG55,$AC55,""),"") | KI55: =IF($AI55,IF(LARGE($AG$41:$AH$107,KI$40)=$AG55,$AC55,""),"") | KM55: =IF($AI55,IF(LARGE($AG$41:$AH$107,KM$40)=$AG55,$AC55,""),"") | KQ55: =IF($AI55,IF(LARGE($AG$41:$AH$107,KQ$40)=$AG55,$AC55,""),"")
C56: =IF(F20="","",CONCATENATE(" ",C20,F20,H20)) -> ⚒️电气维修 | G56: =IF(AND(L20=0,N20=0),"",IF(ISNONTEXT(D20),"",R20)) | I56: =IF(G56=$G$40,C56,"") | M56: =IF(AND(NOT(N20=0),ISNONTEXT(D20)),1,0) -> 0 | P56: =IF(F20="","",CONCATENATE(" ",C20,F20,H20)) -> ⚒️电气维修 | T56: =IF(AND(L20=0,P20=0),"",IF(ISNONTEXT(D20),R20,"")) | V56: =IF(T56=$T$40,P56,"") | AC56: =IF(F20="","",CONCATENATE(C20,F20,H20)) -> ⚒️电气维修 | AG56: =R20 -> 10 | AI56: =IF(AND(OR(ISNUMBER(L20),ISNUMBER(N20),ISNUMBER(P20)),OR(L20>0,N20>0,P20>0)),TRUE,FALSE) -> FALSE | AM56: =IF($AI56,IF(LARGE($AG$41:$AH$107,AM$40)=$AG56,$AC56,""),"") | AQ56: =IF($AI56,IF(LARGE($AG$41:$AH$107,AQ$40)=$AG56,$AC56,""),"") | AU56: =IF($AI56,IF(LARGE($AG$41:$AH$107,AU$40)=$AG56,$AC56,""),"") | AY56: =IF($AI56,IF(LARGE($AG$41:$AH$107,AY$40)=$AG56,$AC56,""),"") | BC56: =IF($AI56,IF(LARGE($AG$41:$AH$107,BC$40)=$AG56,$AC56,""),"") | BG56: =IF($AI56,IF(LARGE($AG$41:$AH$107,BG$40)=$AG56,$AC56,""),"") | BK56: =IF($AI56,IF(LARGE($AG$41:$AH$107,BK$40)=$AG56,$AC56,""),"") | BO56: =IF($AI56,IF(LARGE($AG$41:$AH$107,BO$40)=$AG56,$AC56,""),"") | BS56: =IF($AI56,IF(LARGE($AG$41:$AH$107,BS$40)=$AG56,$AC56,""),"") | BW56: =IF($AI56,IF(LARGE($AG$41:$AH$107,BW$40)=$AG56,$AC56,""),"") | CA56: =IF($AI56,IF(LARGE($AG$41:$AH$107,CA$40)=$AG56,$AC56,""),"") | CE56: =IF($AI56,IF(LARGE($AG$41:$AH$107,CE$40)=$AG56,$AC56,""),"") | CI56: =IF($AI56,IF(LARGE($AG$41:$AH$107,CI$40)=$AG56,$AC56,""),"") | CM56: =IF($AI56,IF(LARGE($AG$41:$AH$107,CM$40)=$AG56,$AC56,""),"") | CQ56: =IF($AI56,IF(LARGE($AG$41:$AH$107,CQ$40)=$AG56,$AC56,""),"") | CU56: =IF($AI56,IF(LARGE($AG$41:$AH$107,CU$40)=$AG56,$AC56,""),"") | CY56: =IF($AI56,IF(LARGE($AG$41:$AH$107,CY$40)=$AG56,$AC56,""),"") | DC56: =IF($AI56,IF(LARGE($AG$41:$AH$107,DC$40)=$AG56,$AC56,""),"") | DG56: =IF($AI56,IF(LARGE($AG$41:$AH$107,DG$40)=$AG56,$AC56,""),"") | DK56: =IF($AI56,IF(LARGE($AG$41:$AH$107,DK$40)=$AG56,$AC56,""),"") | DO56: =IF($AI56,IF(LARGE($AG$41:$AH$107,DO$40)=$AG56,$AC56,""),"") | DS56: =IF($AI56,IF(LARGE($AG$41:$AH$107,DS$40)=$AG56,$AC56,""),"") | DW56: =IF($AI56,IF(LARGE($AG$41:$AH$107,DW$40)=$AG56,$AC56,""),"") | EA56: =IF($AI56,IF(LARGE($AG$41:$AH$107,EA$40)=$AG56,$AC56,""),"") | EE56: =IF($AI56,IF(LARGE($AG$41:$AH$107,EE$40)=$AG56,$AC56,""),"") | EI56: =IF($AI56,IF(LARGE($AG$41:$AH$107,EI$40)=$AG56,$AC56,""),"") | EM56: =IF($AI56,IF(LARGE($AG$41:$AH$107,EM$40)=$AG56,$AC56,""),"") | EQ56: =IF($AI56,IF(LARGE($AG$41:$AH$107,EQ$40)=$AG56,$AC56,""),"") | EU56: =IF($AI56,IF(LARGE($AG$41:$AH$107,EU$40)=$AG56,$AC56,""),"") | EY56: =IF($AI56,IF(LARGE($AG$41:$AH$107,EY$40)=$AG56,$AC56,""),"") | FC56: =IF($AI56,IF(LARGE($AG$41:$AH$107,FC$40)=$AG56,$AC56,""),"") | FG56: =IF($AI56,IF(LARGE($AG$41:$AH$107,FG$40)=$AG56,$AC56,""),"") | FK56: =IF($AI56,IF(LARGE($AG$41:$AH$107,FK$40)=$AG56,$AC56,""),"") | FO56: =IF($AI56,IF(LARGE($AG$41:$AH$107,FO$40)=$AG56,$AC56,""),"") | FS56: =IF($AI56,IF(LARGE($AG$41:$AH$107,FS$40)=$AG56,$AC56,""),"") | FW56: =IF($AI56,IF(LARGE($AG$41:$AH$107,FW$40)=$AG56,$AC56,""),"") | GA56: =IF($AI56,IF(LARGE($AG$41:$AH$107,GA$40)=$AG56,$AC56,""),"") | GE56: =IF($AI56,IF(LARGE($AG$41:$AH$107,GE$40)=$AG56,$AC56,""),"") | GI56: =IF($AI56,IF(LARGE($AG$41:$AH$107,GI$40)=$AG56,$AC56,""),"") | GM56: =IF($AI56,IF(LARGE($AG$41:$AH$107,GM$40)=$AG56,$AC56,""),"") | GQ56: =IF($AI56,IF(LARGE($AG$41:$AH$107,GQ$40)=$AG56,$AC56,""),"") | GU56: =IF($AI56,IF(LARGE($AG$41:$AH$107,GU$40)=$AG56,$AC56,""),"") | GY56: =IF($AI56,IF(LARGE($AG$41:$AH$107,GY$40)=$AG56,$AC56,""),"") | HC56: =IF($AI56,IF(LARGE($AG$41:$AH$107,HC$40)=$AG56,$AC56,""),"") | HG56: =IF($AI56,IF(LARGE($AG$41:$AH$107,HG$40)=$AG56,$AC56,""),"") | HK56: =IF($AI56,IF(LARGE($AG$41:$AH$107,HK$40)=$AG56,$AC56,""),"") | HO56: =IF($AI56,IF(LARGE($AG$41:$AH$107,HO$40)=$AG56,$AC56,""),"") | HS56: =IF($AI56,IF(LARGE($AG$41:$AH$107,HS$40)=$AG56,$AC56,""),"") | HW56: =IF($AI56,IF(LARGE($AG$41:$AH$107,HW$40)=$AG56,$AC56,""),"") | IA56: =IF($AI56,IF(LARGE($AG$41:$AH$107,IA$40)=$AG56,$AC56,""),"") | IE56: =IF($AI56,IF(LARGE($AG$41:$AH$107,IE$40)=$AG56,$AC56,""),"") | II56: =IF($AI56,IF(LARGE($AG$41:$AH$107,II$40)=$AG56,$AC56,""),"") | IM56: =IF($AI56,IF(LARGE($AG$41:$AH$107,IM$40)=$AG56,$AC56,""),"") | IQ56: =IF($AI56,IF(LARGE($AG$41:$AH$107,IQ$40)=$AG56,$AC56,""),"") | IU56: =IF($AI56,IF(LARGE($AG$41:$AH$107,IU$40)=$AG56,$AC56,""),"") | IY56: =IF($AI56,IF(LARGE($AG$41:$AH$107,IY$40)=$AG56,$AC56,""),"") | JC56: =IF($AI56,IF(LARGE($AG$41:$AH$107,JC$40)=$AG56,$AC56,""),"") | JG56: =IF($AI56,IF(LARGE($AG$41:$AH$107,JG$40)=$AG56,$AC56,""),"") | JK56: =IF($AI56,IF(LARGE($AG$41:$AH$107,JK$40)=$AG56,$AC56,""),"") | JO56: =IF($AI56,IF(LARGE($AG$41:$AH$107,JO$40)=$AG56,$AC56,""),"") | JS56: =IF($AI56,IF(LARGE($AG$41:$AH$107,JS$40)=$AG56,$AC56,""),"") | JW56: =IF($AI56,IF(LARGE($AG$41:$AH$107,JW$40)=$AG56,$AC56,""),"") | KA56: =IF($AI56,IF(LARGE($AG$41:$AH$107,KA$40)=$AG56,$AC56,""),"") | KE56: =IF($AI56,IF(LARGE($AG$41:$AH$107,KE$40)=$AG56,$AC56,""),"") | KI56: =IF($AI56,IF(LARGE($AG$41:$AH$107,KI$40)=$AG56,$AC56,""),"") | KM56: =IF($AI56,IF(LARGE($AG$41:$AH$107,KM$40)=$AG56,$AC56,""),"") | KQ56: =IF($AI56,IF(LARGE($AG$41:$AH$107,KQ$40)=$AG56,$AC56,""),"")
C57: =IF(F21="","",CONCATENATE(" ",C21,F21,H21)) -> ⚡电子学 Ω | G57: =IF(AND(L21=0,N21=0),"",IF(ISNONTEXT(D21),"",R21)) | I57: =IF(G57=$G$40,C57,"") | M57: =IF(AND(NOT(N21=0),ISNONTEXT(D21)),1,0) -> 0 | P57: =IF(F21="","",CONCATENATE(" ",C21,F21,H21)) -> ⚡电子学 Ω | T57: =IF(AND(L21=0,P21=0),"",IF(ISNONTEXT(D21),R21,"")) | V57: =IF(T57=$T$40,P57,"") | AC57: =IF(F21="","",CONCATENATE(C21,F21,H21)) -> ⚡电子学 Ω | AG57: =R21 -> 1 | AI57: =IF(AND(OR(ISNUMBER(L21),ISNUMBER(N21),ISNUMBER(P21)),OR(L21>0,N21>0,P21>0)),TRUE,FALSE) -> FALSE | AM57: =IF($AI57,IF(LARGE($AG$41:$AH$107,AM$40)=$AG57,$AC57,""),"") | AQ57: =IF($AI57,IF(LARGE($AG$41:$AH$107,AQ$40)=$AG57,$AC57,""),"") | AU57: =IF($AI57,IF(LARGE($AG$41:$AH$107,AU$40)=$AG57,$AC57,""),"") | AY57: =IF($AI57,IF(LARGE($AG$41:$AH$107,AY$40)=$AG57,$AC57,""),"") | BC57: =IF($AI57,IF(LARGE($AG$41:$AH$107,BC$40)=$AG57,$AC57,""),"") | BG57: =IF($AI57,IF(LARGE($AG$41:$AH$107,BG$40)=$AG57,$AC57,""),"") | BK57: =IF($AI57,IF(LARGE($AG$41:$AH$107,BK$40)=$AG57,$AC57,""),"") | BO57: =IF($AI57,IF(LARGE($AG$41:$AH$107,BO$40)=$AG57,$AC57,""),"") | BS57: =IF($AI57,IF(LARGE($AG$41:$AH$107,BS$40)=$AG57,$AC57,""),"") | BW57: =IF($AI57,IF(LARGE($AG$41:$AH$107,BW$40)=$AG57,$AC57,""),"") | CA57: =IF($AI57,IF(LARGE($AG$41:$AH$107,CA$40)=$AG57,$AC57,""),"") | CE57: =IF($AI57,IF(LARGE($AG$41:$AH$107,CE$40)=$AG57,$AC57,""),"") | CI57: =IF($AI57,IF(LARGE($AG$41:$AH$107,CI$40)=$AG57,$AC57,""),"") | CM57: =IF($AI57,IF(LARGE($AG$41:$AH$107,CM$40)=$AG57,$AC57,""),"") | CQ57: =IF($AI57,IF(LARGE($AG$41:$AH$107,CQ$40)=$AG57,$AC57,""),"") | CU57: =IF($AI57,IF(LARGE($AG$41:$AH$107,CU$40)=$AG57,$AC57,""),"") | CY57: =IF($AI57,IF(LARGE($AG$41:$AH$107,CY$40)=$AG57,$AC57,""),"") | DC57: =IF($AI57,IF(LARGE($AG$41:$AH$107,DC$40)=$AG57,$AC57,""),"") | DG57: =IF($AI57,IF(LARGE($AG$41:$AH$107,DG$40)=$AG57,$AC57,""),"") | DK57: =IF($AI57,IF(LARGE($AG$41:$AH$107,DK$40)=$AG57,$AC57,""),"") | DO57: =IF($AI57,IF(LARGE($AG$41:$AH$107,DO$40)=$AG57,$AC57,""),"") | DS57: =IF($AI57,IF(LARGE($AG$41:$AH$107,DS$40)=$AG57,$AC57,""),"") | DW57: =IF($AI57,IF(LARGE($AG$41:$AH$107,DW$40)=$AG57,$AC57,""),"") | EA57: =IF($AI57,IF(LARGE($AG$41:$AH$107,EA$40)=$AG57,$AC57,""),"") | EE57: =IF($AI57,IF(LARGE($AG$41:$AH$107,EE$40)=$AG57,$AC57,""),"") | EI57: =IF($AI57,IF(LARGE($AG$41:$AH$107,EI$40)=$AG57,$AC57,""),"") | EM57: =IF($AI57,IF(LARGE($AG$41:$AH$107,EM$40)=$AG57,$AC57,""),"") | EQ57: =IF($AI57,IF(LARGE($AG$41:$AH$107,EQ$40)=$AG57,$AC57,""),"") | EU57: =IF($AI57,IF(LARGE($AG$41:$AH$107,EU$40)=$AG57,$AC57,""),"") | EY57: =IF($AI57,IF(LARGE($AG$41:$AH$107,EY$40)=$AG57,$AC57,""),"") | FC57: =IF($AI57,IF(LARGE($AG$41:$AH$107,FC$40)=$AG57,$AC57,""),"") | FG57: =IF($AI57,IF(LARGE($AG$41:$AH$107,FG$40)=$AG57,$AC57,""),"") | FK57: =IF($AI57,IF(LARGE($AG$41:$AH$107,FK$40)=$AG57,$AC57,""),"") | FO57: =IF($AI57,IF(LARGE($AG$41:$AH$107,FO$40)=$AG57,$AC57,""),"") | FS57: =IF($AI57,IF(LARGE($AG$41:$AH$107,FS$40)=$AG57,$AC57,""),"") | FW57: =IF($AI57,IF(LARGE($AG$41:$AH$107,FW$40)=$AG57,$AC57,""),"") | GA57: =IF($AI57,IF(LARGE($AG$41:$AH$107,GA$40)=$AG57,$AC57,""),"") | GE57: =IF($AI57,IF(LARGE($AG$41:$AH$107,GE$40)=$AG57,$AC57,""),"") | GI57: =IF($AI57,IF(LARGE($AG$41:$AH$107,GI$40)=$AG57,$AC57,""),"") | GM57: =IF($AI57,IF(LARGE($AG$41:$AH$107,GM$40)=$AG57,$AC57,""),"") | GQ57: =IF($AI57,IF(LARGE($AG$41:$AH$107,GQ$40)=$AG57,$AC57,""),"") | GU57: =IF($AI57,IF(LARGE($AG$41:$AH$107,GU$40)=$AG57,$AC57,""),"") | GY57: =IF($AI57,IF(LARGE($AG$41:$AH$107,GY$40)=$AG57,$AC57,""),"") | HC57: =IF($AI57,IF(LARGE($AG$41:$AH$107,HC$40)=$AG57,$AC57,""),"") | HG57: =IF($AI57,IF(LARGE($AG$41:$AH$107,HG$40)=$AG57,$AC57,""),"") | HK57: =IF($AI57,IF(LARGE($AG$41:$AH$107,HK$40)=$AG57,$AC57,""),"") | HO57: =IF($AI57,IF(LARGE($AG$41:$AH$107,HO$40)=$AG57,$AC57,""),"") | HS57: =IF($AI57,IF(LARGE($AG$41:$AH$107,HS$40)=$AG57,$AC57,""),"") | HW57: =IF($AI57,IF(LARGE($AG$41:$AH$107,HW$40)=$AG57,$AC57,""),"") | IA57: =IF($AI57,IF(LARGE($AG$41:$AH$107,IA$40)=$AG57,$AC57,""),"") | IE57: =IF($AI57,IF(LARGE($AG$41:$AH$107,IE$40)=$AG57,$AC57,""),"") | II57: =IF($AI57,IF(LARGE($AG$41:$AH$107,II$40)=$AG57,$AC57,""),"") | IM57: =IF($AI57,IF(LARGE($AG$41:$AH$107,IM$40)=$AG57,$AC57,""),"") | IQ57: =IF($AI57,IF(LARGE($AG$41:$AH$107,IQ$40)=$AG57,$AC57,""),"") | IU57: =IF($AI57,IF(LARGE($AG$41:$AH$107,IU$40)=$AG57,$AC57,""),"") | IY57: =IF($AI57,IF(LARGE($AG$41:$AH$107,IY$40)=$AG57,$AC57,""),"") | JC57: =IF($AI57,IF(LARGE($AG$41:$AH$107,JC$40)=$AG57,$AC57,""),"") | JG57: =IF($AI57,IF(LARGE($AG$41:$AH$107,JG$40)=$AG57,$AC57,""),"") | JK57: =IF($AI57,IF(LARGE($AG$41:$AH$107,JK$40)=$AG57,$AC57,""),"") | JO57: =IF($AI57,IF(LARGE($AG$41:$AH$107,JO$40)=$AG57,$AC57,""),"") | JS57: =IF($AI57,IF(LARGE($AG$41:$AH$107,JS$40)=$AG57,$AC57,""),"") | JW57: =IF($AI57,IF(LARGE($AG$41:$AH$107,JW$40)=$AG57,$AC57,""),"") | KA57: =IF($AI57,IF(LARGE($AG$41:$AH$107,KA$40)=$AG57,$AC57,""),"") | KE57: =IF($AI57,IF(LARGE($AG$41:$AH$107,KE$40)=$AG57,$AC57,""),"") | KI57: =IF($AI57,IF(LARGE($AG$41:$AH$107,KI$40)=$AG57,$AC57,""),"") | KM57: =IF($AI57,IF(LARGE($AG$41:$AH$107,KM$40)=$AG57,$AC57,""),"") | KQ57: =IF($AI57,IF(LARGE($AG$41:$AH$107,KQ$40)=$AG57,$AC57,""),"")
C58: =IF(F22="","",CONCATENATE(" ",C22,F22,H22)) -> 🤥话术 | G58: =IF(AND(L22=0,N22=0),"",IF(ISNONTEXT(D22),"",R22)) | I58: =IF(G58=$G$40,C58,"") | M58: =IF(AND(NOT(N22=0),ISNONTEXT(D22)),1,0) -> 0 | P58: =IF(F22="","",CONCATENATE(" ",C22,F22,H22)) -> 🤥话术 | T58: =IF(AND(L22=0,P22=0),"",IF(ISNONTEXT(D22),R22,"")) | V58: =IF(T58=$T$40,P58,"") | AC58: =IF(F22="","",CONCATENATE(C22,F22,H22)) -> 🤥话术 | AG58: =R22 -> 5 | AI58: =IF(AND(OR(ISNUMBER(L22),ISNUMBER(N22),ISNUMBER(P22)),OR(L22>0,N22>0,P22>0)),TRUE,FALSE) -> FALSE | AM58: =IF($AI58,IF(LARGE($AG$41:$AH$107,AM$40)=$AG58,$AC58,""),"") | AQ58: =IF($AI58,IF(LARGE($AG$41:$AH$107,AQ$40)=$AG58,$AC58,""),"") | AU58: =IF($AI58,IF(LARGE($AG$41:$AH$107,AU$40)=$AG58,$AC58,""),"") | AY58: =IF($AI58,IF(LARGE($AG$41:$AH$107,AY$40)=$AG58,$AC58,""),"") | BC58: =IF($AI58,IF(LARGE($AG$41:$AH$107,BC$40)=$AG58,$AC58,""),"") | BG58: =IF($AI58,IF(LARGE($AG$41:$AH$107,BG$40)=$AG58,$AC58,""),"") | BK58: =IF($AI58,IF(LARGE($AG$41:$AH$107,BK$40)=$AG58,$AC58,""),"") | BO58: =IF($AI58,IF(LARGE($AG$41:$AH$107,BO$40)=$AG58,$AC58,""),"") | BS58: =IF($AI58,IF(LARGE($AG$41:$AH$107,BS$40)=$AG58,$AC58,""),"") | BW58: =IF($AI58,IF(LARGE($AG$41:$AH$107,BW$40)=$AG58,$AC58,""),"") | CA58: =IF($AI58,IF(LARGE($AG$41:$AH$107,CA$40)=$AG58,$AC58,""),"") | CE58: =IF($AI58,IF(LARGE($AG$41:$AH$107,CE$40)=$AG58,$AC58,""),"") | CI58: =IF($AI58,IF(LARGE($AG$41:$AH$107,CI$40)=$AG58,$AC58,""),"") | CM58: =IF($AI58,IF(LARGE($AG$41:$AH$107,CM$40)=$AG58,$AC58,""),"") | CQ58: =IF($AI58,IF(LARGE($AG$41:$AH$107,CQ$40)=$AG58,$AC58,""),"") | CU58: =IF($AI58,IF(LARGE($AG$41:$AH$107,CU$40)=$AG58,$AC58,""),"") | CY58: =IF($AI58,IF(LARGE($AG$41:$AH$107,CY$40)=$AG58,$AC58,""),"") | DC58: =IF($AI58,IF(LARGE($AG$41:$AH$107,DC$40)=$AG58,$AC58,""),"") | DG58: =IF($AI58,IF(LARGE($AG$41:$AH$107,DG$40)=$AG58,$AC58,""),"") | DK58: =IF($AI58,IF(LARGE($AG$41:$AH$107,DK$40)=$AG58,$AC58,""),"") | DO58: =IF($AI58,IF(LARGE($AG$41:$AH$107,DO$40)=$AG58,$AC58,""),"") | DS58: =IF($AI58,IF(LARGE($AG$41:$AH$107,DS$40)=$AG58,$AC58,""),"") | DW58: =IF($AI58,IF(LARGE($AG$41:$AH$107,DW$40)=$AG58,$AC58,""),"") | EA58: =IF($AI58,IF(LARGE($AG$41:$AH$107,EA$40)=$AG58,$AC58,""),"") | EE58: =IF($AI58,IF(LARGE($AG$41:$AH$107,EE$40)=$AG58,$AC58,""),"") | EI58: =IF($AI58,IF(LARGE($AG$41:$AH$107,EI$40)=$AG58,$AC58,""),"") | EM58: =IF($AI58,IF(LARGE($AG$41:$AH$107,EM$40)=$AG58,$AC58,""),"") | EQ58: =IF($AI58,IF(LARGE($AG$41:$AH$107,EQ$40)=$AG58,$AC58,""),"") | EU58: =IF($AI58,IF(LARGE($AG$41:$AH$107,EU$40)=$AG58,$AC58,""),"") | EY58: =IF($AI58,IF(LARGE($AG$41:$AH$107,EY$40)=$AG58,$AC58,""),"") | FC58: =IF($AI58,IF(LARGE($AG$41:$AH$107,FC$40)=$AG58,$AC58,""),"") | FG58: =IF($AI58,IF(LARGE($AG$41:$AH$107,FG$40)=$AG58,$AC58,""),"") | FK58: =IF($AI58,IF(LARGE($AG$41:$AH$107,FK$40)=$AG58,$AC58,""),"") | FO58: =IF($AI58,IF(LARGE($AG$41:$AH$107,FO$40)=$AG58,$AC58,""),"") | FS58: =IF($AI58,IF(LARGE($AG$41:$AH$107,FS$40)=$AG58,$AC58,""),"") | FW58: =IF($AI58,IF(LARGE($AG$41:$AH$107,FW$40)=$AG58,$AC58,""),"") | GA58: =IF($AI58,IF(LARGE($AG$41:$AH$107,GA$40)=$AG58,$AC58,""),"") | GE58: =IF($AI58,IF(LARGE($AG$41:$AH$107,GE$40)=$AG58,$AC58,""),"") | GI58: =IF($AI58,IF(LARGE($AG$41:$AH$107,GI$40)=$AG58,$AC58,""),"") | GM58: =IF($AI58,IF(LARGE($AG$41:$AH$107,GM$40)=$AG58,$AC58,""),"") | GQ58: =IF($AI58,IF(LARGE($AG$41:$AH$107,GQ$40)=$AG58,$AC58,""),"") | GU58: =IF($AI58,IF(LARGE($AG$41:$AH$107,GU$40)=$AG58,$AC58,""),"") | GY58: =IF($AI58,IF(LARGE($AG$41:$AH$107,GY$40)=$AG58,$AC58,""),"") | HC58: =IF($AI58,IF(LARGE($AG$41:$AH$107,HC$40)=$AG58,$AC58,""),"") | HG58: =IF($AI58,IF(LARGE($AG$41:$AH$107,HG$40)=$AG58,$AC58,""),"") | HK58: =IF($AI58,IF(LARGE($AG$41:$AH$107,HK$40)=$AG58,$AC58,""),"") | HO58: =IF($AI58,IF(LARGE($AG$41:$AH$107,HO$40)=$AG58,$AC58,""),"") | HS58: =IF($AI58,IF(LARGE($AG$41:$AH$107,HS$40)=$AG58,$AC58,""),"") | HW58: =IF($AI58,IF(LARGE($AG$41:$AH$107,HW$40)=$AG58,$AC58,""),"") | IA58: =IF($AI58,IF(LARGE($AG$41:$AH$107,IA$40)=$AG58,$AC58,""),"") | IE58: =IF($AI58,IF(LARGE($AG$41:$AH$107,IE$40)=$AG58,$AC58,""),"") | II58: =IF($AI58,IF(LARGE($AG$41:$AH$107,II$40)=$AG58,$AC58,""),"") | IM58: =IF($AI58,IF(LARGE($AG$41:$AH$107,IM$40)=$AG58,$AC58,""),"") | IQ58: =IF($AI58,IF(LARGE($AG$41:$AH$107,IQ$40)=$AG58,$AC58,""),"") | IU58: =IF($AI58,IF(LARGE($AG$41:$AH$107,IU$40)=$AG58,$AC58,""),"") | IY58: =IF($AI58,IF(LARGE($AG$41:$AH$107,IY$40)=$AG58,$AC58,""),"") | JC58: =IF($AI58,IF(LARGE($AG$41:$AH$107,JC$40)=$AG58,$AC58,""),"") | JG58: =IF($AI58,IF(LARGE($AG$41:$AH$107,JG$40)=$AG58,$AC58,""),"") | JK58: =IF($AI58,IF(LARGE($AG$41:$AH$107,JK$40)=$AG58,$AC58,""),"") | JO58: =IF($AI58,IF(LARGE($AG$41:$AH$107,JO$40)=$AG58,$AC58,""),"") | JS58: =IF($AI58,IF(LARGE($AG$41:$AH$107,JS$40)=$AG58,$AC58,""),"") | JW58: =IF($AI58,IF(LARGE($AG$41:$AH$107,JW$40)=$AG58,$AC58,""),"") | KA58: =IF($AI58,IF(LARGE($AG$41:$AH$107,KA$40)=$AG58,$AC58,""),"") | KE58: =IF($AI58,IF(LARGE($AG$41:$AH$107,KE$40)=$AG58,$AC58,""),"") | KI58: =IF($AI58,IF(LARGE($AG$41:$AH$107,KI$40)=$AG58,$AC58,""),"") | KM58: =IF($AI58,IF(LARGE($AG$41:$AH$107,KM$40)=$AG58,$AC58,""),"") | KQ58: =IF($AI58,IF(LARGE($AG$41:$AH$107,KQ$40)=$AG58,$AC58,""),"")
C59: =IF(F23="","",CONCATENATE(" ",C23,F23,H23)) -> 🥊格斗：斗殴 | G59: =IF(AND(L23=0,N23=0),"",IF(ISNONTEXT(D23),"",R23)) | I59: =IF(G59=$G$40,C59,"") | M59: =IF(AND(NOT(N23=0),ISNONTEXT(D23)),1,0) -> 0 | P59: =IF(F23="","",CONCATENATE(" ",C23,F23,H23)) -> 🥊格斗：斗殴 | T59: =IF(AND(L23=0,P23=0),"",IF(ISNONTEXT(D23),R23,"")) | V59: =IF(T59=$T$40,P59,"") | AC59: =IF(F23="","",CONCATENATE(C23,F23,H23)) -> 🥊格斗：斗殴 | AG59: =R23 -> 25 | AI59: =IF(AND(OR(ISNUMBER(L23),ISNUMBER(N23),ISNUMBER(P23)),OR(L23>0,N23>0,P23>0)),TRUE,FALSE) -> FALSE | AM59: =IF($AI59,IF(LARGE($AG$41:$AH$107,AM$40)=$AG59,$AC59,""),"") | AQ59: =IF($AI59,IF(LARGE($AG$41:$AH$107,AQ$40)=$AG59,$AC59,""),"") | AU59: =IF($AI59,IF(LARGE($AG$41:$AH$107,AU$40)=$AG59,$AC59,""),"") | AY59: =IF($AI59,IF(LARGE($AG$41:$AH$107,AY$40)=$AG59,$AC59,""),"") | BC59: =IF($AI59,IF(LARGE($AG$41:$AH$107,BC$40)=$AG59,$AC59,""),"") | BG59: =IF($AI59,IF(LARGE($AG$41:$AH$107,BG$40)=$AG59,$AC59,""),"") | BK59: =IF($AI59,IF(LARGE($AG$41:$AH$107,BK$40)=$AG59,$AC59,""),"") | BO59: =IF($AI59,IF(LARGE($AG$41:$AH$107,BO$40)=$AG59,$AC59,""),"") | BS59: =IF($AI59,IF(LARGE($AG$41:$AH$107,BS$40)=$AG59,$AC59,""),"") | BW59: =IF($AI59,IF(LARGE($AG$41:$AH$107,BW$40)=$AG59,$AC59,""),"") | CA59: =IF($AI59,IF(LARGE($AG$41:$AH$107,CA$40)=$AG59,$AC59,""),"") | CE59: =IF($AI59,IF(LARGE($AG$41:$AH$107,CE$40)=$AG59,$AC59,""),"") | CI59: =IF($AI59,IF(LARGE($AG$41:$AH$107,CI$40)=$AG59,$AC59,""),"") | CM59: =IF($AI59,IF(LARGE($AG$41:$AH$107,CM$40)=$AG59,$AC59,""),"") | CQ59: =IF($AI59,IF(LARGE($AG$41:$AH$107,CQ$40)=$AG59,$AC59,""),"") | CU59: =IF($AI59,IF(LARGE($AG$41:$AH$107,CU$40)=$AG59,$AC59,""),"") | CY59: =IF($AI59,IF(LARGE($AG$41:$AH$107,CY$40)=$AG59,$AC59,""),"") | DC59: =IF($AI59,IF(LARGE($AG$41:$AH$107,DC$40)=$AG59,$AC59,""),"") | DG59: =IF($AI59,IF(LARGE($AG$41:$AH$107,DG$40)=$AG59,$AC59,""),"") | DK59: =IF($AI59,IF(LARGE($AG$41:$AH$107,DK$40)=$AG59,$AC59,""),"") | DO59: =IF($AI59,IF(LARGE($AG$41:$AH$107,DO$40)=$AG59,$AC59,""),"") | DS59: =IF($AI59,IF(LARGE($AG$41:$AH$107,DS$40)=$AG59,$AC59,""),"") | DW59: =IF($AI59,IF(LARGE($AG$41:$AH$107,DW$40)=$AG59,$AC59,""),"") | EA59: =IF($AI59,IF(LARGE($AG$41:$AH$107,EA$40)=$AG59,$AC59,""),"") | EE59: =IF($AI59,IF(LARGE($AG$41:$AH$107,EE$40)=$AG59,$AC59,""),"") | EI59: =IF($AI59,IF(LARGE($AG$41:$AH$107,EI$40)=$AG59,$AC59,""),"") | EM59: =IF($AI59,IF(LARGE($AG$41:$AH$107,EM$40)=$AG59,$AC59,""),"") | EQ59: =IF($AI59,IF(LARGE($AG$41:$AH$107,EQ$40)=$AG59,$AC59,""),"") | EU59: =IF($AI59,IF(LARGE($AG$41:$AH$107,EU$40)=$AG59,$AC59,""),"") | EY59: =IF($AI59,IF(LARGE($AG$41:$AH$107,EY$40)=$AG59,$AC59,""),"") | FC59: =IF($AI59,IF(LARGE($AG$41:$AH$107,FC$40)=$AG59,$AC59,""),"") | FG59: =IF($AI59,IF(LARGE($AG$41:$AH$107,FG$40)=$AG59,$AC59,""),"") | FK59: =IF($AI59,IF(LARGE($AG$41:$AH$107,FK$40)=$AG59,$AC59,""),"") | FO59: =IF($AI59,IF(LARGE($AG$41:$AH$107,FO$40)=$AG59,$AC59,""),"") | FS59: =IF($AI59,IF(LARGE($AG$41:$AH$107,FS$40)=$AG59,$AC59,""),"") | FW59: =IF($AI59,IF(LARGE($AG$41:$AH$107,FW$40)=$AG59,$AC59,""),"") | GA59: =IF($AI59,IF(LARGE($AG$41:$AH$107,GA$40)=$AG59,$AC59,""),"") | GE59: =IF($AI59,IF(LARGE($AG$41:$AH$107,GE$40)=$AG59,$AC59,""),"") | GI59: =IF($AI59,IF(LARGE($AG$41:$AH$107,GI$40)=$AG59,$AC59,""),"") | GM59: =IF($AI59,IF(LARGE($AG$41:$AH$107,GM$40)=$AG59,$AC59,""),"") | GQ59: =IF($AI59,IF(LARGE($AG$41:$AH$107,GQ$40)=$AG59,$AC59,""),"") | GU59: =IF($AI59,IF(LARGE($AG$41:$AH$107,GU$40)=$AG59,$AC59,""),"") | GY59: =IF($AI59,IF(LARGE($AG$41:$AH$107,GY$40)=$AG59,$AC59,""),"") | HC59: =IF($AI59,IF(LARGE($AG$41:$AH$107,HC$40)=$AG59,$AC59,""),"") | HG59: =IF($AI59,IF(LARGE($AG$41:$AH$107,HG$40)=$AG59,$AC59,""),"") | HK59: =IF($AI59,IF(LARGE($AG$41:$AH$107,HK$40)=$AG59,$AC59,""),"") | HO59: =IF($AI59,IF(LARGE($AG$41:$AH$107,HO$40)=$AG59,$AC59,""),"") | HS59: =IF($AI59,IF(LARGE($AG$41:$AH$107,HS$40)=$AG59,$AC59,""),"") | HW59: =IF($AI59,IF(LARGE($AG$41:$AH$107,HW$40)=$AG59,$AC59,""),"") | IA59: =IF($AI59,IF(LARGE($AG$41:$AH$107,IA$40)=$AG59,$AC59,""),"") | IE59: =IF($AI59,IF(LARGE($AG$41:$AH$107,IE$40)=$AG59,$AC59,""),"") | II59: =IF($AI59,IF(LARGE($AG$41:$AH$107,II$40)=$AG59,$AC59,""),"") | IM59: =IF($AI59,IF(LARGE($AG$41:$AH$107,IM$40)=$AG59,$AC59,""),"") | IQ59: =IF($AI59,IF(LARGE($AG$41:$AH$107,IQ$40)=$AG59,$AC59,""),"") | IU59: =IF($AI59,IF(LARGE($AG$41:$AH$107,IU$40)=$AG59,$AC59,""),"") | IY59: =IF($AI59,IF(LARGE($AG$41:$AH$107,IY$40)=$AG59,$AC59,""),"") | JC59: =IF($AI59,IF(LARGE($AG$41:$AH$107,JC$40)=$AG59,$AC59,""),"") | JG59: =IF($AI59,IF(LARGE($AG$41:$AH$107,JG$40)=$AG59,$AC59,""),"") | JK59: =IF($AI59,IF(LARGE($AG$41:$AH$107,JK$40)=$AG59,$AC59,""),"") | JO59: =IF($AI59,IF(LARGE($AG$41:$AH$107,JO$40)=$AG59,$AC59,""),"") | JS59: =IF($AI59,IF(LARGE($AG$41:$AH$107,JS$40)=$AG59,$AC59,""),"") | JW59: =IF($AI59,IF(LARGE($AG$41:$AH$107,JW$40)=$AG59,$AC59,""),"") | KA59: =IF($AI59,IF(LARGE($AG$41:$AH$107,KA$40)=$AG59,$AC59,""),"") | KE59: =IF($AI59,IF(LARGE($AG$41:$AH$107,KE$40)=$AG59,$AC59,""),"") | KI59: =IF($AI59,IF(LARGE($AG$41:$AH$107,KI$40)=$AG59,$AC59,""),"") | KM59: =IF($AI59,IF(LARGE($AG$41:$AH$107,KM$40)=$AG59,$AC59,""),"") | KQ59: =IF($AI59,IF(LARGE($AG$41:$AH$107,KQ$40)=$AG59,$AC59,""),"")
C60: =IF(F24="","",CONCATENATE(" ",C24,F24,H24)) -> 🔅格斗① | G60: =IF(AND(L24=0,N24=0),"",IF(ISNONTEXT(D24),"",R24)) | I60: =IF(G60=$G$40,C60,"") | M60: =IF(AND(NOT(N24=0),ISNONTEXT(D24)),1,0) -> 0 | P60: =IF(F24="","",CONCATENATE(" ",C24,F24,H24)) -> 🔅格斗① | T60: =IF(AND(L24=0,P24=0),"",IF(ISNONTEXT(D24),R24,"")) | V60: =IF(T60=$T$40,P60,"") | AC60: =IF(F24="","",CONCATENATE(C24,F24,H24)) -> 🔅格斗① | AG60: =R24 -> 0 | AI60: =IF(AND(OR(ISNUMBER(L24),ISNUMBER(N24),ISNUMBER(P24)),OR(L24>0,N24>0,P24>0)),TRUE,FALSE) -> FALSE | AM60: =IF($AI60,IF(LARGE($AG$41:$AH$107,AM$40)=$AG60,$AC60,""),"") | AQ60: =IF($AI60,IF(LARGE($AG$41:$AH$107,AQ$40)=$AG60,$AC60,""),"") | AU60: =IF($AI60,IF(LARGE($AG$41:$AH$107,AU$40)=$AG60,$AC60,""),"") | AY60: =IF($AI60,IF(LARGE($AG$41:$AH$107,AY$40)=$AG60,$AC60,""),"") | BC60: =IF($AI60,IF(LARGE($AG$41:$AH$107,BC$40)=$AG60,$AC60,""),"") | BG60: =IF($AI60,IF(LARGE($AG$41:$AH$107,BG$40)=$AG60,$AC60,""),"") | BK60: =IF($AI60,IF(LARGE($AG$41:$AH$107,BK$40)=$AG60,$AC60,""),"") | BO60: =IF($AI60,IF(LARGE($AG$41:$AH$107,BO$40)=$AG60,$AC60,""),"") | BS60: =IF($AI60,IF(LARGE($AG$41:$AH$107,BS$40)=$AG60,$AC60,""),"") | BW60: =IF($AI60,IF(LARGE($AG$41:$AH$107,BW$40)=$AG60,$AC60,""),"") | CA60: =IF($AI60,IF(LARGE($AG$41:$AH$107,CA$40)=$AG60,$AC60,""),"") | CE60: =IF($AI60,IF(LARGE($AG$41:$AH$107,CE$40)=$AG60,$AC60,""),"") | CI60: =IF($AI60,IF(LARGE($AG$41:$AH$107,CI$40)=$AG60,$AC60,""),"") | CM60: =IF($AI60,IF(LARGE($AG$41:$AH$107,CM$40)=$AG60,$AC60,""),"") | CQ60: =IF($AI60,IF(LARGE($AG$41:$AH$107,CQ$40)=$AG60,$AC60,""),"") | CU60: =IF($AI60,IF(LARGE($AG$41:$AH$107,CU$40)=$AG60,$AC60,""),"") | CY60: =IF($AI60,IF(LARGE($AG$41:$AH$107,CY$40)=$AG60,$AC60,""),"") | DC60: =IF($AI60,IF(LARGE($AG$41:$AH$107,DC$40)=$AG60,$AC60,""),"") | DG60: =IF($AI60,IF(LARGE($AG$41:$AH$107,DG$40)=$AG60,$AC60,""),"") | DK60: =IF($AI60,IF(LARGE($AG$41:$AH$107,DK$40)=$AG60,$AC60,""),"") | DO60: =IF($AI60,IF(LARGE($AG$41:$AH$107,DO$40)=$AG60,$AC60,""),"") | DS60: =IF($AI60,IF(LARGE($AG$41:$AH$107,DS$40)=$AG60,$AC60,""),"") | DW60: =IF($AI60,IF(LARGE($AG$41:$AH$107,DW$40)=$AG60,$AC60,""),"") | EA60: =IF($AI60,IF(LARGE($AG$41:$AH$107,EA$40)=$AG60,$AC60,""),"") | EE60: =IF($AI60,IF(LARGE($AG$41:$AH$107,EE$40)=$AG60,$AC60,""),"") | EI60: =IF($AI60,IF(LARGE($AG$41:$AH$107,EI$40)=$AG60,$AC60,""),"") | EM60: =IF($AI60,IF(LARGE($AG$41:$AH$107,EM$40)=$AG60,$AC60,""),"") | EQ60: =IF($AI60,IF(LARGE($AG$41:$AH$107,EQ$40)=$AG60,$AC60,""),"") | EU60: =IF($AI60,IF(LARGE($AG$41:$AH$107,EU$40)=$AG60,$AC60,""),"") | EY60: =IF($AI60,IF(LARGE($AG$41:$AH$107,EY$40)=$AG60,$AC60,""),"") | FC60: =IF($AI60,IF(LARGE($AG$41:$AH$107,FC$40)=$AG60,$AC60,""),"") | FG60: =IF($AI60,IF(LARGE($AG$41:$AH$107,FG$40)=$AG60,$AC60,""),"") | FK60: =IF($AI60,IF(LARGE($AG$41:$AH$107,FK$40)=$AG60,$AC60,""),"") | FO60: =IF($AI60,IF(LARGE($AG$41:$AH$107,FO$40)=$AG60,$AC60,""),"") | FS60: =IF($AI60,IF(LARGE($AG$41:$AH$107,FS$40)=$AG60,$AC60,""),"") | FW60: =IF($AI60,IF(LARGE($AG$41:$AH$107,FW$40)=$AG60,$AC60,""),"") | GA60: =IF($AI60,IF(LARGE($AG$41:$AH$107,GA$40)=$AG60,$AC60,""),"") | GE60: =IF($AI60,IF(LARGE($AG$41:$AH$107,GE$40)=$AG60,$AC60,""),"") | GI60: =IF($AI60,IF(LARGE($AG$41:$AH$107,GI$40)=$AG60,$AC60,""),"") | GM60: =IF($AI60,IF(LARGE($AG$41:$AH$107,GM$40)=$AG60,$AC60,""),"") | GQ60: =IF($AI60,IF(LARGE($AG$41:$AH$107,GQ$40)=$AG60,$AC60,""),"") | GU60: =IF($AI60,IF(LARGE($AG$41:$AH$107,GU$40)=$AG60,$AC60,""),"") | GY60: =IF($AI60,IF(LARGE($AG$41:$AH$107,GY$40)=$AG60,$AC60,""),"") | HC60: =IF($AI60,IF(LARGE($AG$41:$AH$107,HC$40)=$AG60,$AC60,""),"") | HG60: =IF($AI60,IF(LARGE($AG$41:$AH$107,HG$40)=$AG60,$AC60,""),"") | HK60: =IF($AI60,IF(LARGE($AG$41:$AH$107,HK$40)=$AG60,$AC60,""),"") | HO60: =IF($AI60,IF(LARGE($AG$41:$AH$107,HO$40)=$AG60,$AC60,""),"") | HS60: =IF($AI60,IF(LARGE($AG$41:$AH$107,HS$40)=$AG60,$AC60,""),"") | HW60: =IF($AI60,IF(LARGE($AG$41:$AH$107,HW$40)=$AG60,$AC60,""),"") | IA60: =IF($AI60,IF(LARGE($AG$41:$AH$107,IA$40)=$AG60,$AC60,""),"") | IE60: =IF($AI60,IF(LARGE($AG$41:$AH$107,IE$40)=$AG60,$AC60,""),"") | II60: =IF($AI60,IF(LARGE($AG$41:$AH$107,II$40)=$AG60,$AC60,""),"") | IM60: =IF($AI60,IF(LARGE($AG$41:$AH$107,IM$40)=$AG60,$AC60,""),"") | IQ60: =IF($AI60,IF(LARGE($AG$41:$AH$107,IQ$40)=$AG60,$AC60,""),"") | IU60: =IF($AI60,IF(LARGE($AG$41:$AH$107,IU$40)=$AG60,$AC60,""),"") | IY60: =IF($AI60,IF(LARGE($AG$41:$AH$107,IY$40)=$AG60,$AC60,""),"") | JC60: =IF($AI60,IF(LARGE($AG$41:$AH$107,JC$40)=$AG60,$AC60,""),"") | JG60: =IF($AI60,IF(LARGE($AG$41:$AH$107,JG$40)=$AG60,$AC60,""),"") | JK60: =IF($AI60,IF(LARGE($AG$41:$AH$107,JK$40)=$AG60,$AC60,""),"") | JO60: =IF($AI60,IF(LARGE($AG$41:$AH$107,JO$40)=$AG60,$AC60,""),"") | JS60: =IF($AI60,IF(LARGE($AG$41:$AH$107,JS$40)=$AG60,$AC60,""),"") | JW60: =IF($AI60,IF(LARGE($AG$41:$AH$107,JW$40)=$AG60,$AC60,""),"") | KA60: =IF($AI60,IF(LARGE($AG$41:$AH$107,KA$40)=$AG60,$AC60,""),"") | KE60: =IF($AI60,IF(LARGE($AG$41:$AH$107,KE$40)=$AG60,$AC60,""),"") | KI60: =IF($AI60,IF(LARGE($AG$41:$AH$107,KI$40)=$AG60,$AC60,""),"") | KM60: =IF($AI60,IF(LARGE($AG$41:$AH$107,KM$40)=$AG60,$AC60,""),"") | KQ60: =IF($AI60,IF(LARGE($AG$41:$AH$107,KQ$40)=$AG60,$AC60,""),"")
C61: =IF(F25="","",CONCATENATE(" ",C25,F25,H25)) -> 🔅格斗② | G61: =IF(AND(L25=0,N25=0),"",IF(ISNONTEXT(D25),"",R25)) | I61: =IF(G61=$G$40,C61,"") | M61: =IF(AND(NOT(N25=0),ISNONTEXT(D25)),1,0) -> 0 | P61: =IF(F25="","",CONCATENATE(" ",C25,F25,H25)) -> 🔅格斗② | T61: =IF(AND(L25=0,P25=0),"",IF(ISNONTEXT(D25),R25,"")) | V61: =IF(T61=$T$40,P61,"") | AC61: =IF(F25="","",CONCATENATE(C25,F25,H25)) -> 🔅格斗② | AG61: =R25 -> 0 | AI61: =IF(AND(OR(ISNUMBER(L25),ISNUMBER(N25),ISNUMBER(P25)),OR(L25>0,N25>0,P25>0)),TRUE,FALSE) -> FALSE | AM61: =IF($AI61,IF(LARGE($AG$41:$AH$107,AM$40)=$AG61,$AC61,""),"") | AQ61: =IF($AI61,IF(LARGE($AG$41:$AH$107,AQ$40)=$AG61,$AC61,""),"") | AU61: =IF($AI61,IF(LARGE($AG$41:$AH$107,AU$40)=$AG61,$AC61,""),"") | AY61: =IF($AI61,IF(LARGE($AG$41:$AH$107,AY$40)=$AG61,$AC61,""),"") | BC61: =IF($AI61,IF(LARGE($AG$41:$AH$107,BC$40)=$AG61,$AC61,""),"") | BG61: =IF($AI61,IF(LARGE($AG$41:$AH$107,BG$40)=$AG61,$AC61,""),"") | BK61: =IF($AI61,IF(LARGE($AG$41:$AH$107,BK$40)=$AG61,$AC61,""),"") | BO61: =IF($AI61,IF(LARGE($AG$41:$AH$107,BO$40)=$AG61,$AC61,""),"") | BS61: =IF($AI61,IF(LARGE($AG$41:$AH$107,BS$40)=$AG61,$AC61,""),"") | BW61: =IF($AI61,IF(LARGE($AG$41:$AH$107,BW$40)=$AG61,$AC61,""),"") | CA61: =IF($AI61,IF(LARGE($AG$41:$AH$107,CA$40)=$AG61,$AC61,""),"") | CE61: =IF($AI61,IF(LARGE($AG$41:$AH$107,CE$40)=$AG61,$AC61,""),"") | CI61: =IF($AI61,IF(LARGE($AG$41:$AH$107,CI$40)=$AG61,$AC61,""),"") | CM61: =IF($AI61,IF(LARGE($AG$41:$AH$107,CM$40)=$AG61,$AC61,""),"") | CQ61: =IF($AI61,IF(LARGE($AG$41:$AH$107,CQ$40)=$AG61,$AC61,""),"") | CU61: =IF($AI61,IF(LARGE($AG$41:$AH$107,CU$40)=$AG61,$AC61,""),"") | CY61: =IF($AI61,IF(LARGE($AG$41:$AH$107,CY$40)=$AG61,$AC61,""),"") | DC61: =IF($AI61,IF(LARGE($AG$41:$AH$107,DC$40)=$AG61,$AC61,""),"") | DG61: =IF($AI61,IF(LARGE($AG$41:$AH$107,DG$40)=$AG61,$AC61,""),"") | DK61: =IF($AI61,IF(LARGE($AG$41:$AH$107,DK$40)=$AG61,$AC61,""),"") | DO61: =IF($AI61,IF(LARGE($AG$41:$AH$107,DO$40)=$AG61,$AC61,""),"") | DS61: =IF($AI61,IF(LARGE($AG$41:$AH$107,DS$40)=$AG61,$AC61,""),"") | DW61: =IF($AI61,IF(LARGE($AG$41:$AH$107,DW$40)=$AG61,$AC61,""),"") | EA61: =IF($AI61,IF(LARGE($AG$41:$AH$107,EA$40)=$AG61,$AC61,""),"") | EE61: =IF($AI61,IF(LARGE($AG$41:$AH$107,EE$40)=$AG61,$AC61,""),"") | EI61: =IF($AI61,IF(LARGE($AG$41:$AH$107,EI$40)=$AG61,$AC61,""),"") | EM61: =IF($AI61,IF(LARGE($AG$41:$AH$107,EM$40)=$AG61,$AC61,""),"") | EQ61: =IF($AI61,IF(LARGE($AG$41:$AH$107,EQ$40)=$AG61,$AC61,""),"") | EU61: =IF($AI61,IF(LARGE($AG$41:$AH$107,EU$40)=$AG61,$AC61,""),"") | EY61: =IF($AI61,IF(LARGE($AG$41:$AH$107,EY$40)=$AG61,$AC61,""),"") | FC61: =IF($AI61,IF(LARGE($AG$41:$AH$107,FC$40)=$AG61,$AC61,""),"") | FG61: =IF($AI61,IF(LARGE($AG$41:$AH$107,FG$40)=$AG61,$AC61,""),"") | FK61: =IF($AI61,IF(LARGE($AG$41:$AH$107,FK$40)=$AG61,$AC61,""),"") | FO61: =IF($AI61,IF(LARGE($AG$41:$AH$107,FO$40)=$AG61,$AC61,""),"") | FS61: =IF($AI61,IF(LARGE($AG$41:$AH$107,FS$40)=$AG61,$AC61,""),"") | FW61: =IF($AI61,IF(LARGE($AG$41:$AH$107,FW$40)=$AG61,$AC61,""),"") | GA61: =IF($AI61,IF(LARGE($AG$41:$AH$107,GA$40)=$AG61,$AC61,""),"") | GE61: =IF($AI61,IF(LARGE($AG$41:$AH$107,GE$40)=$AG61,$AC61,""),"") | GI61: =IF($AI61,IF(LARGE($AG$41:$AH$107,GI$40)=$AG61,$AC61,""),"") | GM61: =IF($AI61,IF(LARGE($AG$41:$AH$107,GM$40)=$AG61,$AC61,""),"") | GQ61: =IF($AI61,IF(LARGE($AG$41:$AH$107,GQ$40)=$AG61,$AC61,""),"") | GU61: =IF($AI61,IF(LARGE($AG$41:$AH$107,GU$40)=$AG61,$AC61,""),"") | GY61: =IF($AI61,IF(LARGE($AG$41:$AH$107,GY$40)=$AG61,$AC61,""),"") | HC61: =IF($AI61,IF(LARGE($AG$41:$AH$107,HC$40)=$AG61,$AC61,""),"") | HG61: =IF($AI61,IF(LARGE($AG$41:$AH$107,HG$40)=$AG61,$AC61,""),"") | HK61: =IF($AI61,IF(LARGE($AG$41:$AH$107,HK$40)=$AG61,$AC61,""),"") | HO61: =IF($AI61,IF(LARGE($AG$41:$AH$107,HO$40)=$AG61,$AC61,""),"") | HS61: =IF($AI61,IF(LARGE($AG$41:$AH$107,HS$40)=$AG61,$AC61,""),"") | HW61: =IF($AI61,IF(LARGE($AG$41:$AH$107,HW$40)=$AG61,$AC61,""),"") | IA61: =IF($AI61,IF(LARGE($AG$41:$AH$107,IA$40)=$AG61,$AC61,""),"") | IE61: =IF($AI61,IF(LARGE($AG$41:$AH$107,IE$40)=$AG61,$AC61,""),"") | II61: =IF($AI61,IF(LARGE($AG$41:$AH$107,II$40)=$AG61,$AC61,""),"") | IM61: =IF($AI61,IF(LARGE($AG$41:$AH$107,IM$40)=$AG61,$AC61,""),"") | IQ61: =IF($AI61,IF(LARGE($AG$41:$AH$107,IQ$40)=$AG61,$AC61,""),"") | IU61: =IF($AI61,IF(LARGE($AG$41:$AH$107,IU$40)=$AG61,$AC61,""),"") | IY61: =IF($AI61,IF(LARGE($AG$41:$AH$107,IY$40)=$AG61,$AC61,""),"") | JC61: =IF($AI61,IF(LARGE($AG$41:$AH$107,JC$40)=$AG61,$AC61,""),"") | JG61: =IF($AI61,IF(LARGE($AG$41:$AH$107,JG$40)=$AG61,$AC61,""),"") | JK61: =IF($AI61,IF(LARGE($AG$41:$AH$107,JK$40)=$AG61,$AC61,""),"") | JO61: =IF($AI61,IF(LARGE($AG$41:$AH$107,JO$40)=$AG61,$AC61,""),"") | JS61: =IF($AI61,IF(LARGE($AG$41:$AH$107,JS$40)=$AG61,$AC61,""),"") | JW61: =IF($AI61,IF(LARGE($AG$41:$AH$107,JW$40)=$AG61,$AC61,""),"") | KA61: =IF($AI61,IF(LARGE($AG$41:$AH$107,KA$40)=$AG61,$AC61,""),"") | KE61: =IF($AI61,IF(LARGE($AG$41:$AH$107,KE$40)=$AG61,$AC61,""),"") | KI61: =IF($AI61,IF(LARGE($AG$41:$AH$107,KI$40)=$AG61,$AC61,""),"") | KM61: =IF($AI61,IF(LARGE($AG$41:$AH$107,KM$40)=$AG61,$AC61,""),"") | KQ61: =IF($AI61,IF(LARGE($AG$41:$AH$107,KQ$40)=$AG61,$AC61,""),"")
C62: =IF(F26="","",CONCATENATE(" ",C26,F26,H26)) -> 🔅格斗③ | G62: =IF(AND(L26=0,N26=0),"",IF(ISNONTEXT(D26),"",R26)) | I62: =IF(G62=$G$40,C62,"") | M62: =IF(AND(NOT(N26=0),ISNONTEXT(D26)),1,0) -> 0 | P62: =IF(F26="","",CONCATENATE(" ",C26,F26,H26)) -> 🔅格斗③ | T62: =IF(AND(L26=0,P26=0),"",IF(ISNONTEXT(D26),R26,"")) | V62: =IF(T62=$T$40,P62,"") | AC62: =IF(F26="","",CONCATENATE(C26,F26,H26)) -> 🔅格斗③ | AG62: =R26 -> 0 | AI62: =IF(AND(OR(ISNUMBER(L26),ISNUMBER(N26),ISNUMBER(P26)),OR(L26>0,N26>0,P26>0)),TRUE,FALSE) -> FALSE | AM62: =IF($AI62,IF(LARGE($AG$41:$AH$107,AM$40)=$AG62,$AC62,""),"") | AQ62: =IF($AI62,IF(LARGE($AG$41:$AH$107,AQ$40)=$AG62,$AC62,""),"") | AU62: =IF($AI62,IF(LARGE($AG$41:$AH$107,AU$40)=$AG62,$AC62,""),"") | AY62: =IF($AI62,IF(LARGE($AG$41:$AH$107,AY$40)=$AG62,$AC62,""),"") | BC62: =IF($AI62,IF(LARGE($AG$41:$AH$107,BC$40)=$AG62,$AC62,""),"") | BG62: =IF($AI62,IF(LARGE($AG$41:$AH$107,BG$40)=$AG62,$AC62,""),"") | BK62: =IF($AI62,IF(LARGE($AG$41:$AH$107,BK$40)=$AG62,$AC62,""),"") | BO62: =IF($AI62,IF(LARGE($AG$41:$AH$107,BO$40)=$AG62,$AC62,""),"") | BS62: =IF($AI62,IF(LARGE($AG$41:$AH$107,BS$40)=$AG62,$AC62,""),"") | BW62: =IF($AI62,IF(LARGE($AG$41:$AH$107,BW$40)=$AG62,$AC62,""),"") | CA62: =IF($AI62,IF(LARGE($AG$41:$AH$107,CA$40)=$AG62,$AC62,""),"") | CE62: =IF($AI62,IF(LARGE($AG$41:$AH$107,CE$40)=$AG62,$AC62,""),"") | CI62: =IF($AI62,IF(LARGE($AG$41:$AH$107,CI$40)=$AG62,$AC62,""),"") | CM62: =IF($AI62,IF(LARGE($AG$41:$AH$107,CM$40)=$AG62,$AC62,""),"") | CQ62: =IF($AI62,IF(LARGE($AG$41:$AH$107,CQ$40)=$AG62,$AC62,""),"") | CU62: =IF($AI62,IF(LARGE($AG$41:$AH$107,CU$40)=$AG62,$AC62,""),"") | CY62: =IF($AI62,IF(LARGE($AG$41:$AH$107,CY$40)=$AG62,$AC62,""),"") | DC62: =IF($AI62,IF(LARGE($AG$41:$AH$107,DC$40)=$AG62,$AC62,""),"") | DG62: =IF($AI62,IF(LARGE($AG$41:$AH$107,DG$40)=$AG62,$AC62,""),"") | DK62: =IF($AI62,IF(LARGE($AG$41:$AH$107,DK$40)=$AG62,$AC62,""),"") | DO62: =IF($AI62,IF(LARGE($AG$41:$AH$107,DO$40)=$AG62,$AC62,""),"") | DS62: =IF($AI62,IF(LARGE($AG$41:$AH$107,DS$40)=$AG62,$AC62,""),"") | DW62: =IF($AI62,IF(LARGE($AG$41:$AH$107,DW$40)=$AG62,$AC62,""),"") | EA62: =IF($AI62,IF(LARGE($AG$41:$AH$107,EA$40)=$AG62,$AC62,""),"") | EE62: =IF($AI62,IF(LARGE($AG$41:$AH$107,EE$40)=$AG62,$AC62,""),"") | EI62: =IF($AI62,IF(LARGE($AG$41:$AH$107,EI$40)=$AG62,$AC62,""),"") | EM62: =IF($AI62,IF(LARGE($AG$41:$AH$107,EM$40)=$AG62,$AC62,""),"") | EQ62: =IF($AI62,IF(LARGE($AG$41:$AH$107,EQ$40)=$AG62,$AC62,""),"") | EU62: =IF($AI62,IF(LARGE($AG$41:$AH$107,EU$40)=$AG62,$AC62,""),"") | EY62: =IF($AI62,IF(LARGE($AG$41:$AH$107,EY$40)=$AG62,$AC62,""),"") | FC62: =IF($AI62,IF(LARGE($AG$41:$AH$107,FC$40)=$AG62,$AC62,""),"") | FG62: =IF($AI62,IF(LARGE($AG$41:$AH$107,FG$40)=$AG62,$AC62,""),"") | FK62: =IF($AI62,IF(LARGE($AG$41:$AH$107,FK$40)=$AG62,$AC62,""),"") | FO62: =IF($AI62,IF(LARGE($AG$41:$AH$107,FO$40)=$AG62,$AC62,""),"") | FS62: =IF($AI62,IF(LARGE($AG$41:$AH$107,FS$40)=$AG62,$AC62,""),"") | FW62: =IF($AI62,IF(LARGE($AG$41:$AH$107,FW$40)=$AG62,$AC62,""),"") | GA62: =IF($AI62,IF(LARGE($AG$41:$AH$107,GA$40)=$AG62,$AC62,""),"") | GE62: =IF($AI62,IF(LARGE($AG$41:$AH$107,GE$40)=$AG62,$AC62,""),"") | GI62: =IF($AI62,IF(LARGE($AG$41:$AH$107,GI$40)=$AG62,$AC62,""),"") | GM62: =IF($AI62,IF(LARGE($AG$41:$AH$107,GM$40)=$AG62,$AC62,""),"") | GQ62: =IF($AI62,IF(LARGE($AG$41:$AH$107,GQ$40)=$AG62,$AC62,""),"") | GU62: =IF($AI62,IF(LARGE($AG$41:$AH$107,GU$40)=$AG62,$AC62,""),"") | GY62: =IF($AI62,IF(LARGE($AG$41:$AH$107,GY$40)=$AG62,$AC62,""),"") | HC62: =IF($AI62,IF(LARGE($AG$41:$AH$107,HC$40)=$AG62,$AC62,""),"") | HG62: =IF($AI62,IF(LARGE($AG$41:$AH$107,HG$40)=$AG62,$AC62,""),"") | HK62: =IF($AI62,IF(LARGE($AG$41:$AH$107,HK$40)=$AG62,$AC62,""),"") | HO62: =IF($AI62,IF(LARGE($AG$41:$AH$107,HO$40)=$AG62,$AC62,""),"") | HS62: =IF($AI62,IF(LARGE($AG$41:$AH$107,HS$40)=$AG62,$AC62,""),"") | HW62: =IF($AI62,IF(LARGE($AG$41:$AH$107,HW$40)=$AG62,$AC62,""),"") | IA62: =IF($AI62,IF(LARGE($AG$41:$AH$107,IA$40)=$AG62,$AC62,""),"") | IE62: =IF($AI62,IF(LARGE($AG$41:$AH$107,IE$40)=$AG62,$AC62,""),"") | II62: =IF($AI62,IF(LARGE($AG$41:$AH$107,II$40)=$AG62,$AC62,""),"") | IM62: =IF($AI62,IF(LARGE($AG$41:$AH$107,IM$40)=$AG62,$AC62,""),"") | IQ62: =IF($AI62,IF(LARGE($AG$41:$AH$107,IQ$40)=$AG62,$AC62,""),"") | IU62: =IF($AI62,IF(LARGE($AG$41:$AH$107,IU$40)=$AG62,$AC62,""),"") | IY62: =IF($AI62,IF(LARGE($AG$41:$AH$107,IY$40)=$AG62,$AC62,""),"") | JC62: =IF($AI62,IF(LARGE($AG$41:$AH$107,JC$40)=$AG62,$AC62,""),"") | JG62: =IF($AI62,IF(LARGE($AG$41:$AH$107,JG$40)=$AG62,$AC62,""),"") | JK62: =IF($AI62,IF(LARGE($AG$41:$AH$107,JK$40)=$AG62,$AC62,""),"") | JO62: =IF($AI62,IF(LARGE($AG$41:$AH$107,JO$40)=$AG62,$AC62,""),"") | JS62: =IF($AI62,IF(LARGE($AG$41:$AH$107,JS$40)=$AG62,$AC62,""),"") | JW62: =IF($AI62,IF(LARGE($AG$41:$AH$107,JW$40)=$AG62,$AC62,""),"") | KA62: =IF($AI62,IF(LARGE($AG$41:$AH$107,KA$40)=$AG62,$AC62,""),"") | KE62: =IF($AI62,IF(LARGE($AG$41:$AH$107,KE$40)=$AG62,$AC62,""),"") | KI62: =IF($AI62,IF(LARGE($AG$41:$AH$107,KI$40)=$AG62,$AC62,""),"") | KM62: =IF($AI62,IF(LARGE($AG$41:$AH$107,KM$40)=$AG62,$AC62,""),"") | KQ62: =IF($AI62,IF(LARGE($AG$41:$AH$107,KQ$40)=$AG62,$AC62,""),"")
